Workbook
Name _xlfn_ANCHORARRAY: NA()
Name Área_impressão_IM: NA()
Name Área_impressão_IM: NA()
Name DESONERACAO: IF(OR(import_desoneracao="DESONERADO",import_desoneracao="SIM"),"SIM","NÃO")
Name Excel_BuiltIn__FilterDatabase: NA()
Name Excel_BuiltIn__FilterDatabase: NA()
Name Excel_BuiltIn__FilterDatabase: NA()
Name Excel_BuiltIn_Database: NA()
Name Excel_BuiltIn_Database: NA()
Name Excel_BuiltIn_Print_Area: NA()
Name Excel_BuiltIn_Print_Area: NA()
Name Excel_BuiltIn_Print_Area: NA()
Name Excel_BuiltIn_Print_Area: NA()
Name Excel_BuiltIn_Print_Area: NA()
Name Excel_BuiltIn_Print_Titles: NA()
Name Excel_BuiltIn_Print_Titles: NA()
Name Excel_BuiltIn_Print_Titles: NA()
Name OAE_MAR94: NA()
Name OAE_MAR94: NA()
Name PAV_MAR94: NA()
Name PAV_MAR94: NA()
Name SUP_MAR94: NA()
Name SUP_MAR94: NA()
Name TER_MAR94: NA()
Name TER_MAR94: NA()
Name URV_MAR94: NA()
Name URV_MAR94: NA()

Sheet CDHU 186
C1: COMPANHIA DE DESENVOLVIMENTO HABITACIONAL E URBANO
A2: DO ESTADO DE SÃO PAULO
A3: BOLETIM REFERENCIAL DE CUSTOS - TABELA DE SERVIÇOS
A4: COM DESONERAÇÃO
G5: Versão 186
F6: Data Base: | G6: MAIO/22
D7: BDI : | E7: 0 | F7: L.S.: | G7: 0.9778
A8: Referência | C8: Descrição | D8: Un | E8: Material | F8: Mão de Obra | G8: Custo Total
A9: 01 | C9: SERVICO TECNICO ESPECIALIZADO | H9: =LEN(A9) -> 2
A10: 01.02 | C10: Parecer técnico | H10: =LEN(A10) -> 5
A11: 01.02.071 | C11: Parecer técnico de fundações, contenções e recomendações gerais, para empreendimentos com área construída até 1.000 m² | D11: UN | F11: 5388.88 | G11: 5388.88 | H11: =LEN(A11) -> 9
A12: 01.02.081 | C12: Parecer técnico de fundações, contenções e recomendações gerais, para empreendimentos com área construída de 1.001 a 2.000 m² | D12: UN | F12: 7166.17 | G12: 7166.17 | H12: =LEN(A12) -> 9
A13: 01.02.091 | C13: Parecer técnico de fundações, contenções e recomendações gerais, para empreendimentos com área construída de 2.001 a 5.000 m² | D13: UN | F13: 12241.41 | G13: 12241.41 | H13: =LEN(A13) -> 9
A14: 01.02.101 | C14: Parecer técnico de fundações, contenções e recomendações gerais, para empreendimentos com área construída de 5.001 a 10.000 m² | D14: UN | F14: 16784.41 | G14: 16784.41 | H14: =LEN(A14) -> 9
A15: 01.02.111 | C15: Parecer técnico de fundações, contenções e recomendações gerais, para empreendimentos com área construída acima de 10.000 m² | D15: UN | F15: 19559.64 | G15: 19559.64 | H15: =LEN(A15) -> 9
A16: 01.06 | C16: Projeto de instalações elétricas | H16: =LEN(A16) -> 5
A17: 01.06.021 | C17: Elaboração de projeto de adequação de entrada de energia elétrica junto a concessionária, com medição em baixa tensão e demanda até 75 kVA | D17: UN | F17: 6882.8 | G17: 6882.8 | H17: =LEN(A17) -> 9
A18: 01.06.031 | C18: Elaboração de projeto de adequação de entrada de energia elétrica junto a concessionária, com medição em média tensão, subestação simplificada e demanda de 75 kVA a 300 kVA | D18: UN | F18: 11658.08 | G18: 11658.08 | H18: =LEN(A18) -> 9
A19: 01.06.032 | C19: Elaboração de projeto de adequação de entrada de energia elétrica junto a concessionária, com medição em média tensão e demanda de 75 kVA a 300 kVA | D19: UN | F19: 15775.6 | G19: 15775.6 | H19: =LEN(A19) -> 9
A20: 01.06.041 | C20: Elaboração de projeto de adequação de entrada de energia elétrica junto a concessionária, com medição em média tensão e demanda acima de 300 kVA a 2 MVA | D20: UN | F20: 20983.4 | G20: 20983.4 | H20: =LEN(A20) -> 9
A21: 01.17 | C21: Projeto executivo | H21: =LEN(A21) -> 5
A22: 01.17.031 | C22: Projeto executivo de arquitetura em formato A1 | D22: UN | F22: 2711.35 | G22: 2711.35 | H22: =LEN(A22) -> 9
A23: 01.17.041 | C23: Projeto executivo de arquitetura em formato A0 | D23: UN | F23: 3665.44 | G23: 3665.44 | H23: =LEN(A23) -> 9
A24: 01.17.051 | C24: Projeto executivo de estrutura em formato A1 | D24: UN | F24: 1988.49 | G24: 1988.49 | H24: =LEN(A24) -> 9
A25: 01.17.061 | C25: Projeto executivo de estrutura em formato A0 | D25: UN | F25: 2720.63 | G25: 2720.63 | H25: =LEN(A25) -> 9
A26: 01.17.071 | C26: Projeto executivo de instalações hidráulicas em formato A1 | D26: UN | F26: 853.67 | G26: 853.67 | H26: =LEN(A26) -> 9
A27: 01.17.081 | C27: Projeto executivo de instalações hidráulicas em formato A0 | D27: UN | F27: 1136.33 | G27: 1136.33 | H27: =LEN(A27) -> 9
A28: 01.17.111 | C28: Projeto executivo de instalações elétricas em formato A1 | D28: UN | F28: 947.94 | G28: 947.94 | H28: =LEN(A28) -> 9
A29: 01.17.121 | C29: Projeto executivo de instalações elétricas em formato A0 | D29: UN | F29: 1314.36 | G29: 1314.36 | H29: =LEN(A29) -> 9
A30: 01.17.151 | C30: Projeto executivo de climatização em formato A1 | D30: UN | F30: 1824.62 | G30: 1824.62 | H30: =LEN(A30) -> 9
A31: 01.17.161 | C31: Projeto executivo de climatização em formato A0 | D31: UN | F31: 2487.16 | G31: 2487.16 | H31: =LEN(A31) -> 9
A32: 01.17.171 | C32: Projeto executivo de chuveiros automáticos em formato A1 | D32: UN | F32: 1575.18 | G32: 1575.18 | H32: =LEN(A32) -> 9
A33: 01.17.181 | C33: Projeto executivo de chuveiros automáticos em formato A0 | D33: UN | F33: 2035.97 | G33: 2035.97 | H33: =LEN(A33) -> 9
A34: 01.20 | C34: Levantamento topográfico e geofísico | H34: =LEN(A34) -> 5
A35: 01.20.010 | C35: Taxa de mobilização e desmobilização de equipamentos para execução de levantamento topográfico | D35: TX | E35: 1166.17 | G35: 1166.17 | H35: =LEN(A35) -> 9
A36: 01.20.280 | C36: Levantamento planimétrico de área pavimentada para veículo e pedestre | D36: M2 | E36: 0.04 | F36: 0.13 | G36: 0.17 | H36: =LEN(A36) -> 9
A37: 01.20.691 | C37: Levantamento planimétrico cadastral com áreas ocupadas predominantemente por comunidades - área até 20.000 m² (mínimo de 3.500 m²) | D37: M2 | E37: 0.49 | F37: 0.44 | G37: 0.93 | H37: =LEN(A37) -> 9
A38: 01.20.701 | C38: Levantamento planimétrico cadastral com áreas ocupadas predominantemente por comunidades - área acima de 20.000 m² até 200.000 m² | D38: M2 | E38: 0.38 | F38: 0.35 | G38: 0.73 | H38: =LEN(A38) -> 9
A39: 01.20.711 | C39: Levantamento planimétrico cadastral com áreas ocupadas predominantemente por comunidades - área acima de 200.000 m² | D39: M2 | E39: 0.32 | F39: 0.28 | G39: 0.6 | H39: =LEN(A39) -> 9
A40: 01.20.721 | C40: Levantamento planimétrico cadastral com áreas até 50% de ocupação - área até 20.000 m² (mínimo de 3.500 m²) | D40: M2 | E40: 0.43 | F40: 0.38 | G40: 0.81 | H40: =LEN(A40) -> 9
A41: 01.20.731 | C41: Levantamento planimétrico cadastral com áreas até 50% de ocupação - área acima de 20.000 m² até 200.000 m² | D41: M2 | E41: 0.2 | F41: 0.43 | G41: 0.63 | H41: =LEN(A41) -> 9
A42: 01.20.741 | C42: Levantamento planimétrico cadastral com áreas até 50% de ocupação - área acima de 200.000 m² | D42: M2 | E42: 0.27 | F42: 0.24 | G42: 0.51 | H42: =LEN(A42) -> 9
A43: 01.20.751 | C43: Levantamento planimétrico cadastral com áreas acima de 50% de ocupação - área até 20.000 m² (mínimo de 4.000 m²) | D43: M2 | E43: 0.37 | F43: 0.35 | G43: 0.72 | H43: =LEN(A43) -> 9
A44: 01.20.761 | C44: Levantamento planimétrico cadastral com áreas acima de 50% de ocupação - área acima de 20.000 m² até 200.000 m² | D44: M2 | E44: 0.33 | F44: 0.29 | G44: 0.62 | H44: =LEN(A44) -> 9
A45: 01.20.771 | C45: Levantamento planimétrico cadastral com áreas acima de 50% de ocupação - área acima de 200.000 m² | D45: M2 | E45: 0.32 | F45: 0.28 | G45: 0.6 | H45: =LEN(A45) -> 9
A46: 01.20.781 | C46: Levantamento planialtimétrico cadastral com áreas ocupadas predominantemente por comunidades - área até 20.000 m² (mínimo de 3.500 m²) | D46: M2 | E46: 0.52 | F46: 0.46 | G46: 0.98 | H46: =LEN(A46) -> 9
A47: 01.20.791 | C47: Levantamento planialtimétrico cadastral com áreas ocupadas predominantemente por comunidades - área acima de 20.000 m² até 200.000 m² | D47: M2 | E47: 0.41 | F47: 0.37 | G47: 0.78 | H47: =LEN(A47) -> 9
... A60: 01.20.921 | C60: Implantação de marcos através de levantamento com GPS (mínimo de 3 marcos) | D60: UN | E60: 825.01 | F60: 383.82 | G60: 1208.83 | H60: =LEN(A60) -> 9
A61: 01.21 | C61: Estudo geotecnico (sondagem) | H61: =LEN(A61) -> 5
A62: 01.21.010 | C62: Taxa de mobilização e desmobilização de equipamentos para execução de sondagem | D62: TX | E62: 1128.53 | G62: 1128.53 | H62: =LEN(A62) -> 9
A63: 01.21.090 | C63: Taxa de mobilização e desmobilização de equipamentos para execução de sondagem rotativa | D63: TX | E63: 6356.01 | G63: 6356.01 | H63: =LEN(A63) -> 9
A64: 01.21.100 | C64: Sondagem do terreno a trado | D64: M | E64: 80.96 | G64: 80.96 | H64: =LEN(A64) -> 9
A65: 01.21.110 | C65: Sondagem do terreno à percussão (mínimo de 30 m) | D65: M | E65: 89.97 | G65: 89.97 | H65: =LEN(A65) -> 9
A66: 01.21.120 | C66: Sondagem do terreno rotativa em solo | D66: M | E66: 341.33 | G66: 341.33 | H66: =LEN(A66) -> 9
A67: 01.21.130 | C67: Sondagem do terreno rotativa em rocha | D67: M | E67: 599.49 | G67: 599.49 | H67: =LEN(A67) -> 9
A68: 01.21.140 | C68: Sondagem do terreno à percussão com a utilização de torquímetro (mínimo de 30 m) | D68: M | E68: 83.12 | G68: 83.12 | H68: =LEN(A68) -> 9
A69: 01.23 | C69: Tratamento, recuperação e trabalhos especiais em concreto | H69: =LEN(A69) -> 5
A70: 01.23.010 | C70: Taxa de mobilização e desmobilização de equipamentos para execução de corte em concreto armado | D70: TX | E70: 323.62 | G70: 323.62 | H70: =LEN(A70) -> 9
A71: 01.23.020 | C71: Limpeza de armadura com escova de aço | D71: M2 | E71: 2.84 | F71: 5.06 | G71: 7.9 | H71: =LEN(A71) -> 9
A72: 01.23.030 | C72: Preparo de ponte de aderência com adesivo a base de epóxi | D72: M2 | E72: 117.82 | F72: 37.4 | G72: 155.22 | H72: =LEN(A72) -> 9
A73: 01.23.056 | C73: Tratamento de armadura com produto anticorrosivo a base de zinco | D73: M2 | E73: 24.4 | F73: 35.67 | G73: 60.07 | H73: =LEN(A73) -> 9
A74: 01.23.060 | C74: Corte de concreto deteriorado inclusive remoção dos detritos | D74: M2 | F74: 25.31 | G74: 25.31 | H74: =LEN(A74) -> 9
A75: 01.23.070 | C75: Demarcação de área com disco de corte diamantado | D75: M | E75: 1.03 | F75: 3.74 | G75: 4.77 | H75: =LEN(A75) -> 9
A76: 01.23.100 | C76: Demolição de concreto armado com preservação de armadura, para reforço e recuperação estrutural | D76: M3 | F76: 381.94 | G76: 381.94 | H76: =LEN(A76) -> 9
A77: 01.23.140 | C77: Furação de 1 1/4´ em concreto armado | D77: M | E77: 192.15 | G77: 192.15 | H77: =LEN(A77) -> 9
A78: 01.23.150 | C78: Furação de 1 1/2´ em concreto armado | D78: M | E78: 197.1 | G78: 197.1 | H78: =LEN(A78) -> 9
A79: 01.23.160 | C79: Furação de 2 1/4´ em concreto armado | D79: M | E79: 270.06 | G79: 270.06 | H79: =LEN(A79) -> 9
A80: 01.23.190 | C80: Furação de 2 1/2´ em concreto armado | D80: M | E80: 275.79 | G80: 275.79 | H80: =LEN(A80) -> 9
A81: 01.23.200 | C81: Taxa de mobilização e desmobilização de equipamentos para execução de perfuração em concreto | D81: TX | E81: 261.94 | G81: 261.94 | H81: =LEN(A81) -> 9
A82: 01.23.221 | C82: Furação para até 10mm x 100mm em concreto armado, inclusive colagem de armadura (para até 8mm) | D82: UN | E82: 7.77 | G82: 7.77 | H82: =LEN(A82) -> 9
A83: 01.23.222 | C83: Furação para 12,5mm x 100mm em concreto armado, inclusive colagem de armadura (para 10mm) | D83: UN | E83: 8.29 | G83: 8.29 | H83: =LEN(A83) -> 9
A84: 01.23.223 | C84: Furação para 16mm x 100mm em concreto armado, inclusive colagem de armadura (para 12,5mm) | D84: UN | E84: 10.99 | G84: 10.99 | H84: =LEN(A84) -> 9
A85: 01.23.231 | C85: Furação para até 10mm x 150mm em concreto armado, inclusive colagem de armadura (para até 8mm) | D85: UN | E85: 11.04 | G85: 11.04 | H85: =LEN(A85) -> 9
A86: 01.23.232 | C86: Furação para 12,5mm x 150mm em concreto armado, inclusive colagem de armadura (para 10mm) | D86: UN | E86: 12.76 | G86: 12.76 | H86: =LEN(A86) -> 9
A87: 01.23.233 | C87: Furação para 16mm x 150mm em concreto armado, inclusive colagem de armadura (para 12,5mm) | D87: UN | E87: 16.93 | G87: 16.93 | H87: =LEN(A87) -> 9
A88: 01.23.234 | C88: Furação para 20mm x 150mm em concreto armado, inclusive colagem de armadura (para 16mm) | D88: UN | E88: 19.72 | G88: 19.72 | H88: =LEN(A88) -> 9
... A99: 01.23.510 | C99: Corte vertical em concreto armado, espessura de 15 cm | D99: M | E99: 187.42 | G99: 187.42 | H99: =LEN(A99) -> 9
A100: 01.23.700 | C100: Taxa de mobilização e desmobilização para reforço estrutural com fibra de carbono | D100: TX | E100: 1525.44 | F100: 3438.59 | G100: 4964.03 | H100: =LEN(A100) -> 9
A101: 01.23.701 | C101: Preparação de substrato para colagem de fibra de carbono, mediante lixamento e/ou apicoamento e escovação | D101: M2 | E101: 6.56 | F101: 36.56 | G101: 43.12 | H101: =LEN(A101) -> 9
A102: 01.23.702 | C102: Fibra de carbono para reforço estrutural de alta resistência - 300 g/m² | D102: M2 | E102: 290.76 | F102: 260.84 | G102: 551.6 | H102: =LEN(A102) -> 9
A103: 01.27 | C103: Estudo e programa ambientais | H103: =LEN(A103) -> 5
A104: 01.27.011 | C104: Projeto e implementação de gerenciamento integrado de resíduos sólidos e gestão de perdas | D104: UN | E104: 196.95 | F104: 7639.23 | G104: 7836.18 | H104: =LEN(A104) -> 9
A105: 01.27.021 | C105: Projeto e implementação de educação ambiental | D105: UN | E105: 196.95 | F105: 10232.76 | G105: 10429.71 | H105: =LEN(A105) -> 9
A106: 01.27.031 | C106: Projeto e implementação de controle ambiental de obra | D106: UN | E106: 196.95 | F106: 9054.33 | G106: 9251.28 | H106: =LEN(A106) -> 9
A107: 01.27.041 | C107: Laudo de caracterização de vegetação | D107: UN | E107: 567.95 | F107: 21085.47 | G107: 21653.42 | H107: =LEN(A107) -> 9
A108: 01.27.051 | C108: Laudo de caracterização da fauna associada à flora | D108: UN | E108: 567.95 | F108: 32355.2 | G108: 32923.15 | H108: =LEN(A108) -> 9
A109: 01.27.061 | C109: Projeto e implementação de monitoramento da fauna durante a obra | D109: UN | E109: 567.95 | F109: 12826.39 | G109: 13394.34 | H109: =LEN(A109) -> 9
A110: 01.27.071 | C110: Laudo de autodepuração | D110: UN | E110: 461.95 | F110: 15394.63 | G110: 15856.58 | H110: =LEN(A110) -> 9
A111: 01.27.091 | C111: Estudo de impacto de vizinhança, em área urbana até 10.000 m² | D111: UN | E111: 281.75 | F111: 24934.7 | G111: 25216.45 | H111: =LEN(A111) -> 9
A112: 01.28 | C112: Poço profundo | H112: =LEN(A112) -> 5
A113: 01.28.010 | C113: Taxa de mobilização e desmobilização de equipamentos para execução de perfuração para poço profundo - profundidade até 200 m | D113: TX | E113: 8405.03 | G113: 8405.03 | H113: =LEN(A113) -> 9
A114: 01.28.020 | C114: Taxa de mobilização e desmobilização de equipamentos para execução de perfuração para poço profundo - profundidade acima de 200 m e até 300 m | D114: TX | E114: 10415.63 | G114: 10415.63 | H114: =LEN(A114) -> 9
A115: 01.28.030 | C115: Taxa de mobilização e desmobilização de equipamentos para execução de perfuração para poço profundo - profundidade acima de 300 m | D115: TX | E115: 12537.55 | G115: 12537.55 | H115: =LEN(A115) -> 9
A116: 01.28.040 | C116: Perfuração rotativa para poço profundo em camadas de solos sedimentares, diâmetro de 8 1/2" (215,90 mm) | D116: M | E116: 350.72 | G116: 350.72 | H116: =LEN(A116) -> 9
A117: 01.28.050 | C117: Perfuração rotativa para poço profundo em aluvião, arenito, ou solos sedimentados em geral, diâmetro de 10" (250 mm) | D117: M | E117: 388.4 | G117: 388.4 | H117: =LEN(A117) -> 9
A118: 01.28.060 | C118: Perfuração rotativa para poço profundo em aluvião, arenito, ou solos sedimentados em geral, diâmetro de 12" (300 mm) | D118: M | E118: 595.44 | G118: 595.44 | H118: =LEN(A118) -> 9
A119: 01.28.070 | C119: Perfuração rotativa para poço profundo em aluvião, arenito, ou solos sedimentados em geral, diâmetro de 14" (350 mm) | D119: M | E119: 886.72 | G119: 886.72 | H119: =LEN(A119) -> 9
A120: 01.28.080 | C120: Perfuração rotativa para poço profundo em aluvião, arenito, ou solos sedimentados em geral, diâmetro de 16" (400 mm) | D120: M | E120: 1098.13 | G120: 1098.13 | H120: =LEN(A120) -> 9
A121: 01.28.090 | C121: Perfuração rotativa para poço profundo em aluvião, arenito, ou solos sedimentados em geral, diâmetro de 18" (450 mm) | D121: M | E121: 1304.37 | G121: 1304.37 | H121: =LEN(A121) -> 9
A122: 01.28.100 | C122: Perfuração rotativa para poço profundo em aluvião, arenito, ou solos sedimentados em geral, diâmetro de 20" (500 mm) | D122: M | E122: 1481.55 | G122: 1481.55 | H122: =LEN(A122) -> 9
...

Sheet CDHU 187
C1: COMPANHIA DE DESENVOLVIMENTO HABITACIONAL E URBANO
A2: DO ESTADO DE SÃO PAULO
A3: BOLETIM REFERENCIAL DE CUSTOS - TABELA DE SERVIÇOS
A4: COM DESONERAÇÃO
G5: Versão 187
F6: Data Base: | G6: AGOSTO/22
D7: BDI : | E7: 0 | F7: L.S.: | G7: 0.9778
A8: Referência | C8: Descrição | D8: Un | E8: Material | F8: Mão de Obra | G8: Custo Total
A9: 01 | C9: SERVICO TECNICO ESPECIALIZADO | H9: 2
A10: 01.02 | C10: Parecer técnico | H10: 5
A11: 01.02.071 | C11: Parecer técnico de fundações, contenções e recomendações gerais, para empreendimentos com área construída até 1.000 m² | D11: UN | F11: 5388.88 | G11: 5388.88 | H11: 9
A12: 01.02.081 | C12: Parecer técnico de fundações, contenções e recomendações gerais, para empreendimentos com área construída de 1.001 a 2.000 m² | D12: UN | F12: 7166.17 | G12: 7166.17 | H12: 9
A13: 01.02.091 | C13: Parecer técnico de fundações, contenções e recomendações gerais, para empreendimentos com área construída de 2.001 a 5.000 m² | D13: UN | F13: 12241.41 | G13: 12241.41 | H13: 9
A14: 01.02.101 | C14: Parecer técnico de fundações, contenções e recomendações gerais, para empreendimentos com área construída de 5.001 a 10.000 m² | D14: UN | F14: 16784.41 | G14: 16784.41 | H14: 9
A15: 01.02.111 | C15: Parecer técnico de fundações, contenções e recomendações gerais, para empreendimentos com área construída acima de 10.000 m² | D15: UN | F15: 19559.64 | G15: 19559.64 | H15: 9
A16: 01.06 | C16: Projeto de instalações elétricas | H16: 5
A17: 01.06.021 | C17: Elaboração de projeto de adequação de entrada de energia elétrica junto a concessionária, com medição em baixa tensão e demanda até 75 kVA | D17: UN | F17: 6882.8 | G17: 6882.8 | H17: 9
A18: 01.06.031 | C18: Elaboração de projeto de adequação de entrada de energia elétrica junto a concessionária, com medição em média tensão, subestação simplificada e demanda de 75 kVA a 300 kVA | D18: UN | F18: 11658.08 | G18: 11658.08 | H18: 9
A19: 01.06.032 | C19: Elaboração de projeto de adequação de entrada de energia elétrica junto a concessionária, com medição em média tensão e demanda de 75 kVA a 300 kVA | D19: UN | F19: 15775.6 | G19: 15775.6 | H19: 9
A20: 01.06.041 | C20: Elaboração de projeto de adequação de entrada de energia elétrica junto a concessionária, com medição em média tensão e demanda acima de 300 kVA a 2 MVA | D20: UN | F20: 20983.4 | G20: 20983.4 | H20: 9
A21: 01.17 | C21: Projeto executivo | H21: 5
A22: 01.17.031 | C22: Projeto executivo de arquitetura em formato A1 | D22: UN | F22: 2711.35 | G22: 2711.35 | H22: 9
A23: 01.17.041 | C23: Projeto executivo de arquitetura em formato A0 | D23: UN | F23: 3665.44 | G23: 3665.44 | H23: 9
A24: 01.17.051 | C24: Projeto executivo de estrutura em formato A1 | D24: UN | F24: 1988.49 | G24: 1988.49 | H24: 9
A25: 01.17.061 | C25: Projeto executivo de estrutura em formato A0 | D25: UN | F25: 2720.63 | G25: 2720.63 | H25: 9
A26: 01.17.071 | C26: Projeto executivo de instalações hidráulicas em formato A1 | D26: UN | F26: 853.67 | G26: 853.67 | H26: 9
A27: 01.17.081 | C27: Projeto executivo de instalações hidráulicas em formato A0 | D27: UN | F27: 1136.33 | G27: 1136.33 | H27: 9
A28: 01.17.111 | C28: Projeto executivo de instalações elétricas em formato A1 | D28: UN | F28: 947.94 | G28: 947.94 | H28: 9
A29: 01.17.121 | C29: Projeto executivo de instalações elétricas em formato A0 | D29: UN | F29: 1314.36 | G29: 1314.36 | H29: 9
A30: 01.17.151 | C30: Projeto executivo de climatização em formato A1 | D30: UN | F30: 1824.62 | G30: 1824.62 | H30: 9
A31: 01.17.161 | C31: Projeto executivo de climatização em formato A0 | D31: UN | F31: 2487.16 | G31: 2487.16 | H31: 9
A32: 01.17.171 | C32: Projeto executivo de chuveiros automáticos em formato A1 | D32: UN | F32: 1575.18 | G32: 1575.18 | H32: 9
A33: 01.17.181 | C33: Projeto executivo de chuveiros automáticos em formato A0 | D33: UN | F33: 2035.97 | G33: 2035.97 | H33: 9
A34: 01.20 | C34: Levantamento topográfico e geofísico | H34: 5
A35: 01.20.010 | C35: Taxa de mobilização e desmobilização de equipamentos para execução de levantamento topográfico | D35: TX | E35: 1217.58 | G35: 1217.58 | H35: 9
A36: 01.20.280 | C36: Levantamento planimétrico de área pavimentada para veículo e pedestre | D36: M2 | E36: 0.05 | F36: 0.13 | G36: 0.18 | H36: 9
A37: 01.20.691 | C37: Levantamento planimétrico cadastral com áreas ocupadas predominantemente por comunidades - área até 20.000 m² (mínimo de 3.500 m²) | D37: M2 | E37: 0.51 | F37: 0.44 | G37: 0.95 | H37: 9
A38: 01.20.701 | C38: Levantamento planimétrico cadastral com áreas ocupadas predominantemente por comunidades - área acima de 20.000 m² até 200.000 m² | D38: M2 | E38: 0.39 | F38: 0.35 | G38: 0.74 | H38: 9
A39: 01.20.711 | C39: Levantamento planimétrico cadastral com áreas ocupadas predominantemente por comunidades - área acima de 200.000 m² | D39: M2 | E39: 0.33 | F39: 0.28 | G39: 0.61 | H39: 9
A40: 01.20.721 | C40: Levantamento planimétrico cadastral com áreas até 50% de ocupação - área até 20.000 m² (mínimo de 3.500 m²) | D40: M2 | E40: 0.44 | F40: 0.38 | G40: 0.82 | H40: 9
A41: 01.20.731 | C41: Levantamento planimétrico cadastral com áreas até 50% de ocupação - área acima de 20.000 m² até 200.000 m² | D41: M2 | E41: 0.21 | F41: 0.43 | G41: 0.64 | H41: 9
A42: 01.20.741 | C42: Levantamento planimétrico cadastral com áreas até 50% de ocupação - área acima de 200.000 m² | D42: M2 | E42: 0.27 | F42: 0.24 | G42: 0.51 | H42: 9
A43: 01.20.751 | C43: Levantamento planimétrico cadastral com áreas acima de 50% de ocupação - área até 20.000 m² (mínimo de 4.000 m²) | D43: M2 | E43: 0.38 | F43: 0.35 | G43: 0.73 | H43: 9
A44: 01.20.761 | C44: Levantamento planimétrico cadastral com áreas acima de 50% de ocupação - área acima de 20.000 m² até 200.000 m² | D44: M2 | E44: 0.34 | F44: 0.29 | G44: 0.63 | H44: 9
A45: 01.20.771 | C45: Levantamento planimétrico cadastral com áreas acima de 50% de ocupação - área acima de 200.000 m² | D45: M2 | E45: 0.33 | F45: 0.28 | G45: 0.61 | H45: 9
A46: 01.20.781 | C46: Levantamento planialtimétrico cadastral com áreas ocupadas predominantemente por comunidades - área até 20.000 m² (mínimo de 3.500 m²) | D46: M2 | E46: 0.54 | F46: 0.46 | G46: 1 | H46: 9
A47: 01.20.791 | C47: Levantamento planialtimétrico cadastral com áreas ocupadas predominantemente por comunidades - área acima de 20.000 m² até 200.000 m² | D47: M2 | E47: 0.43 | F47: 0.37 | G47: 0.8 | H47: 9
... A60: 01.20.921 | C60: Implantação de marcos através de levantamento com GPS (mínimo de 3 marcos) | D60: UN | E60: 856.15 | F60: 383.82 | G60: 1239.97 | H60: 9
A61: 01.21 | C61: Estudo geotecnico (sondagem) | H61: 5
A62: 01.21.010 | C62: Taxa de mobilização e desmobilização de equipamentos para execução de sondagem | D62: TX | E62: 1207.89 | G62: 1207.89 | H62: 9
A63: 01.21.090 | C63: Taxa de mobilização e desmobilização de equipamentos para execução de sondagem rotativa | D63: TX | E63: 6562.46 | G63: 6562.46 | H63: 9
A64: 01.21.100 | C64: Sondagem do terreno a trado | D64: M | E64: 87.17 | G64: 87.17 | H64: 9
A65: 01.21.110 | C65: Sondagem do terreno à percussão (mínimo de 30 m) | D65: M | E65: 96.35 | G65: 96.35 | H65: 9
A66: 01.21.120 | C66: Sondagem do terreno rotativa em solo | D66: M | E66: 355.16 | G66: 355.16 | H66: 9
A67: 01.21.130 | C67: Sondagem do terreno rotativa em rocha | D67: M | E67: 639.46 | G67: 639.46 | H67: 9
A68: 01.21.140 | C68: Sondagem do terreno à percussão com a utilização de torquímetro (mínimo de 30 m) | D68: M | E68: 89.75 | G68: 89.75 | H68: 9
A69: 01.23 | C69: Tratamento, recuperação e trabalhos especiais em concreto | H69: 5
A70: 01.23.010 | C70: Taxa de mobilização e desmobilização de equipamentos para execução de corte em concreto armado | D70: TX | E70: 319.91 | G70: 319.91 | H70: 9
A71: 01.23.020 | C71: Limpeza de armadura com escova de aço | D71: M2 | E71: 2.71 | F71: 5.06 | G71: 7.77 | H71: 9
A72: 01.23.030 | C72: Preparo de ponte de aderência com adesivo a base de epóxi | D72: M2 | E72: 108.64 | F72: 37.4 | G72: 146.04 | H72: 9
A73: 01.23.056 | C73: Tratamento de armadura com produto anticorrosivo a base de zinco | D73: M2 | E73: 25.71 | F73: 35.67 | G73: 61.38 | H73: 9
A74: 01.23.060 | C74: Corte de concreto deteriorado inclusive remoção dos detritos | D74: M2 | F74: 25.31 | G74: 25.31 | H74: 9
A75: 01.23.070 | C75: Demarcação de área com disco de corte diamantado | D75: M | E75: 1.03 | F75: 3.74 | G75: 4.77 | H75: 9
A76: 01.23.100 | C76: Demolição de concreto armado com preservação de armadura, para reforço e recuperação estrutural | D76: M3 | F76: 381.94 | G76: 381.94 | H76: 9
A77: 01.23.140 | C77: Furação de 1 1/4´ em concreto armado | D77: M | E77: 204.12 | G77: 204.12 | H77: 9
A78: 01.23.150 | C78: Furação de 1 1/2´ em concreto armado | D78: M | E78: 211.16 | G78: 211.16 | H78: 9
A79: 01.23.160 | C79: Furação de 2 1/4´ em concreto armado | D79: M | E79: 286.6 | G79: 286.6 | H79: 9
A80: 01.23.190 | C80: Furação de 2 1/2´ em concreto armado | D80: M | E80: 292.81 | G80: 292.81 | H80: 9
A81: 01.23.200 | C81: Taxa de mobilização e desmobilização de equipamentos para execução de perfuração em concreto | D81: TX | E81: 275.54 | G81: 275.54 | H81: 9
A82: 01.23.221 | C82: Furação para até 10mm x 100mm em concreto armado, inclusive colagem de armadura (para até 8mm) | D82: UN | E82: 11.1 | G82: 11.1 | H82: 9
A83: 01.23.222 | C83: Furação para 12,5mm x 100mm em concreto armado, inclusive colagem de armadura (para 10mm) | D83: UN | E83: 11.37 | G83: 11.37 | H83: 9
A84: 01.23.223 | C84: Furação para 16mm x 100mm em concreto armado, inclusive colagem de armadura (para 12,5mm) | D84: UN | E84: 13.57 | G84: 13.57 | H84: 9
A85: 01.23.231 | C85: Furação para até 10mm x 150mm em concreto armado, inclusive colagem de armadura (para até 8mm) | D85: UN | E85: 16.65 | G85: 16.65 | H85: 9
A86: 01.23.232 | C86: Furação para 12,5mm x 150mm em concreto armado, inclusive colagem de armadura (para 10mm) | D86: UN | E86: 16.76 | G86: 16.76 | H86: 9
A87: 01.23.233 | C87: Furação para 16mm x 150mm em concreto armado, inclusive colagem de armadura (para 12,5mm) | D87: UN | E87: 20.01 | G87: 20.01 | H87: 9
A88: 01.23.234 | C88: Furação para 20mm x 150mm em concreto armado, inclusive colagem de armadura (para 16mm) | D88: UN | E88: 20.74 | G88: 20.74 | H88: 9
... A99: 01.23.510 | C99: Corte vertical em concreto armado, espessura de 15 cm | D99: M | E99: 200.54 | G99: 200.54 | H99: 9
A100: 01.23.700 | C100: Taxa de mobilização e desmobilização para reforço estrutural com fibra de carbono | D100: TX | E100: 1673.92 | F100: 3438.59 | G100: 5112.51 | H100: 9
A101: 01.23.701 | C101: Preparação de substrato para colagem de fibra de carbono, mediante lixamento e/ou apicoamento e escovação | D101: M2 | E101: 6.47 | F101: 36.56 | G101: 43.03 | H101: 9
A102: 01.23.702 | C102: Fibra de carbono para reforço estrutural de alta resistência - 300 g/m² | D102: M2 | E102: 296 | F102: 260.84 | G102: 556.84 | H102: 9
A103: 01.27 | C103: Estudo e programa ambientais | H103: 5
A104: 01.27.011 | C104: Projeto e implementação de gerenciamento integrado de resíduos sólidos e gestão de perdas | D104: UN | E104: 206 | F104: 7639.23 | G104: 7845.23 | H104: 9
A105: 01.27.021 | C105: Projeto e implementação de educação ambiental | D105: UN | E105: 206 | F105: 10232.76 | G105: 10438.76 | H105: 9
A106: 01.27.031 | C106: Projeto e implementação de controle ambiental de obra | D106: UN | E106: 206 | F106: 9054.33 | G106: 9260.33 | H106: 9
A107: 01.27.041 | C107: Laudo de caracterização de vegetação | D107: UN | E107: 594.5 | F107: 21085.47 | G107: 21679.97 | H107: 9
A108: 01.27.051 | C108: Laudo de caracterização da fauna associada à flora | D108: UN | E108: 594.5 | F108: 32355.2 | G108: 32949.7 | H108: 9
A109: 01.27.061 | C109: Projeto e implementação de monitoramento da fauna durante a obra | D109: UN | E109: 594.5 | F109: 12826.39 | G109: 13420.89 | H109: 9
A110: 01.27.071 | C110: Laudo de autodepuração | D110: UN | E110: 483.5 | F110: 15394.63 | G110: 15878.13 | H110: 9
A111: 01.27.091 | C111: Estudo de impacto de vizinhança, em área urbana até 10.000 m² | D111: UN | E111: 294.8 | F111: 24934.7 | G111: 25229.5 | H111: 9
A112: 01.28 | C112: Poço profundo | H112: 5
A113: 01.28.010 | C113: Taxa de mobilização e desmobilização de equipamentos para execução de perfuração para poço profundo - profundidade até 200 m | D113: TX | E113: 8405.03 | G113: 8405.03 | H113: 9
A114: 01.28.020 | C114: Taxa de mobilização e desmobilização de equipamentos para execução de perfuração para poço profundo - profundidade acima de 200 m e até 300 m | D114: TX | E114: 10753.59 | G114: 10753.59 | H114: 9
A115: 01.28.030 | C115: Taxa de mobilização e desmobilização de equipamentos para execução de perfuração para poço profundo - profundidade acima de 300 m | D115: TX | E115: 13208.1 | G115: 13208.1 | H115: 9
A116: 01.28.040 | C116: Perfuração rotativa para poço profundo em camadas de solos sedimentares, diâmetro de 8 1/2" (215,90 mm) | D116: M | E116: 368.46 | G116: 368.46 | H116: 9
A117: 01.28.050 | C117: Perfuração rotativa para poço profundo em aluvião, arenito, ou solos sedimentados em geral, diâmetro de 10" (250 mm) | D117: M | E117: 405.33 | G117: 405.33 | H117: 9
A118: 01.28.060 | C118: Perfuração rotativa para poço profundo em aluvião, arenito, ou solos sedimentados em geral, diâmetro de 12" (300 mm) | D118: M | E118: 707.54 | G118: 707.54 | H118: 9
A119: 01.28.070 | C119: Perfuração rotativa para poço profundo em aluvião, arenito, ou solos sedimentados em geral, diâmetro de 14" (350 mm) | D119: M | E119: 967.37 | G119: 967.37 | H119: 9
A120: 01.28.080 | C120: Perfuração rotativa para poço profundo em aluvião, arenito, ou solos sedimentados em geral, diâmetro de 16" (400 mm) | D120: M | E120: 1199.05 | G120: 1199.05 | H120: 9
A121: 01.28.090 | C121: Perfuração rotativa para poço profundo em aluvião, arenito, ou solos sedimentados em geral, diâmetro de 18" (450 mm) | D121: M | E121: 1428.96 | G121: 1428.96 | H121: 9
A122: 01.28.100 | C122: Perfuração rotativa para poço profundo em aluvião, arenito, ou solos sedimentados em geral, diâmetro de 20" (500 mm) | D122: M | E122: 1622.98 | G122: 1622.98 | H122: 9
...

Sheet CDHU 190
C1: COMPANHIA DE DESENVOLVIMENTO HABITACIONAL E URBANO
A2: DO ESTADO DE SÃO PAULO
A3: BOLETIM REFERENCIAL DE CUSTOS - TABELA DE SERVIÇOS
A4: COM DESONERAÇÃO
G5: Versão 190
F6: Data Base: | G6: MAIO/23
D7: BDI : | E7: 0 | F7: L.S.: | G7: 0.9778
A8: Referência | C8: Descrição | D8: Un | E8: Material | F8: Mão de Obra | G8: Custo Total
A9: 01 | C9: SERVICO TECNICO ESPECIALIZADO | H9: 2
A10: 01.02 | C10: Parecer técnico | H10: 5
A11: 01.02.071 | C11: Parecer técnico de fundações, contenções e recomendações gerais, para empreendimentos com área construída até 1.000 m² | D11: UN | F11: 5636.66 | G11: 5636.66 | H11: 9
A12: 01.02.081 | C12: Parecer técnico de fundações, contenções e recomendações gerais, para empreendimentos com área construída de 1.001 a 2.000 m² | D12: UN | F12: 7495.66 | G12: 7495.66 | H12: 9
A13: 01.02.091 | C13: Parecer técnico de fundações, contenções e recomendações gerais, para empreendimentos com área construída de 2.001 a 5.000 m² | D13: UN | F13: 12804.27 | G13: 12804.27 | H13: 9
A14: 01.02.101 | C14: Parecer técnico de fundações, contenções e recomendações gerais, para empreendimentos com área construída de 5.001 a 10.000 m² | D14: UN | F14: 17556.16 | G14: 17556.16 | H14: 9
A15: 01.02.111 | C15: Parecer técnico de fundações, contenções e recomendações gerais, para empreendimentos com área construída acima de 10.000 m² | D15: UN | F15: 20458.99 | G15: 20458.99 | H15: 9
A16: 01.06 | C16: Projeto de instalações elétricas | H16: 5
A17: 01.06.021 | C17: Elaboração de projeto de adequação de entrada de energia elétrica junto a concessionária, com medição em baixa tensão e demanda até 75 kVA | D17: UN | F17: 7199.56 | G17: 7199.56 | H17: 9
A18: 01.06.031 | C18: Elaboração de projeto de adequação de entrada de energia elétrica junto a concessionária, com medição em média tensão, subestação simplificada e demanda de 75 kVA a 300 kVA | D18: UN | F18: 12194.64 | G18: 12194.64 | H18: 9
A19: 01.06.032 | C19: Elaboração de projeto de adequação de entrada de energia elétrica junto a concessionária, com medição em média tensão e demanda de 75 kVA a 300 kVA | D19: UN | F19: 16501.64 | G19: 16501.64 | H19: 9
A20: 01.06.041 | C20: Elaboração de projeto de adequação de entrada de energia elétrica junto a concessionária, com medição em média tensão e demanda acima de 300 kVA a 2 MVA | D20: UN | F20: 21949.1 | G20: 21949.1 | H20: 9
A21: 01.17 | C21: Projeto executivo | H21: 5
A22: 01.17.031 | C22: Projeto executivo de arquitetura em formato A1 | D22: UN | F22: 2836.01 | G22: 2836.01 | H22: 9
A23: 01.17.041 | C23: Projeto executivo de arquitetura em formato A0 | D23: UN | F23: 3833.98 | G23: 3833.98 | H23: 9
A24: 01.17.051 | C24: Projeto executivo de estrutura em formato A1 | D24: UN | F24: 2079.88 | G24: 2079.88 | H24: 9
A25: 01.17.061 | C25: Projeto executivo de estrutura em formato A0 | D25: UN | F25: 2845.66 | G25: 2845.66 | H25: 9
A26: 01.17.071 | C26: Projeto executivo de instalações hidráulicas em formato A1 | D26: UN | F26: 892.89 | G26: 892.89 | H26: 9
A27: 01.17.081 | C27: Projeto executivo de instalações hidráulicas em formato A0 | D27: UN | F27: 1188.55 | G27: 1188.55 | H27: 9
A28: 01.17.111 | C28: Projeto executivo de instalações elétricas em formato A1 | D28: UN | F28: 991.52 | G28: 991.52 | H28: 9
A29: 01.17.121 | C29: Projeto executivo de instalações elétricas em formato A0 | D29: UN | F29: 1374.79 | G29: 1374.79 | H29: 9
A30: 01.17.151 | C30: Projeto executivo de climatização em formato A1 | D30: UN | F30: 1908.51 | G30: 1908.51 | H30: 9
A31: 01.17.161 | C31: Projeto executivo de climatização em formato A0 | D31: UN | F31: 2601.48 | G31: 2601.48 | H31: 9
A32: 01.17.171 | C32: Projeto executivo de chuveiros automáticos em formato A1 | D32: UN | F32: 1647.55 | G32: 1647.55 | H32: 9
A33: 01.17.181 | C33: Projeto executivo de chuveiros automáticos em formato A0 | D33: UN | F33: 2129.53 | G33: 2129.53 | H33: 9
A34: 01.20 | C34: Levantamento topográfico e geofísico | H34: 5
A35: 01.20.010 | C35: Taxa de mobilização e desmobilização de equipamentos para execução de levantamento topográfico | D35: TX | E35: 1215.48 | G35: 1215.48 | H35: 9
A36: 01.20.280 | C36: Levantamento planimétrico de área pavimentada para veículo e pedestre | D36: M2 | E36: 0.04 | F36: 0.13 | G36: 0.17 | H36: 9
A37: 01.20.691 | C37: Levantamento planimétrico cadastral com áreas ocupadas predominantemente por comunidades - área até 20.000 m² (mínimo de 3.500 m²) | D37: M2 | E37: 0.39 | F37: 0.46 | G37: 0.85 | H37: 9
A38: 01.20.701 | C38: Levantamento planimétrico cadastral com áreas ocupadas predominantemente por comunidades - área acima de 20.000 m² até 200.000 m² | D38: M2 | E38: 0.3 | F38: 0.35 | G38: 0.65 | H38: 9
A39: 01.20.711 | C39: Levantamento planimétrico cadastral com áreas ocupadas predominantemente por comunidades - área acima de 200.000 m² | D39: M2 | E39: 0.25 | F39: 0.29 | G39: 0.54 | H39: 9
A40: 01.20.721 | C40: Levantamento planimétrico cadastral com áreas até 50% de ocupação - área até 20.000 m² (mínimo de 3.500 m²) | D40: M2 | E40: 0.34 | F40: 0.4 | G40: 0.74 | H40: 9
A41: 01.20.731 | C41: Levantamento planimétrico cadastral com áreas até 50% de ocupação - área acima de 20.000 m² até 200.000 m² | D41: M2 | E41: 0.16 | F41: 0.45 | G41: 0.61 | H41: 9
A42: 01.20.741 | C42: Levantamento planimétrico cadastral com áreas até 50% de ocupação - área acima de 200.000 m² | D42: M2 | E42: 0.21 | F42: 0.25 | G42: 0.46 | H42: 9
A43: 01.20.751 | C43: Levantamento planimétrico cadastral com áreas acima de 50% de ocupação - área até 20.000 m² (mínimo de 4.000 m²) | D43: M2 | E43: 0.29 | F43: 0.35 | G43: 0.64 | H43: 9
A44: 01.20.761 | C44: Levantamento planimétrico cadastral com áreas acima de 50% de ocupação - área acima de 20.000 m² até 200.000 m² | D44: M2 | E44: 0.26 | F44: 0.3 | G44: 0.56 | H44: 9
A45: 01.20.771 | C45: Levantamento planimétrico cadastral com áreas acima de 50% de ocupação - área acima de 200.000 m² | D45: M2 | E45: 0.25 | F45: 0.3 | G45: 0.55 | H45: 9
A46: 01.20.781 | C46: Levantamento planialtimétrico cadastral com áreas ocupadas predominantemente por comunidades - área até 20.000 m² (mínimo de 3.500 m²) | D46: M2 | E46: 0.42 | F46: 0.49 | G46: 0.91 | H46: 9
A47: 01.20.791 | C47: Levantamento planialtimétrico cadastral com áreas ocupadas predominantemente por comunidades - área acima de 20.000 m² até 200.000 m² | D47: M2 | E47: 0.33 | F47: 0.39 | G47: 0.72 | H47: 9
... A60: 01.20.921 | C60: Implantação de marcos através de levantamento com GPS (mínimo de 3 marcos) | D60: UN | E60: 723.76 | F60: 401.39 | G60: 1125.15 | H60: 9
A61: 01.21 | C61: Estudo geotecnico (sondagem) | H61: 5
A62: 01.21.010 | C62: Taxa de mobilização e desmobilização de equipamentos para execução de sondagem | D62: TX | E62: 1257.79 | G62: 1257.79 | H62: 9
A63: 01.21.090 | C63: Taxa de mobilização e desmobilização de equipamentos para execução de sondagem rotativa | D63: TX | E63: 6870.7 | G63: 6870.7 | H63: 9
A64: 01.21.100 | C64: Sondagem do terreno a trado | D64: M | E64: 94.45 | G64: 94.45 | H64: 9
A65: 01.21.110 | C65: Sondagem do terreno à percussão (mínimo de 30 m) | D65: M | E65: 93.7 | G65: 93.7 | H65: 9
A66: 01.21.120 | C66: Sondagem do terreno rotativa em solo | D66: M | E66: 377.39 | G66: 377.39 | H66: 9
A67: 01.21.130 | C67: Sondagem do terreno rotativa em rocha | D67: M | E67: 625.59 | G67: 625.59 | H67: 9
A68: 01.21.140 | C68: Sondagem do terreno à percussão com a utilização de torquímetro (mínimo de 30 m) | D68: M | E68: 94.31 | G68: 94.31 | H68: 9
A69: 01.23 | C69: Tratamento, recuperação e trabalhos especiais em concreto | H69: 5
A70: 01.23.010 | C70: Taxa de mobilização e desmobilização de equipamentos para execução de corte em concreto armado | D70: TX | E70: 340.6 | G70: 340.6 | H70: 9
A71: 01.23.020 | C71: Limpeza de armadura com escova de aço | D71: M2 | E71: 2.63 | F71: 5.29 | G71: 7.92 | H71: 9
A72: 01.23.030 | C72: Preparo de ponte de aderência com adesivo a base de epóxi | D72: M2 | E72: 113.69 | F72: 39.12 | G72: 152.81 | H72: 9
A73: 01.23.056 | C73: Tratamento de armadura com produto anticorrosivo a base de zinco | D73: M2 | E73: 25.06 | F73: 37.3 | G73: 62.36 | H73: 9
A74: 01.23.060 | C74: Corte de concreto deteriorado inclusive remoção dos detritos | D74: M2 | F74: 26.46 | G74: 26.46 | H74: 9
A75: 01.23.070 | C75: Demarcação de área com disco de corte diamantado | D75: M | E75: 0.99 | F75: 3.91 | G75: 4.9 | H75: 9
A76: 01.23.100 | C76: Demolição de concreto armado com preservação de armadura, para reforço e recuperação estrutural | D76: M3 | F76: 399.37 | G76: 399.37 | H76: 9
A77: 01.23.140 | C77: Furação de 1 1/4´ em concreto armado | D77: M | E77: 206.59 | G77: 206.59 | H77: 9
A78: 01.23.150 | C78: Furação de 1 1/2´ em concreto armado | D78: M | E78: 247.66 | G78: 247.66 | H78: 9
A79: 01.23.160 | C79: Furação de 2 1/4´ em concreto armado | D79: M | E79: 319.62 | G79: 319.62 | H79: 9
A80: 01.23.190 | C80: Furação de 2 1/2´ em concreto armado | D80: M | E80: 326.99 | G80: 326.99 | H80: 9
A81: 01.23.200 | C81: Taxa de mobilização e desmobilização de equipamentos para execução de perfuração em concreto | D81: TX | E81: 251.75 | G81: 251.75 | H81: 9
A82: 01.23.221 | C82: Furação para até 10mm x 100mm em concreto armado, inclusive colagem de armadura (para até 8mm) | D82: UN | E82: 12.91 | G82: 12.91 | H82: 9
A83: 01.23.222 | C83: Furação para 12,5mm x 100mm em concreto armado, inclusive colagem de armadura (para 10mm) | D83: UN | E83: 13.22 | G83: 13.22 | H83: 9
A84: 01.23.223 | C84: Furação para 16mm x 100mm em concreto armado, inclusive colagem de armadura (para 12,5mm) | D84: UN | E84: 15.78 | G84: 15.78 | H84: 9
A85: 01.23.231 | C85: Furação para até 10mm x 150mm em concreto armado, inclusive colagem de armadura (para até 8mm) | D85: UN | E85: 19.37 | G85: 19.37 | H85: 9
A86: 01.23.232 | C86: Furação para 12,5mm x 150mm em concreto armado, inclusive colagem de armadura (para 10mm) | D86: UN | E86: 19.5 | G86: 19.5 | H86: 9
A87: 01.23.233 | C87: Furação para 16mm x 150mm em concreto armado, inclusive colagem de armadura (para 12,5mm) | D87: UN | E87: 23.28 | G87: 23.28 | H87: 9
A88: 01.23.234 | C88: Furação para 20mm x 150mm em concreto armado, inclusive colagem de armadura (para 16mm) | D88: UN | E88: 24.13 | G88: 24.13 | H88: 9
... A99: 01.23.510 | C99: Corte vertical em concreto armado, espessura de 15 cm | D99: M | E99: 197.76 | G99: 197.76 | H99: 9
A100: 01.23.700 | C100: Taxa de mobilização e desmobilização para reforço estrutural com fibra de carbono | D100: TX | E100: 1659.52 | F100: 3596.56 | G100: 5256.08 | H100: 9
A101: 01.23.701 | C101: Preparação de substrato para colagem de fibra de carbono, mediante lixamento e/ou apicoamento e escovação | D101: M2 | E101: 6.63 | F101: 38.24 | G101: 44.87 | H101: 9
A102: 01.23.702 | C102: Fibra de carbono para reforço estrutural de alta resistência - 300 g/m² | D102: M2 | E102: 303.86 | F102: 272.79 | G102: 576.65 | H102: 9
A103: 01.27 | C103: Estudo e programa ambientais | H103: 5
A104: 01.27.011 | C104: Projeto e implementação de gerenciamento integrado de resíduos sólidos e gestão de perdas | D104: UN | E104: 221.4 | F104: 7990.44 | G104: 8211.84 | H104: 9
A105: 01.27.021 | C105: Projeto e implementação de educação ambiental | D105: UN | E105: 221.4 | F105: 10703.22 | G105: 10924.62 | H105: 9
A106: 01.27.031 | C106: Projeto e implementação de controle ambiental de obra | D106: UN | E106: 221.4 | F106: 9470.64 | G106: 9692.04 | H106: 9
A107: 01.27.041 | C107: Laudo de caracterização de vegetação | D107: UN | E107: 641.4 | F107: 22054.82 | G107: 22696.22 | H107: 9
A108: 01.27.051 | C108: Laudo de caracterização da fauna associada à flora | D108: UN | E108: 641.4 | F108: 33842.64 | G108: 34484.04 | H108: 9
A109: 01.27.061 | C109: Projeto e implementação de monitoramento da fauna durante a obra | D109: UN | E109: 641.4 | F109: 13416.08 | G109: 14057.48 | H109: 9
A110: 01.27.071 | C110: Laudo de autodepuração | D110: UN | E110: 521.4 | F110: 16102.4 | G110: 16623.8 | H110: 9
A111: 01.27.091 | C111: Estudo de impacto de vizinhança, em área urbana até 10.000 m² | D111: UN | E111: 317.4 | F111: 26081.08 | G111: 26398.48 | H111: 9
A112: 01.28 | C112: Poço profundo | H112: 5
A113: 01.28.010 | C113: Taxa de mobilização e desmobilização de equipamentos para execução de perfuração para poço profundo - profundidade até 200 m | D113: TX | E113: 8435.8 | G113: 8435.8 | H113: 9
A114: 01.28.020 | C114: Taxa de mobilização e desmobilização de equipamentos para execução de perfuração para poço profundo - profundidade acima de 200 m e até 300 m | D114: TX | E114: 12113.56 | G114: 12113.56 | H114: 9
A115: 01.28.030 | C115: Taxa de mobilização e desmobilização de equipamentos para execução de perfuração para poço profundo - profundidade acima de 300 m | D115: TX | E115: 12477.72 | G115: 12477.72 | H115: 9
A116: 01.28.040 | C116: Perfuração rotativa para poço profundo em camadas de solos sedimentares, diâmetro de 8 1/2" (215,90 mm) | D116: M | E116: 512.1 | G116: 512.1 | H116: 9
A117: 01.28.050 | C117: Perfuração rotativa para poço profundo em aluvião, arenito, ou solos sedimentados em geral, diâmetro de 10" (250 mm) | D117: M | E117: 466.44 | G117: 466.44 | H117: 9
A118: 01.28.060 | C118: Perfuração rotativa para poço profundo em aluvião, arenito, ou solos sedimentados em geral, diâmetro de 12" (300 mm) | D118: M | E118: 903.32 | G118: 903.32 | H118: 9
A119: 01.28.070 | C119: Perfuração rotativa para poço profundo em aluvião, arenito, ou solos sedimentados em geral, diâmetro de 14" (350 mm) | D119: M | E119: 1193.19 | G119: 1193.19 | H119: 9
A120: 01.28.080 | C120: Perfuração rotativa para poço profundo em aluvião, arenito, ou solos sedimentados em geral, diâmetro de 16" (400 mm) | D120: M | E120: 1479.91 | G120: 1479.91 | H120: 9
A121: 01.28.090 | C121: Perfuração rotativa para poço profundo em aluvião, arenito, ou solos sedimentados em geral, diâmetro de 18" (450 mm) | D121: M | E121: 1860.82 | G121: 1860.82 | H121: 9
A122: 01.28.100 | C122: Perfuração rotativa para poço profundo em aluvião, arenito, ou solos sedimentados em geral, diâmetro de 20" (500 mm) | D122: M | E122: 2090.28 | G122: 2090.28 | H122: 9
...

Sheet CDHU 191
C1: COMPANHIA DE DESENVOLVIMENTO HABITACIONAL E URBANO
A2: DO ESTADO DE SÃO PAULO
A3: BOLETIM REFERENCIAL DE CUSTOS - TABELA DE SERVIÇOS
A4: COM DESONERAÇÃO
G5: Versão 191
F6: Data Base: | G6: AGOSTO/23
D7: BDI : | E7: 0 | F7: L.S.: | G7: 0.9778
A8: Referência | C8: Descrição | D8: Un | E8: Material | F8: Mão de Obra | G8: Custo Total
A9: 01 | C9: SERVICO TECNICO ESPECIALIZADO | H9: =LEN(A9) -> 2
A10: 01.02 | C10: Parecer técnico | H10: =LEN(A10) -> 5
A11: 01.02.071 | C11: Parecer técnico de fundações, contenções e recomendações gerais, para empreendimentos com área construída até 1.000 m² | D11: UN | F11: 5636.66 | G11: 5636.66 | H11: =LEN(A11) -> 9
A12: 01.02.081 | C12: Parecer técnico de fundações, contenções e recomendações gerais, para empreendimentos com área construída de 1.001 a 2.000 m² | D12: UN | F12: 7495.66 | G12: 7495.66 | H12: =LEN(A12) -> 9
A13: 01.02.091 | C13: Parecer técnico de fundações, contenções e recomendações gerais, para empreendimentos com área construída de 2.001 a 5.000 m² | D13: UN | F13: 12804.27 | G13: 12804.27 | H13: =LEN(A13) -> 9
A14: 01.02.101 | C14: Parecer técnico de fundações, contenções e recomendações gerais, para empreendimentos com área construída de 5.001 a 10.000 m² | D14: UN | F14: 17556.16 | G14: 17556.16 | H14: =LEN(A14) -> 9
A15: 01.02.111 | C15: Parecer técnico de fundações, contenções e recomendações gerais, para empreendimentos com área construída acima de 10.000 m² | D15: UN | F15: 20458.99 | G15: 20458.99 | H15: =LEN(A15) -> 9
A16: 01.06 | C16: Projeto de instalações elétricas | H16: =LEN(A16) -> 5
A17: 01.06.021 | C17: Elaboração de projeto de adequação de entrada de energia elétrica junto a concessionária, com medição em baixa tensão e demanda até 75 kVA | D17: UN | F17: 7199.56 | G17: 7199.56 | H17: =LEN(A17) -> 9
A18: 01.06.031 | C18: Elaboração de projeto de adequação de entrada de energia elétrica junto a concessionária, com medição em média tensão, subestação simplificada e demanda de 75 kVA a 300 kVA | D18: UN | F18: 12194.64 | G18: 12194.64 | H18: =LEN(A18) -> 9
A19: 01.06.032 | C19: Elaboração de projeto de adequação de entrada de energia elétrica junto a concessionária, com medição em média tensão e demanda de 75 kVA a 300 kVA | D19: UN | F19: 16501.64 | G19: 16501.64 | H19: =LEN(A19) -> 9
A20: 01.06.041 | C20: Elaboração de projeto de adequação de entrada de energia elétrica junto a concessionária, com medição em média tensão e demanda acima de 300 kVA a 2 MVA | D20: UN | F20: 21949.1 | G20: 21949.1 | H20: =LEN(A20) -> 9
A21: 01.17 | C21: Projeto executivo | H21: =LEN(A21) -> 5
A22: 01.17.031 | C22: Projeto executivo de arquitetura em formato A1 | D22: UN | F22: 2836.01 | G22: 2836.01 | H22: =LEN(A22) -> 9
A23: 01.17.041 | C23: Projeto executivo de arquitetura em formato A0 | D23: UN | F23: 3833.98 | G23: 3833.98 | H23: =LEN(A23) -> 9
A24: 01.17.051 | C24: Projeto executivo de estrutura em formato A1 | D24: UN | F24: 2079.88 | G24: 2079.88 | H24: =LEN(A24) -> 9
A25: 01.17.061 | C25: Projeto executivo de estrutura em formato A0 | D25: UN | F25: 2845.66 | G25: 2845.66 | H25: =LEN(A25) -> 9
A26: 01.17.071 | C26: Projeto executivo de instalações hidráulicas em formato A1 | D26: UN | F26: 892.89 | G26: 892.89 | H26: =LEN(A26) -> 9
A27: 01.17.081 | C27: Projeto executivo de instalações hidráulicas em formato A0 | D27: UN | F27: 1188.55 | G27: 1188.55 | H27: =LEN(A27) -> 9
A28: 01.17.111 | C28: Projeto executivo de instalações elétricas em formato A1 | D28: UN | F28: 991.52 | G28: 991.52 | H28: =LEN(A28) -> 9
A29: 01.17.121 | C29: Projeto executivo de instalações elétricas em formato A0 | D29: UN | F29: 1374.79 | G29: 1374.79 | H29: =LEN(A29) -> 9
A30: 01.17.151 | C30: Projeto executivo de climatização em formato A1 | D30: UN | F30: 1908.51 | G30: 1908.51 | H30: =LEN(A30) -> 9
A31: 01.17.161 | C31: Projeto executivo de climatização em formato A0 | D31: UN | F31: 2601.48 | G31: 2601.48 | H31: =LEN(A31) -> 9
A32: 01.17.171 | C32: Projeto executivo de chuveiros automáticos em formato A1 | D32: UN | F32: 1647.55 | G32: 1647.55 | H32: =LEN(A32) -> 9
A33: 01.17.181 | C33: Projeto executivo de chuveiros automáticos em formato A0 | D33: UN | F33: 2129.53 | G33: 2129.53 | H33: =LEN(A33) -> 9
A34: 01.20 | C34: Levantamento topográfico e geofísico | H34: =LEN(A34) -> 5
A35: 01.20.010 | C35: Taxa de mobilização e desmobilização de equipamentos para execução de levantamento topográfico | D35: TX | E35: 1237.02 | G35: 1237.02 | H35: =LEN(A35) -> 9
A36: 01.20.280 | C36: Levantamento planimétrico de área pavimentada para veículo e pedestre | D36: M2 | E36: 0.04 | F36: 0.13 | G36: 0.17 | H36: =LEN(A36) -> 9
A37: 01.20.691 | C37: Levantamento planimétrico cadastral com áreas ocupadas predominantemente por comunidades - área até 20.000 m² (mínimo de 3.500 m²) | D37: M2 | E37: 0.4 | F37: 0.46 | G37: 0.86 | H37: =LEN(A37) -> 9
A38: 01.20.701 | C38: Levantamento planimétrico cadastral com áreas ocupadas predominantemente por comunidades - área acima de 20.000 m² até 200.000 m² | D38: M2 | E38: 0.32 | F38: 0.35 | G38: 0.67 | H38: =LEN(A38) -> 9
A39: 01.20.711 | C39: Levantamento planimétrico cadastral com áreas ocupadas predominantemente por comunidades - área acima de 200.000 m² | D39: M2 | E39: 0.26 | F39: 0.29 | G39: 0.55 | H39: =LEN(A39) -> 9
A40: 01.20.721 | C40: Levantamento planimétrico cadastral com áreas até 50% de ocupação - área até 20.000 m² (mínimo de 3.500 m²) | D40: M2 | E40: 0.35 | F40: 0.4 | G40: 0.75 | H40: =LEN(A40) -> 9
A41: 01.20.731 | C41: Levantamento planimétrico cadastral com áreas até 50% de ocupação - área acima de 20.000 m² até 200.000 m² | D41: M2 | E41: 0.17 | F41: 0.45 | G41: 0.62 | H41: =LEN(A41) -> 9
A42: 01.20.741 | C42: Levantamento planimétrico cadastral com áreas até 50% de ocupação - área acima de 200.000 m² | D42: M2 | E42: 0.22 | F42: 0.25 | G42: 0.47 | H42: =LEN(A42) -> 9
A43: 01.20.751 | C43: Levantamento planimétrico cadastral com áreas acima de 50% de ocupação - área até 20.000 m² (mínimo de 4.000 m²) | D43: M2 | E43: 0.31 | F43: 0.35 | G43: 0.66 | H43: =LEN(A43) -> 9
A44: 01.20.761 | C44: Levantamento planimétrico cadastral com áreas acima de 50% de ocupação - área acima de 20.000 m² até 200.000 m² | D44: M2 | E44: 0.26 | F44: 0.3 | G44: 0.56 | H44: =LEN(A44) -> 9
A45: 01.20.771 | C45: Levantamento planimétrico cadastral com áreas acima de 50% de ocupação - área acima de 200.000 m² | D45: M2 | E45: 0.26 | F45: 0.3 | G45: 0.56 | H45: =LEN(A45) -> 9
A46: 01.20.781 | C46: Levantamento planialtimétrico cadastral com áreas ocupadas predominantemente por comunidades - área até 20.000 m² (mínimo de 3.500 m²) | D46: M2 | E46: 0.42 | F46: 0.49 | G46: 0.91 | H46: =LEN(A46) -> 9
A47: 01.20.791 | C47: Levantamento planialtimétrico cadastral com áreas ocupadas predominantemente por comunidades - área acima de 20.000 m² até 200.000 m² | D47: M2 | E47: 0.34 | F47: 0.39 | G47: 0.73 | H47: =LEN(A47) -> 9
... A60: 01.20.921 | C60: Implantação de marcos através de levantamento com GPS (mínimo de 3 marcos) | D60: UN | E60: 760.2 | F60: 401.39 | G60: 1161.59 | H60: =LEN(A60) -> 9
A61: 01.21 | C61: Estudo geotecnico (sondagem) | H61: =LEN(A61) -> 5
A62: 01.21.010 | C62: Taxa de mobilização e desmobilização de equipamentos para execução de sondagem | D62: TX | E62: 1249.33 | G62: 1249.33 | H62: =LEN(A62) -> 9
A63: 01.21.090 | C63: Taxa de mobilização e desmobilização de equipamentos para execução de sondagem rotativa | D63: TX | E63: 6440.38 | G63: 6440.38 | H63: =LEN(A63) -> 9
A64: 01.21.100 | C64: Sondagem do terreno a trado | D64: M | E64: 95.12 | G64: 95.12 | H64: =LEN(A64) -> 9
A65: 01.21.110 | C65: Sondagem do terreno à percussão (mínimo de 30 m) | D65: M | E65: 94.11 | G65: 94.11 | H65: =LEN(A65) -> 9
A66: 01.21.120 | C66: Sondagem do terreno rotativa em solo | D66: M | E66: 377.02 | G66: 377.02 | H66: =LEN(A66) -> 9
A67: 01.21.130 | C67: Sondagem do terreno rotativa em rocha | D67: M | E67: 628.59 | G67: 628.59 | H67: =LEN(A67) -> 9
A68: 01.21.140 | C68: Sondagem do terreno à percussão com a utilização de torquímetro (mínimo de 30 m) | D68: M | E68: 95 | G68: 95 | H68: =LEN(A68) -> 9
A69: 01.23 | C69: Tratamento, recuperação e trabalhos especiais em concreto | H69: =LEN(A69) -> 5
A70: 01.23.010 | C70: Taxa de mobilização e desmobilização de equipamentos para execução de corte em concreto armado | D70: TX | E70: 333.58 | G70: 333.58 | H70: =LEN(A70) -> 9
A71: 01.23.020 | C71: Limpeza de armadura com escova de aço | D71: M2 | E71: 2.69 | F71: 5.29 | G71: 7.98 | H71: =LEN(A71) -> 9
A72: 01.23.030 | C72: Preparo de ponte de aderência com adesivo a base de epóxi | D72: M2 | E72: 117.01 | F72: 39.12 | G72: 156.13 | H72: =LEN(A72) -> 9
A73: 01.23.056 | C73: Tratamento de armadura com produto anticorrosivo a base de zinco | D73: M2 | E73: 25.38 | F73: 37.3 | G73: 62.68 | H73: =LEN(A73) -> 9
A74: 01.23.060 | C74: Corte de concreto deteriorado inclusive remoção dos detritos | D74: M2 | F74: 26.46 | G74: 26.46 | H74: =LEN(A74) -> 9
A75: 01.23.070 | C75: Demarcação de área com disco de corte diamantado | D75: M | E75: 1.04 | F75: 3.91 | G75: 4.95 | H75: =LEN(A75) -> 9
A76: 01.23.100 | C76: Demolição de concreto armado com preservação de armadura, para reforço e recuperação estrutural | D76: M3 | F76: 399.37 | G76: 399.37 | H76: =LEN(A76) -> 9
A77: 01.23.140 | C77: Furação de 1 1/4´ em concreto armado | D77: M | E77: 207.43 | G77: 207.43 | H77: =LEN(A77) -> 9
A78: 01.23.150 | C78: Furação de 1 1/2´ em concreto armado | D78: M | E78: 248.74 | G78: 248.74 | H78: =LEN(A78) -> 9
A79: 01.23.160 | C79: Furação de 2 1/4´ em concreto armado | D79: M | E79: 322.54 | G79: 322.54 | H79: =LEN(A79) -> 9
A80: 01.23.190 | C80: Furação de 2 1/2´ em concreto armado | D80: M | E80: 330 | G80: 330 | H80: =LEN(A80) -> 9
A81: 01.23.200 | C81: Taxa de mobilização e desmobilização de equipamentos para execução de perfuração em concreto | D81: TX | E81: 254.65 | G81: 254.65 | H81: =LEN(A81) -> 9
A82: 01.23.221 | C82: Furação para até 10mm x 100mm em concreto armado, inclusive colagem de armadura (para até 8mm) | D82: UN | E82: 12.35 | G82: 12.35 | H82: =LEN(A82) -> 9
A83: 01.23.222 | C83: Furação para 12,5mm x 100mm em concreto armado, inclusive colagem de armadura (para 10mm) | D83: UN | E83: 13.29 | G83: 13.29 | H83: =LEN(A83) -> 9
A84: 01.23.223 | C84: Furação para 16mm x 100mm em concreto armado, inclusive colagem de armadura (para 12,5mm) | D84: UN | E84: 15.15 | G84: 15.15 | H84: =LEN(A84) -> 9
A85: 01.23.231 | C85: Furação para até 10mm x 150mm em concreto armado, inclusive colagem de armadura (para até 8mm) | D85: UN | E85: 18.53 | G85: 18.53 | H85: =LEN(A85) -> 9
A86: 01.23.232 | C86: Furação para 12,5mm x 150mm em concreto armado, inclusive colagem de armadura (para 10mm) | D86: UN | E86: 19.6 | G86: 19.6 | H86: =LEN(A86) -> 9
A87: 01.23.233 | C87: Furação para 16mm x 150mm em concreto armado, inclusive colagem de armadura (para 12,5mm) | D87: UN | E87: 22.34 | G87: 22.34 | H87: =LEN(A87) -> 9
A88: 01.23.234 | C88: Furação para 20mm x 150mm em concreto armado, inclusive colagem de armadura (para 16mm) | D88: UN | E88: 23.87 | G88: 23.87 | H88: =LEN(A88) -> 9
... A99: 01.23.510 | C99: Corte vertical em concreto armado, espessura de 15 cm | D99: M | E99: 199.09 | G99: 199.09 | H99: =LEN(A99) -> 9
A100: 01.23.700 | C100: Taxa de mobilização e desmobilização para reforço estrutural com fibra de carbono | D100: TX | E100: 1626.72 | F100: 3596.56 | G100: 5223.28 | H100: =LEN(A100) -> 9
A101: 01.23.701 | C101: Preparação de substrato para colagem de fibra de carbono, mediante lixamento e/ou apicoamento e escovação | D101: M2 | E101: 6.7 | F101: 38.24 | G101: 44.94 | H101: =LEN(A101) -> 9
A102: 01.23.702 | C102: Fibra de carbono para reforço estrutural de alta resistência - 300 g/m² | D102: M2 | E102: 302.6 | F102: 272.79 | G102: 575.39 | H102: =LEN(A102) -> 9
A103: 01.27 | C103: Estudo e programa ambientais | H103: =LEN(A103) -> 5
A104: 01.27.011 | C104: Projeto e implementação de gerenciamento integrado de resíduos sólidos e gestão de perdas | D104: UN | E104: 222.85 | F104: 7990.44 | G104: 8213.29 | H104: =LEN(A104) -> 9
A105: 01.27.021 | C105: Projeto e implementação de educação ambiental | D105: UN | E105: 222.85 | F105: 10703.22 | G105: 10926.07 | H105: =LEN(A105) -> 9
A106: 01.27.031 | C106: Projeto e implementação de controle ambiental de obra | D106: UN | E106: 222.85 | F106: 9470.64 | G106: 9693.49 | H106: =LEN(A106) -> 9
A107: 01.27.041 | C107: Laudo de caracterização de vegetação | D107: UN | E107: 644.6 | F107: 22054.82 | G107: 22699.42 | H107: =LEN(A107) -> 9
A108: 01.27.051 | C108: Laudo de caracterização da fauna associada à flora | D108: UN | E108: 644.6 | F108: 33842.64 | G108: 34487.24 | H108: =LEN(A108) -> 9
A109: 01.27.061 | C109: Projeto e implementação de monitoramento da fauna durante a obra | D109: UN | E109: 644.6 | F109: 13416.08 | G109: 14060.68 | H109: =LEN(A109) -> 9
A110: 01.27.071 | C110: Laudo de autodepuração | D110: UN | E110: 524.1 | F110: 16102.4 | G110: 16626.5 | H110: =LEN(A110) -> 9
A111: 01.27.091 | C111: Estudo de impacto de vizinhança, em área urbana até 10.000 m² | D111: UN | E111: 319.25 | F111: 26081.08 | G111: 26400.33 | H111: =LEN(A111) -> 9
A112: 01.28 | C112: Poço profundo | H112: =LEN(A112) -> 5
A113: 01.28.010 | C113: Taxa de mobilização e desmobilização de equipamentos para execução de perfuração para poço profundo - profundidade até 200 m | D113: TX | E113: 8405.03 | G113: 8405.03 | H113: =LEN(A113) -> 9
A114: 01.28.020 | C114: Taxa de mobilização e desmobilização de equipamentos para execução de perfuração para poço profundo - profundidade acima de 200 m e até 300 m | D114: TX | E114: 11884.6 | G114: 11884.6 | H114: =LEN(A114) -> 9
A115: 01.28.030 | C115: Taxa de mobilização e desmobilização de equipamentos para execução de perfuração para poço profundo - profundidade acima de 300 m | D115: TX | E115: 12445.58 | G115: 12445.58 | H115: =LEN(A115) -> 9
A116: 01.28.040 | C116: Perfuração rotativa para poço profundo em camadas de solos sedimentares, diâmetro de 8 1/2" (215,90 mm) | D116: M | E116: 512.76 | G116: 512.76 | H116: =LEN(A116) -> 9
A117: 01.28.050 | C117: Perfuração rotativa para poço profundo em aluvião, arenito, ou solos sedimentados em geral, diâmetro de 10" (250 mm) | D117: M | E117: 464.85 | G117: 464.85 | H117: =LEN(A117) -> 9
A118: 01.28.060 | C118: Perfuração rotativa para poço profundo em aluvião, arenito, ou solos sedimentados em geral, diâmetro de 12" (300 mm) | D118: M | E118: 1097.14 | G118: 1097.14 | H118: =LEN(A118) -> 9
A119: 01.28.070 | C119: Perfuração rotativa para poço profundo em aluvião, arenito, ou solos sedimentados em geral, diâmetro de 14" (350 mm) | D119: M | E119: 1167.44 | G119: 1167.44 | H119: =LEN(A119) -> 9
A120: 01.28.080 | C120: Perfuração rotativa para poço profundo em aluvião, arenito, ou solos sedimentados em geral, diâmetro de 16" (400 mm) | D120: M | E120: 1452.85 | G120: 1452.85 | H120: =LEN(A120) -> 9
A121: 01.28.090 | C121: Perfuração rotativa para poço profundo em aluvião, arenito, ou solos sedimentados em geral, diâmetro de 18" (450 mm) | D121: M | E121: 1843.98 | G121: 1843.98 | H121: =LEN(A121) -> 9
A122: 01.28.100 | C122: Perfuração rotativa para poço profundo em aluvião, arenito, ou solos sedimentados em geral, diâmetro de 20" (500 mm) | D122: M | E122: 2078.94 | G122: 2078.94 | H122: =LEN(A122) -> 9
...

Sheet Planilha_Orçamentária
D1: PLANILHA ORÇAMENTÁRIA
E2: Com desoneração | G2: SIM | H2: BDI = | I2: 0.25
A3: OBRA: Pavimentação das vias - Avenida Nossa Senhora do Amparo - Rua Natal Pitarello - Rua André Brambilla Vaccari
A4: CDHU | C4: BOLETIM DE REFERENCIA DE CUSTOS - TABELA DE SERVIÇOS | E4: Versão 191 | H4: DATA BASE | I4: AGOSTO DE 2023
A5: INDICE | B5: FONTE | C5: CÓDIGO | D5: DESCRIÇÃO | E5: UNID. | F5: QUANT. | G5: VALOR UNIT. | I5: TOTAL
G6: S/ BDI | H6: C/ BDI
C7: 1 | D7: Avenida Nossa Senhora do Amparo, n°0 - Chácara Bocaina | H7: =IF(G7="","",ROUND(G7*(1+$I$2),2)) | I7: =SUBTOTAL(9,I8:I34) -> 1071632.7
C8: 1.1 | D8: SERVIÇOS PRELIMINARES | H8: =IF(G8="","",ROUND(G8*(1+$I$2),2)) | I8: =SUBTOTAL(9,I9:I11) -> 11556.35
A9: 1 | B9: CDHU | C9: 02.08.040 | D9: =IF($B9="","",VLOOKUP($C9,'CDHU 191'!$A$10:$AT$4489,3,0)) -> Placa em lona com impressão digital e requadro em metalon | E9: =IF($B9="","",VLOOKUP($C9,'CDHU 191'!$A$10:$AT$4489,4,0)) -> M2 | F9: 6 | G9: =IF($B9="","",VLOOKUP($C9,'CDHU 191'!$A$10:$AT$4489,7,0)) -> 314.42 | H9: =IF(G9="","",ROUND(G9*(1+$I$2),2)) -> 393.03 | I9: =IF($B9="","",ROUND(F9*H9,2)) -> 2358.18 | J9: altura 2 m x compr. 3 m
A10: 2 | B10: CDHU | C10: 02.10.060 | D10: =IF($B10="","",VLOOKUP($C10,'CDHU 191'!$A$10:$AT$4489,3,0)) -> Locação de vias, calçadas, tanques e lagoas | E10: =IF($B10="","",VLOOKUP($C10,'CDHU 191'!$A$10:$AT$4489,4,0)) -> M2 | F10: =F13 -> 4088.32 | G10: =IF($B10="","",VLOOKUP($C10,'CDHU 191'!$A$10:$AT$4489,7,0)) -> 1.72 | H10: =IF(G10="","",ROUND(G10*(1+$I$2),2)) -> 2.15 | I10: =IF($B10="","",ROUND(F10*H10,2)) -> 8789.89
A11: 3 | B11: CDHU | C11: 02.10.040 | D11: =IF($B11="","",VLOOKUP($C11,'CDHU 191'!$A$10:$AT$4489,3,0)) -> Locação de rede de canalização | E11: =IF($B11="","",VLOOKUP($C11,'CDHU 191'!$A$10:$AT$4489,4,0)) -> M | F11: =F27 -> 236 | G11: =IF($B11="","",VLOOKUP($C11,'CDHU 191'!$A$10:$AT$4489,7,0)) -> 1.38 | H11: =IF(G11="","",ROUND(G11*(1+$I$2),2)) -> 1.73 | I11: =IF($B11="","",ROUND(F11*H11,2)) -> 408.28
C12: 1.2 | D12: Pavimentação | H12: =IF(G12="","",ROUND(G12*(1+$I$2),2)) | I12: =SUBTOTAL(9,I13:I17) -> 681818.55
A13: 1 | B13: CDHU | C13: 54.01.400 | D13: =IF($B13="","",VLOOKUP($C13,'CDHU 191'!$A$10:$AT$4489,3,0)) -> Abertura de caixa até 25 cm, inclui escavação, compactação, transporte e preparo do sub-leito | E13: =IF($B13="","",VLOOKUP($C13,'CDHU 191'!$A$10:$AT$4489,4,0)) -> M2 | F13: 4088.32 | G13: =IF($B13="","",VLOOKUP($C13,'CDHU 191'!$A$10:$AT$4489,7,0)) -> 24.46 | H13: =IF(G13="","",ROUND(G13*(1+$I$2),2)) -> 30.58 | I13: =IF($B13="","",ROUND(F13*H13,2)) -> 125020.83 | J13: extraido do cad (fig 2) 4088,32
A14: 2 | B14: CDHU | C14: 54.01.210 | D14: =IF($B14="","",VLOOKUP($C14,'CDHU 191'!$A$10:$AT$4489,3,0)) -> Base de brita graduada | E14: =IF($B14="","",VLOOKUP($C14,'CDHU 191'!$A$10:$AT$4489,4,0)) -> M3 | F14: =4088.32*0.2 -> 817.664 | G14: =IF($B14="","",VLOOKUP($C14,'CDHU 191'!$A$10:$AT$4489,7,0)) -> 246.44 | H14: =IF(G14="","",ROUND(G14*(1+$I$2),2)) -> 308.05 | I14: =IF($B14="","",ROUND(F14*H14,2)) -> 251881.4 | J14: 4088,32 x 0,20
A15: 3 | B15: CDHU | C15: 54.03.230 | D15: =IF($B15="","",VLOOKUP($C15,'CDHU 191'!$A$10:$AT$4489,3,0)) -> Imprimação betuminosa ligante | E15: =IF($B15="","",VLOOKUP($C15,'CDHU 191'!$A$10:$AT$4489,4,0)) -> M2 | F15: 3700.58 | G15: =IF($B15="","",VLOOKUP($C15,'CDHU 191'!$A$10:$AT$4489,7,0)) -> 7.1 | H15: =IF(G15="","",ROUND(G15*(1+$I$2),2)) -> 8.88 | I15: =IF($B15="","",ROUND(F15*H15,2)) -> 32861.15 | J15: extraido do cad (fig 3) 3700,58
A16: 4 | B16: CDHU | C16: 54.03.240 | D16: =IF($B16="","",VLOOKUP($C16,'CDHU 191'!$A$10:$AT$4489,3,0)) -> Imprimação betuminosa impermeabilizante | E16: =IF($B16="","",VLOOKUP($C16,'CDHU 191'!$A$10:$AT$4489,4,0)) -> M2 | F16: =F15 -> 3700.58 | G16: =IF($B16="","",VLOOKUP($C16,'CDHU 191'!$A$10:$AT$4489,7,0)) -> 13.76 | H16: =IF(G16="","",ROUND(G16*(1+$I$2),2)) -> 17.2 | I16: =IF($B16="","",ROUND(F16*H16,2)) -> 63649.98 | J16: extraido do cad (fig 3) 3700,58
A17: 5 | B17: CDHU | C17: 54.03.210 | D17: =IF($B17="","",VLOOKUP($C17,'CDHU 191'!$A$10:$AT$4489,3,0)) -> Camada de rolamento em concreto betuminoso usinado quente - CBUQ | E17: =IF($B17="","",VLOOKUP($C17,'CDHU 191'!$A$10:$AT$4489,4,0)) -> M3 | F17: =3700.58*0.03 -> 111.0174 | G17: =IF($B17="","",VLOOKUP($C17,'CDHU 191'!$A$10:$AT$4489,7,0)) -> 1501.78 | H17: =IF(G17="","",ROUND(G17*(1+$I$2),2)) -> 1877.23 | I17: =IF($B17="","",ROUND(F17*H17,2)) -> 208405.19 | J17: 3700,58 X 0,03
C18: 1.3 | D18: DRENAGEM SUPERFICIAL | I18: =SUBTOTAL(9,I19:I20) -> 103374.91
A19: 1 | B19: CDHU | C19: 54.06.040 | D19: =IF($B19="","",VLOOKUP($C19,'CDHU 191'!$A$10:$AT$4489,3,0)) -> Guia pré-moldada reta tipo PMSP 100 - fck 25 MPa | E19: =IF($B19="","",VLOOKUP($C19,'CDHU 191'!$A$10:$AT$4489,4,0)) -> M | F19: =442.01+435.69+46.45 -> 924.15 | G19: =IF($B19="","",VLOOKUP($C19,'CDHU 191'!$A$10:$AT$4489,7,0)) -> 53.98 | H19: =IF(G19="","",ROUND(G19*(1+$I$2),2)) -> 67.48 | I19: =IF($B19="","",ROUND(F19*H19,2)) -> 62361.64 | J19: (fig 1) 442,01 + 435, 69 + 46,45
A20: 2 | B20: CDHU | C20: 54.06.160 | D20: =IF($B20="","",VLOOKUP($C20,'CDHU 191'!$A$10:$AT$4489,3,0)) -> Sarjeta ou sarjetão moldado no local, tipo PMSP em concreto com fck 20 MPa | E20: =IF($B20="","",VLOOKUP($C20,'CDHU 191'!$A$10:$AT$4489,4,0)) -> M3 | F20: =F19*0.3*0.15 -> 41.58675 | G20: =IF($B20="","",VLOOKUP($C20,'CDHU 191'!$A$10:$AT$4489,7,0)) -> 788.97 | H20: =IF(G20="","",ROUND(G20*(1+$I$2),2)) -> 986.21 | I20: =IF($B20="","",ROUND(F20*H20,2)) -> 41013.27 | J20: 924,15 X 0,30 X 0,15
C21: 1.4 | D21: DRENAGEM | H21: =IF(G21="","",ROUND(G21*(1+$I$2),2)) | I21: =SUBTOTAL(9,I22:I32) -> 274024.36
A22: 1 | B22: CDHU | C22: 07.02.020 | D22: =IF($B22="","",VLOOKUP($C22,'CDHU 191'!$A$10:$AT$4489,3,0)) -> Escavação mecanizada de valas ou cavas com profundidade de até 2 m | E22: =IF($B22="","",VLOOKUP($C22,'CDHU 191'!$A$10:$AT$4489,4,0)) -> M3 | F22: =97*0.8+236*1.8 -> 502.4 | G22: =IF($B22="","",VLOOKUP($C22,'CDHU 191'!$A$10:$AT$4489,7,0)) -> 11.01 | H22: =IF(G22="","",ROUND(G22*(1+$I$2),2)) -> 13.76 | I22: =IF($B22="","",ROUND(F22*H22,2)) -> 6913.02 | J22: TUBO # 40 97 X 0,80 -- TUBO # 60 236 X 1,80
A23: 2 | B23: CDHU | C23: 07.11.020 | D23: =IF($B23="","",VLOOKUP($C23,'CDHU 191'!$A$10:$AT$4489,3,0)) -> Reaterro compactado mecanizado de vala ou cava com compactador | E23: =IF($B23="","",VLOOKUP($C23,'CDHU 191'!$A$10:$AT$4489,4,0)) -> M3 | F23: =97*0.2+236*0.43 -> 120.88 | G23: =IF($B23="","",VLOOKUP($C23,'CDHU 191'!$A$10:$AT$4489,7,0)) -> 6.32 | H23: =IF(G23="","",ROUND(G23*(1+$I$2),2)) -> 7.9 | I23: =IF($B23="","",ROUND(F23*H23,2)) -> 954.95 | J23: TUBO # 40 97 X 0,20 -- TUBO # 60 236 X 0,43
A24: 3 | B24: CDHU | C24: 07.10.020 | D24: =IF($B24="","",VLOOKUP($C24,'CDHU 191'!$A$10:$AT$4489,3,0)) -> Espalhamento de solo em bota-fora com compactação sem controle | E24: =IF($B24="","",VLOOKUP($C24,'CDHU 191'!$A$10:$AT$4489,4,0)) -> M3 | F24: =F22-F23 -> 381.52 | G24: =IF($B24="","",VLOOKUP($C24,'CDHU 191'!$A$10:$AT$4489,7,0)) -> 6.85 | H24: =IF(G24="","",ROUND(G24*(1+$I$2),2)) -> 8.56 | I24: =IF($B24="","",ROUND(F24*H24,2)) -> 3265.81 | J24: DIFERENÇA ENTRE ESCAVAÇÃO E REATERRO
A25: 4 | B25: CDHU | C25: 11.18.040 | D25: =IF($B25="","",VLOOKUP($C25,'CDHU 191'!$A$10:$AT$4489,3,0)) -> Lastro de pedra britada | E25: =IF($B25="","",VLOOKUP($C25,'CDHU 191'!$A$10:$AT$4489,4,0)) -> M3 | F25: =236*0.24 -> 56.64 | G25: =IF($B25="","",VLOOKUP($C25,'CDHU 191'!$A$10:$AT$4489,7,0)) -> 183.8 | H25: =IF(G25="","",ROUND(G25*(1+$I$2),2)) -> 229.75 | I25: =IF($B25="","",ROUND(F25*H25,2)) -> 13013.04 | J25: TUBO # 60 236 X 0,24
A26: 5 | B26: CDHU | C26: 46.12.260 | D26: =IF($B26="","",VLOOKUP($C26,'CDHU 191'!$A$10:$AT$4489,3,0)) -> Tubo de concreto (PA-1), DN= 400mm | E26: =IF($B26="","",VLOOKUP($C26,'CDHU 191'!$A$10:$AT$4489,4,0)) -> M | F26: =4*4+9+8+4*6+10+11+19 -> 97 | G26: =IF($B26="","",VLOOKUP($C26,'CDHU 191'!$A$10:$AT$4489,7,0)) -> 148.65 | H26: =IF(G26="","",ROUND(G26*(1+$I$2),2)) -> 185.81 | I26: =IF($B26="","",ROUND(F26*H26,2)) -> 18023.57 | J26: 4 X 4 + 9 + 8 + 4 X 6 + 10 + 11 +19
A27: 6 | B27: CDHU | C27: 46.12.150 | D27: =IF($B27="","",VLOOKUP($C27,'CDHU 191'!$A$10:$AT$4489,3,0)) -> Tubo de concreto (PA-2), DN= 600mm | E27: =IF($B27="","",VLOOKUP($C27,'CDHU 191'!$A$10:$AT$4489,4,0)) -> M | F27: =18+19+31+34+22+23+13+11+52+13 -> 236 | G27: =IF($B27="","",VLOOKUP($C27,'CDHU 191'!$A$10:$AT$4489,7,0)) -> 227.67 | H27: =IF(G27="","",ROUND(G27*(1+$I$2),2)) -> 284.59 | I27: =IF($B27="","",ROUND(F27*H27,2)) -> 67163.24 | J27: 18 + 19 + 31 + 34 + 22 + 23 + 13 + 11 + 52 + 13
A28: 7 | B28: CDHU | C28: 49.12.010 | D28: =IF($B28="","",VLOOKUP($C28,'CDHU 191'!$A$10:$AT$4489,3,0)) -> Boca de lobo simples tipo PMSP com tampa de concreto | E28: =IF($B28="","",VLOOKUP($C28,'CDHU 191'!$A$10:$AT$4489,4,0)) -> UN | F28: 17 | G28: =IF($B28="","",VLOOKUP($C28,'CDHU 191'!$A$10:$AT$4489,7,0)) -> 3275.26 | H28: =IF(G28="","",ROUND(G28*(1+$I$2),2)) -> 4094.08 | I28: =IF($B28="","",ROUND(F28*H28,2)) -> 69599.36 | J28: 17
A29: 8 | B29: CDHU | C29: 49.12.110 | D29: =IF($B29="","",VLOOKUP($C29,'CDHU 191'!$A$10:$AT$4489,3,0)) -> Poço de visita de 1,60 x 1,60 x 1,60 m - tipo PMSP | E29: =IF($B29="","",VLOOKUP($C29,'CDHU 191'!$A$10:$AT$4489,4,0)) -> UN | F29: 10 | G29: =IF($B29="","",VLOOKUP($C29,'CDHU 191'!$A$10:$AT$4489,7,0)) -> 6119.93 | H29: =IF(G29="","",ROUND(G29*(1+$I$2),2)) -> 7649.91 | I29: =IF($B29="","",ROUND(F29*H29,2)) -> 76499.1 | J29: 10
A30: 9 | B30: CDHU | C30: 49.12.120 | D30: =IF($B30="","",VLOOKUP($C30,'CDHU 191'!$A$10:$AT$4489,3,0)) -> Chaminé para poço de visita tipo PMSP em alvenaria, diâmetro interno 70 cm - pescoço | E30: =IF($B30="","",VLOOKUP($C30,'CDHU 191'!$A$10:$AT$4489,4,0)) -> M | F30: 10 | G30: =IF($B30="","",VLOOKUP($C30,'CDHU 191'!$A$10:$AT$4489,7,0)) -> 617.22 | H30: =IF(G30="","",ROUND(G30*(1+$I$2),2)) -> 771.53 | I30: =IF($B30="","",ROUND(F30*H30,2)) -> 7715.3 | J30: 10
A31: 10 | B31: CDHU | C31: 49.06.400 | D31: =IF($B31="","",VLOOKUP($C31,'CDHU 191'!$A$10:$AT$4489,3,0)) -> Tampão em ferro fundido, diâmetro de 600 mm, classe B 125 (ruptura > 125 kN) | E31: =IF($B31="","",VLOOKUP($C31,'CDHU 191'!$A$10:$AT$4489,4,0)) -> UN | F31: 10 | G31: =IF($B31="","",VLOOKUP($C31,'CDHU 191'!$A$10:$AT$4489,7,0)) -> 452.85 | H31: =IF(G31="","",ROUND(G31*(1+$I$2),2)) -> 566.06 | I31: =IF($B31="","",ROUND(F31*H31,2)) -> 5660.6 | J31: 10
A32: 11 | B32: CDHU | C32: COMP 03 | D32: Muro ALA, Base do Muro ALA ((1,38 m + 2,98 m) X 1,80 m comprimento), Altura chegada tubo (1,20 m) | E32: UN | F32: 3 | G32: 1391.03 | H32: =IF(G32="","",ROUND(G32*(1+$I$2),2)) -> 1738.79 | I32: =IF($B32="","",ROUND(F32*H32,2)) -> 5216.37 | J32: 3
C33: 1.5 | D33: Elaboração de "As Built" | I33: =SUBTOTAL(9,I34:I34) -> 858.55
A34: 1 | B34: CDHU | C34: 01.20.280 | D34: =IF($B34="","",VLOOKUP($C34,'CDHU 191'!$A$10:$AT$4489,3,0)) -> Levantamento planimétrico de área pavimentada para veículo e pedestre | E34: =IF($B34="","",VLOOKUP($C34,'CDHU 191'!$A$10:$AT$4489,4,0)) -> M2 | F34: 4088.32 | G34: =IF($B34="","",VLOOKUP($C34,'CDHU 191'!$A$10:$AT$4489,7,0)) -> 0.17 | H34: =IF(G34="","",ROUND(G34*(1+$I$2),2)) -> 0.21 | I34: =IF($B34="","",ROUND(F34*H34,2)) -> 858.55 | J34: extraido do cad (fig 2) 4088,32
C35: 2 | D35: Rua Natal Pitarello - Jardim Serra das Estâncias | H35: =IF(G35="","",ROUND(G35*(1+$I$2),2)) | I35: =SUBTOTAL(9,I36:I62) -> 1605724.6
C36: 2.1 | D36: SERVIÇOS PRELIMINARES | H36: =IF(G36="","",ROUND(G36*(1+$I$2),2)) | I36: =SUBTOTAL(9,I37:I39) -> 17620.03
A37: 1 | B37: CDHU | C37: 02.08.040 | D37: =IF($B37="","",VLOOKUP($C37,'CDHU 191'!$A$10:$AT$4489,3,0)) -> Placa em lona com impressão digital e requadro em metalon | E37: =IF($B37="","",VLOOKUP($C37,'CDHU 191'!$A$10:$AT$4489,4,0)) -> M2 | F37: 6 | G37: =IF($B37="","",VLOOKUP($C37,'CDHU 191'!$A$10:$AT$4489,7,0)) -> 314.42 | H37: =IF(G37="","",ROUND(G37*(1+$I$2),2)) -> 393.03 | I37: =IF($B37="","",ROUND(F37*H37,2)) -> 2358.18 | J37: altura 2 m x compr. 3 m
A38: 2 | B38: CDHU | C38: 02.10.060 | D38: =IF($B38="","",VLOOKUP($C38,'CDHU 191'!$A$10:$AT$4489,3,0)) -> Locação de vias, calçadas, tanques e lagoas | E38: =IF($B38="","",VLOOKUP($C38,'CDHU 191'!$A$10:$AT$4489,4,0)) -> M2 | F38: =F41 -> 6750.12 | G38: =IF($B38="","",VLOOKUP($C38,'CDHU 191'!$A$10:$AT$4489,7,0)) -> 1.72 | H38: =IF(G38="","",ROUND(G38*(1+$I$2),2)) -> 2.15 | I38: =IF($B38="","",ROUND(F38*H38,2)) -> 14512.76 | J38: extraidos do cad figs (3, 1 e 2) 2975,21 + 3488,94 + 285,97
A39: 3 | B39: CDHU | C39: 02.10.040 | D39: =IF($B39="","",VLOOKUP($C39,'CDHU 191'!$A$10:$AT$4489,3,0)) -> Locação de rede de canalização | E39: =IF($B39="","",VLOOKUP($C39,'CDHU 191'!$A$10:$AT$4489,4,0)) -> M | F39: =F55 -> 433 | G39: =IF($B39="","",VLOOKUP($C39,'CDHU 191'!$A$10:$AT$4489,7,0)) -> 1.38 | H39: =IF(G39="","",ROUND(G39*(1+$I$2),2)) -> 1.73 | I39: =IF($B39="","",ROUND(F39*H39,2)) -> 749.09
C40: 2.2 | D40: Pavimentação | H40: =IF(G40="","",ROUND(G40*(1+$I$2),2)) | I40: =SUBTOTAL(9,I41:I45) -> 1178482.5
A41: 3 | B41: CDHU | C41: 54.01.400 | D41: =IF($B41="","",VLOOKUP($C41,'CDHU 191'!$A$10:$AT$4489,3,0)) -> Abertura de caixa até 25 cm, inclui escavação, compactação, transporte e preparo do sub-leito | E41: =IF($B41="","",VLOOKUP($C41,'CDHU 191'!$A$10:$AT$4489,4,0)) -> M2 | F41: =2975.21+3488.94+285.97 -> 6750.12 | G41: =IF($B41="","",VLOOKUP($C41,'CDHU 191'!$A$10:$AT$4489,7,0)) -> 24.46 | H41: =IF(G41="","",ROUND(G41*(1+$I$2),2)) -> 30.58 | I41: =IF($B41="","",ROUND(F41*H41,2)) -> 206418.67 | J41: 2975,21 + 3488,94 + 285,97
A42: 4 | B42: CDHU | C42: 54.01.210 | D42: =IF($B42="","",VLOOKUP($C42,'CDHU 191'!$A$10:$AT$4489,3,0)) -> Base de brita graduada | E42: =IF($B42="","",VLOOKUP($C42,'CDHU 191'!$A$10:$AT$4489,4,0)) -> M3 | F42: =F41*0.2 -> 1350.024 | G42: =IF($B42="","",VLOOKUP($C42,'CDHU 191'!$A$10:$AT$4489,7,0)) -> 246.44 | H42: =IF(G42="","",ROUND(G42*(1+$I$2),2)) -> 308.05 | I42: =IF($B42="","",ROUND(F42*H42,2)) -> 415874.89 | J42: ( 2975,21 + 3488,94 + 285,97 ) * 0,20
A43: 5 | B43: CDHU | C43: 54.03.230 | D43: =IF($B43="","",VLOOKUP($C43,'CDHU 191'!$A$10:$AT$4489,3,0)) -> Imprimação betuminosa ligante | E43: =IF($B43="","",VLOOKUP($C43,'CDHU 191'!$A$10:$AT$4489,4,0)) -> M2 | F43: =F41 -> 6750.12 | G43: =IF($B43="","",VLOOKUP($C43,'CDHU 191'!$A$10:$AT$4489,7,0)) -> 7.1 | H43: =IF(G43="","",ROUND(G43*(1+$I$2),2)) -> 8.88 | I43: =IF($B43="","",ROUND(F43*H43,2)) -> 59941.07 | J43: ( 2975,21 + 3488,94 + 285,97 )
A44: 6 | B44: CDHU | C44: 54.03.240 | D44: =IF($B44="","",VLOOKUP($C44,'CDHU 191'!$A$10:$AT$4489,3,0)) -> Imprimação betuminosa impermeabilizante | E44: =IF($B44="","",VLOOKUP($C44,'CDHU 191'!$A$10:$AT$4489,4,0)) -> M2 | F44: =F43 -> 6750.12 | G44: =IF($B44="","",VLOOKUP($C44,'CDHU 191'!$A$10:$AT$4489,7,0)) -> 13.76 | H44: =IF(G44="","",ROUND(G44*(1+$I$2),2)) -> 17.2 | I44: =IF($B44="","",ROUND(F44*H44,2)) -> 116102.06 | J44: ( 2975,21 + 3488,94 + 285,97 )
A45: 7 | B45: CDHU | C45: 54.03.210 | D45: =IF($B45="","",VLOOKUP($C45,'CDHU 191'!$A$10:$AT$4489,3,0)) -> Camada de rolamento em concreto betuminoso usinado quente - CBUQ | E45: =IF($B45="","",VLOOKUP($C45,'CDHU 191'!$A$10:$AT$4489,4,0)) -> M3 | F45: =F44*0.03 -> 202.5036 | G45: =IF($B45="","",VLOOKUP($C45,'CDHU 191'!$A$10:$AT$4489,7,0)) -> 1501.78 | H45: =IF(G45="","",ROUND(G45*(1+$I$2),2)) -> 1877.23 | I45: =IF($B45="","",ROUND(F45*H45,2)) -> 380145.83 | J45: ( 2975,21 + 3488,94 + 285,97 ) * 0,03
C46: 2.3 | D46: DRENAGEM SUPERFICIAL | I46: =SUBTOTAL(9,I47:I48) -> 77189.73
A47: 1 | B47: CDHU | C47: 54.06.040 | D47: =IF($B47="","",VLOOKUP($C47,'CDHU 191'!$A$10:$AT$4489,3,0)) -> Guia pré-moldada reta tipo PMSP 100 - fck 25 MPa | E47: =IF($B47="","",VLOOKUP($C47,'CDHU 191'!$A$10:$AT$4489,4,0)) -> M | F47: =8.86+15.07+15.3+288.23+173.73+39.12+5.91+18.52+7.25+21.55+27.69+15.24+20.59+33 -> 690.06 | G47: =IF($B47="","",VLOOKUP($C47,'CDHU 191'!$A$10:$AT$4489,7,0)) -> 53.98 | H47: =IF(G47="","",ROUND(G47*(1+$I$2),2)) -> 67.48 | I47: =IF($B47="","",ROUND(F47*H47,2)) -> 46565.25 | J47: 8,86 + 15,07+15,30+288,23+173,73+39,12+5,91+18,52+7,25 + 21,55 + 27,69 +15,24 +20,59 +33
A48: 2 | B48: CDHU | C48: 54.06.160 | D48: =IF($B48="","",VLOOKUP($C48,'CDHU 191'!$A$10:$AT$4489,3,0)) -> Sarjeta ou sarjetão moldado no local, tipo PMSP em concreto com fck 20 MPa | E48: =IF($B48="","",VLOOKUP($C48,'CDHU 191'!$A$10:$AT$4489,4,0)) -> M3 | F48: =(8.86+15.07+15.3+288.23+173.73+39.12+5.91+18.52+7.25+21.55+27.69+15.24+20.59+33)*0.3*0.15 -> 31.0527 | G48: =IF($B48="","",VLOOKUP($C48,'CDHU 191'!$A$10:$AT$4489,7,0)) -> 788.97 | H48: =IF(G48="","",ROUND(G48*(1+$I$2),2)) -> 986.21 | I48: =IF($B48="","",ROUND(F48*H48,2)) -> 30624.48 | J48: (8,86 + 15,07+15,30+288,23+173,73+39,12+5,91+18,52+7,25 + 21,55 + 27,69 +15,24 +20,59 +33)* 0,30 * 0,15
C49: 2.4 | D49: DRENAGEM | H49: =IF(G49="","",ROUND(G49*(1+$I$2),2)) | I49: =SUBTOTAL(9,I50:I60) -> 331014.78
A50: 1 | B50: CDHU | C50: 07.02.020 | D50: =IF($B50="","",VLOOKUP($C50,'CDHU 191'!$A$10:$AT$4489,3,0)) -> Escavação mecanizada de valas ou cavas com profundidade de até 2 m | E50: =IF($B50="","",VLOOKUP($C50,'CDHU 191'!$A$10:$AT$4489,4,0)) -> M3 | F50: =87*0.8+433*1.8 -> 849 | G50: =IF($B50="","",VLOOKUP($C50,'CDHU 191'!$A$10:$AT$4489,7,0)) -> 11.01 | H50: =IF(G50="","",ROUND(G50*(1+$I$2),2)) -> 13.76 | I50: =IF($B50="","",ROUND(F50*H50,2)) -> 11682.24 | J50: TUBO #40 87*0,80 TUBO #60 433 *1,80
A51: 2 | B51: CDHU | C51: 07.11.020 | D51: =IF($B51="","",VLOOKUP($C51,'CDHU 191'!$A$10:$AU$4489,3,0)) -> Reaterro compactado mecanizado de vala ou cava com compactador | E51: =IF($B51="","",VLOOKUP($C51,'CDHU 191'!$A$10:$AT$4489,4,0)) -> M3 | F51: =87*0.2+433*0.43 -> 203.59 | G51: =IF($B51="","",VLOOKUP($C51,'CDHU 191'!$A$10:$AT$4489,7,0)) -> 6.32 | H51: =IF(G51="","",ROUND(G51*(1+$I$2),2)) -> 7.9 | I51: =IF($B51="","",ROUND(F51*H51,2)) -> 1608.36 | J51: TUBO #40 87*0,20 TUBO #60 433 * 0,43
A52: 3 | B52: CDHU | C52: 07.10.020 | D52: =IF($B52="","",VLOOKUP($C52,'CDHU 191'!$A$10:$AT$4489,3,0)) -> Espalhamento de solo em bota-fora com compactação sem controle | E52: =IF($B52="","",VLOOKUP($C52,'CDHU 191'!$A$10:$AT$4489,4,0)) -> M3 | F52: =F50-F51 -> 645.41 | G52: =IF($B52="","",VLOOKUP($C52,'CDHU 191'!$A$10:$AT$4489,7,0)) -> 6.85 | H52: =IF(G52="","",ROUND(G52*(1+$I$2),2)) -> 8.56 | I52: =IF($B52="","",ROUND(F52*H52,2)) -> 5524.71 | J52: DIFERENÇA ENTRE ESCAVAÇÃO E REATERRO
A53: 4 | B53: CDHU | C53: 11.18.040 | D53: =IF($B53="","",VLOOKUP($C53,'CDHU 191'!$A$10:$AT$4489,3,0)) -> Lastro de pedra britada | E53: =IF($B53="","",VLOOKUP($C53,'CDHU 191'!$A$10:$AT$4489,4,0)) -> M3 | F53: =433*0.24 -> 103.92 | G53: =IF($B53="","",VLOOKUP($C53,'CDHU 191'!$A$10:$AT$4489,7,0)) -> 183.8 | H53: =IF(G53="","",ROUND(G53*(1+$I$2),2)) -> 229.75 | I53: =IF($B53="","",ROUND(F53*H53,2)) -> 23875.62 | J53: TUBO # 60 433 *0,24
A54: 5 | B54: CDHU | C54: 46.12.260 | D54: =IF($B54="","",VLOOKUP($C54,'CDHU 191'!$A$10:$AT$4489,3,0)) -> Tubo de concreto (PA-1), DN= 400mm | E54: =IF($B54="","",VLOOKUP($C54,'CDHU 191'!$A$10:$AT$4489,4,0)) -> M | F54: =9+(6*7)+(6*6) -> 87 | G54: =IF($B54="","",VLOOKUP($C54,'CDHU 191'!$A$10:$AT$4489,7,0)) -> 148.65 | H54: =IF(G54="","",ROUND(G54*(1+$I$2),2)) -> 185.81 | I54: =IF($B54="","",ROUND(F54*H54,2)) -> 16165.47 | J54: 9 + (6 * 7) + ( 6 * 6 )
A55: 6 | B55: CDHU | C55: 46.12.150 | D55: =IF($B55="","",VLOOKUP($C55,'CDHU 191'!$A$10:$AT$4489,3,0)) -> Tubo de concreto (PA-2), DN= 600mm | E55: =IF($B55="","",VLOOKUP($C55,'CDHU 191'!$A$10:$AT$4489,4,0)) -> M | F55: =50+50+57+22+55+68+55+48+28 -> 433 | G55: =IF($B55="","",VLOOKUP($C55,'CDHU 191'!$A$10:$AT$4489,7,0)) -> 227.67 | H55: =IF(G55="","",ROUND(G55*(1+$I$2),2)) -> 284.59 | I55: =IF($B55="","",ROUND(F55*H55,2)) -> 123227.47 | J55: 50+50+57+22+55+68+55+48+28
A56: 7 | B56: CDHU | C56: 49.12.010 | D56: =IF($B56="","",VLOOKUP($C56,'CDHU 191'!$A$10:$AT$4489,3,0)) -> Boca de lobo simples tipo PMSP com tampa de concreto | E56: =IF($B56="","",VLOOKUP($C56,'CDHU 191'!$A$10:$AT$4489,4,0)) -> UN | F56: 14 | G56: =IF($B56="","",VLOOKUP($C56,'CDHU 191'!$A$10:$AT$4489,7,0)) -> 3275.26 | H56: =IF(G56="","",ROUND(G56*(1+$I$2),2)) -> 4094.08 | I56: =IF($B56="","",ROUND(F56*H56,2)) -> 57317.12 | J56: 14
A57: 8 | B57: CDHU | C57: 49.12.110 | D57: =IF($B57="","",VLOOKUP($C57,'CDHU 191'!$A$10:$AT$4489,3,0)) -> Poço de visita de 1,60 x 1,60 x 1,60 m - tipo PMSP | E57: =IF($B57="","",VLOOKUP($C57,'CDHU 191'!$A$10:$AT$4489,4,0)) -> UN | F57: 10 | G57: =IF($B57="","",VLOOKUP($C57,'CDHU 191'!$A$10:$AT$4489,7,0)) -> 6119.93 | H57: =IF(G57="","",ROUND(G57*(1+$I$2),2)) -> 7649.91 | I57: =IF($B57="","",ROUND(F57*H57,2)) -> 76499.1 | J57: 10
A58: 9 | B58: CDHU | C58: 49.12.120 | D58: =IF($B58="","",VLOOKUP($C58,'CDHU 191'!$A$10:$AT$4489,3,0)) -> Chaminé para poço de visita tipo PMSP em alvenaria, diâmetro interno 70 cm - pescoço | E58: =IF($B58="","",VLOOKUP($C58,'CDHU 191'!$A$10:$AT$4489,4,0)) -> M | F58: 10 | G58: =IF($B58="","",VLOOKUP($C58,'CDHU 191'!$A$10:$AT$4489,7,0)) -> 617.22 | H58: =IF(G58="","",ROUND(G58*(1+$I$2),2)) -> 771.53 | I58: =IF($B58="","",ROUND(F58*H58,2)) -> 7715.3 | J58: 4
A59: 10 | B59: CDHU | C59: 49.06.400 | D59: =IF($B59="","",VLOOKUP($C59,'CDHU 191'!$A$10:$AT$4489,3,0)) -> Tampão em ferro fundido, diâmetro de 600 mm, classe B 125 (ruptura > 125 kN) | E59: =IF($B59="","",VLOOKUP($C59,'CDHU 191'!$A$10:$AT$4489,4,0)) -> UN | F59: 10 | G59: =IF($B59="","",VLOOKUP($C59,'CDHU 191'!$A$10:$AT$4489,7,0)) -> 452.85 | H59: =IF(G59="","",ROUND(G59*(1+$I$2),2)) -> 566.06 | I59: =IF($B59="","",ROUND(F59*H59,2)) -> 5660.6 | J59: 4
A60: 11 | B60: CDHU | C60: COMP 03 | D60: Muro ALA, Base do Muro ALA ((1,38 m + 2,98 m) X 1,80 m comprimento), Altura chegada tubo (1,20 m) | E60: UN | F60: 1 | G60: 1391.03 | H60: =IF(G60="","",ROUND(G60*(1+$I$2),2)) -> 1738.79 | I60: =IF($B60="","",ROUND(F60*H60,2)) -> 1738.79 | J60: 1
C61: 2.5 | D61: Elaboração de "As Built" | I61: =SUBTOTAL(9,I62:I62) -> 1417.53
A62: 1 | B62: CDHU | C62: 01.20.280 | D62: =IF($B62="","",VLOOKUP($C62,'CDHU 191'!$A$10:$AT$4489,3,0)) -> Levantamento planimétrico de área pavimentada para veículo e pedestre | E62: =IF($B62="","",VLOOKUP($C62,'CDHU 191'!$A$10:$AT$4489,4,0)) -> M2 | F62: =F41 -> 6750.12 | G62: =IF($B62="","",VLOOKUP($C62,'CDHU 191'!$A$10:$AT$4489,7,0)) -> 0.17 | H62: =IF(G62="","",ROUND(G62*(1+$I$2),2)) -> 0.21 | I62: =IF($B62="","",ROUND(F62*H62,2)) -> 1417.53 | J62: extraidos do cad figs (3, 1 e 2) 2975,21 + 3488,94 + 285,97
C64: 3 | D64: Rua André Brambilla Vaccari -Recanto HAYDEE | H64: =IF(G64="","",ROUND(G64*(1+$I$2),2)) | I64: =SUBTOTAL(9,I65:I94) -> 1493704
C65: 3.1 | D65: SERVIÇOS PRELIMINARES | H65: =IF(G65="","",ROUND(G65*(1+$I$2),2)) | I65: =SUBTOTAL(9,I66:I68) -> 13586.99
A66: 1 | B66: CDHU | C66: 02.08.040 | D66: =IF($B66="","",VLOOKUP($C66,'CDHU 191'!$A$10:$AT$4489,3,0)) -> Placa em lona com impressão digital e requadro em metalon | E66: =IF($B66="","",VLOOKUP($C66,'CDHU 191'!$A$10:$AT$4489,4,0)) -> M2 | F66: 6 | G66: =IF($B66="","",VLOOKUP($C66,'CDHU 191'!$A$10:$AT$4489,7,0)) -> 314.42 | H66: =IF(G66="","",ROUND(G66*(1+$I$2),2)) -> 393.03 | I66: =IF($B66="","",ROUND(F66*H66,2)) -> 2358.18 | J66: altura 2 m x compr. 3 m
A67: 2 | B67: CDHU | C67: 02.10.060 | D67: =IF($B67="","",VLOOKUP($C67,'CDHU 191'!$A$10:$AT$4489,3,0)) -> Locação de vias, calçadas, tanques e lagoas | E67: =IF($B67="","",VLOOKUP($C67,'CDHU 191'!$A$10:$AT$4489,4,0)) -> M2 | F67: 4815.55 | G67: =IF($B67="","",VLOOKUP($C67,'CDHU 191'!$A$10:$AT$4489,7,0)) -> 1.72 | H67: =IF(G67="","",ROUND(G67*(1+$I$2),2)) -> 2.15 | I67: =IF($B67="","",ROUND(F67*H67,2)) -> 10353.43 | J67: extraido do cad (fig 1) 4815,55
A68: 3 | B68: CDHU | C68: 02.10.040 | D68: =IF($B68="","",VLOOKUP($C68,'CDHU 191'!$A$10:$AT$4489,3,0)) -> Locação de rede de canalização | E68: =IF($B68="","",VLOOKUP($C68,'CDHU 191'!$A$10:$AT$4489,4,0)) -> M | F68: =F84+F85 -> 506 | G68: =IF($B68="","",VLOOKUP($C68,'CDHU 191'!$A$10:$AT$4489,7,0)) -> 1.38 | H68: =IF(G68="","",ROUND(G68*(1+$I$2),2)) -> 1.73 | I68: =IF($B68="","",ROUND(F68*H68,2)) -> 875.38
C69: 3.2 | D69: Pavimentação | H69: =IF(G69="","",ROUND(G69*(1+$I$2),2)) | I69: =SUBTOTAL(9,I70:I74) -> 869618.01
A70: 1 | B70: CDHU | C70: 54.01.400 | D70: =IF($B70="","",VLOOKUP($C70,'CDHU 191'!$A$10:$AT$4489,3,0)) -> Abertura de caixa até 25 cm, inclui escavação, compactação, transporte e preparo do sub-leito | E70: =IF($B70="","",VLOOKUP($C70,'CDHU 191'!$A$10:$AT$4489,4,0)) -> M2 | F70: 4815.55 | G70: =IF($B70="","",VLOOKUP($C70,'CDHU 191'!$A$10:$AT$4489,7,0)) -> 24.46 | H70: =IF(G70="","",ROUND(G70*(1+$I$2),2)) -> 30.58 | I70: =IF($B70="","",ROUND(F70*H70,2)) -> 147259.52 | J70: extraido do cad (fig 1) 4815,55
A71: 2 | B71: CDHU | C71: 54.01.210 | D71: =IF($B71="","",VLOOKUP($C71,'CDHU 191'!$A$10:$AT$4489,3,0)) -> Base de brita graduada | E71: =IF($B71="","",VLOOKUP($C71,'CDHU 191'!$A$10:$AT$4489,4,0)) -> M3 | F71: =4815.55*0.2 -> 963.11 | G71: =IF($B71="","",VLOOKUP($C71,'CDHU 191'!$A$10:$AT$4489,7,0)) -> 246.44 | H71: =IF(G71="","",ROUND(G71*(1+$I$2),2)) -> 308.05 | I71: =IF($B71="","",ROUND(F71*H71,2)) -> 296686.04 | J71: 4815,55 X 0,20
A72: 3 | B72: CDHU | C72: 54.03.230 | D72: =IF($B72="","",VLOOKUP($C72,'CDHU 191'!$A$10:$AT$4489,3,0)) -> Imprimação betuminosa ligante | E72: =IF($B72="","",VLOOKUP($C72,'CDHU 191'!$A$10:$AT$4489,4,0)) -> M2 | F72: 4490.57 | G72: =IF($B72="","",VLOOKUP($C72,'CDHU 191'!$A$10:$AT$4489,7,0)) -> 7.1 | H72: =IF(G73="","",ROUND(G73*(1+$I$2),2)) -> 17.2 | I72: =IF($B72="","",ROUND(F72*H72,2)) -> 77237.8 | J72: extraido do cad (fig 1) 4490,57
A73: 4 | B73: CDHU | C73: 54.03.240 | D73: =IF($B73="","",VLOOKUP($C73,'CDHU 191'!$A$10:$AT$4489,3,0)) -> Imprimação betuminosa impermeabilizante | E73: =IF($B73="","",VLOOKUP($C73,'CDHU 191'!$A$10:$AT$4489,4,0)) -> M2 | F73: =F72 -> 4490.57 | G73: =IF($B73="","",VLOOKUP($C73,'CDHU 191'!$A$10:$AT$4489,7,0)) -> 13.76 | H73: =IF(G73="","",ROUND(G73*(1+$I$2),2)) -> 17.2 | I73: =IF($B73="","",ROUND(F73*H73,2)) -> 77237.8 | J73: extraido do cad (fig 1) 4490,57
A74: 5 | B74: CDHU | C74: 54.03.210 | D74: =IF($B74="","",VLOOKUP($C74,'CDHU 191'!$A$10:$AT$4489,3,0)) -> Camada de rolamento em concreto betuminoso usinado quente - CBUQ | E74: =IF($B74="","",VLOOKUP($C74,'CDHU 191'!$A$10:$AT$4489,4,0)) -> M3 | F74: =F70*0.03 -> 144.4665 | G74: =IF($B74="","",VLOOKUP($C74,'CDHU 191'!$A$10:$AT$4489,7,0)) -> 1501.78 | H74: =IF(G74="","",ROUND(G74*(1+$I$2),2)) -> 1877.23 | I74: =IF($B74="","",ROUND(F74*H74,2)) -> 271196.85 | J74: 4490,57 X 0,03
C75: 3.3 | D75: DRENAGEM SUPERFICIAL | I75: =SUBTOTAL(9,I76:I77) -> 117640.35
A76: 1 | B76: CDHU | C76: 54.06.040 | D76: =IF($B76="","",VLOOKUP($C76,'CDHU 191'!$A$10:$AT$4489,3,0)) -> Guia pré-moldada reta tipo PMSP 100 - fck 25 MPa | E76: =IF($B76="","",VLOOKUP($C76,'CDHU 191'!$A$10:$AT$4489,4,0)) -> M | F76: =1084.75-(9.2+8.6+8.6+6.67) -> 1051.68 | G76: =IF($B76="","",VLOOKUP($C76,'CDHU 191'!$A$10:$AT$4489,7,0)) -> 53.98 | H76: =IF(G76="","",ROUND(G76*(1+$I$2),2)) -> 67.48 | I76: =IF($B76="","",ROUND(F76*H76,2)) -> 70967.37 | J76: perimetro (fig 1) 1084,75 - (9,20 + 8,60 + 8,60 + 6,67)
A77: 2 | B77: CDHU | C77: 54.06.160 | D77: =IF($B77="","",VLOOKUP($C77,'CDHU 191'!$A$10:$AT$4489,3,0)) -> Sarjeta ou sarjetão moldado no local, tipo PMSP em concreto com fck 20 MPa | E77: =IF($B77="","",VLOOKUP($C77,'CDHU 191'!$A$10:$AT$4489,4,0)) -> M3 | F77: =(1084.75-(9.2+8.6+8.6+6.67))*0.3*0.15 -> 47.3256 | G77: =IF($B77="","",VLOOKUP($C77,'CDHU 191'!$A$10:$AT$4489,7,0)) -> 788.97 | H77: =IF(G77="","",ROUND(G77*(1+$I$2),2)) -> 986.21 | I77: =IF($B77="","",ROUND(F77*H77,2)) -> 46672.98 | J77: (1084,75 - (9,20 + 8,60 + 8,60 + 6,67)) X 0,30 X 0,15
C78: 3.4 | D78: DRENAGEM | H78: =IF(G78="","",ROUND(G78*(1+$I$2),2)) | I78: =SUBTOTAL(9,I79:I90) -> 491847.35
A79: 1 | B79: CDHU | C79: 07.02.020 | D79: =IF($B79="","",VLOOKUP($C79,'CDHU 191'!$A$10:$AT$4489,3,0)) -> Escavação mecanizada de valas ou cavas com profundidade de até 2 m | E79: =IF($B79="","",VLOOKUP($C79,'CDHU 191'!$A$10:$AT$4489,4,0)) -> M3 | F79: =140*0.8+357*1.8+149*2.55 -> 1134.55 | G79: =IF($B79="","",VLOOKUP($C79,'CDHU 191'!$A$10:$AT$4489,7,0)) -> 11.01 | H79: =IF(G79="","",ROUND(G79*(1+$I$2),2)) -> 13.76 | I79: =IF($B79="","",ROUND(F79*H79,2)) -> 15611.41 | J79: TUBO # 40 140*0,80 TUBO # 60 357 *1,80 TUBO # 80 149 * 2,55
A80: 2 | B80: CDHU | C80: 07.11.020 | D80: =IF($B80="","",VLOOKUP($C80,'CDHU 191'!$A$10:$AT$4489,3,0)) -> Reaterro compactado mecanizado de vala ou cava com compactador | E80: =IF($B80="","",VLOOKUP($C80,'CDHU 191'!$A$10:$AT$4489,4,0)) -> M3 | F80: =140*0.2+357*0.43+149*0.7 -> 285.81 | G80: =IF($B80="","",VLOOKUP($C80,'CDHU 191'!$A$10:$AT$4489,7,0)) -> 6.32 | H80: =IF(G80="","",ROUND(G80*(1+$I$2),2)) -> 7.9 | I80: =IF($B80="","",ROUND(F80*H80,2)) -> 2257.9 | J80: TUBO # 40 140*0,20 TUBO # 60 357 *0,43 TUBO # 80 149 * 0,70
A81: 3 | B81: CDHU | C81: 07.10.020 | D81: =IF($B81="","",VLOOKUP($C81,'CDHU 191'!$A$10:$AT$4489,3,0)) -> Espalhamento de solo em bota-fora com compactação sem controle | E81: =IF($B81="","",VLOOKUP($C81,'CDHU 191'!$A$10:$AT$4489,4,0)) -> M3 | F81: =F79-F80 -> 848.74 | G81: =IF($B81="","",VLOOKUP($C81,'CDHU 191'!$A$10:$AT$4489,7,0)) -> 6.85 | H81: =IF(G81="","",ROUND(G81*(1+$I$2),2)) -> 8.56 | I81: =IF($B81="","",ROUND(F81*H81,2)) -> 7265.21 | J81: difernça entre escavação e reaterro
A82: 4 | B82: CDHU | C82: 11.18.040 | D82: =IF($B82="","",VLOOKUP($C82,'CDHU 191'!$A$10:$AT$4489,3,0)) -> Lastro de pedra britada | E82: =IF($B82="","",VLOOKUP($C82,'CDHU 191'!$A$10:$AT$4489,4,0)) -> M3 | F82: =357*1.2*0.24+149*0.3 -> 147.516 | G82: =IF($B82="","",VLOOKUP($C82,'CDHU 191'!$A$10:$AT$4489,7,0)) -> 183.8 | H82: =IF(G82="","",ROUND(G82*(1+$I$2),2)) -> 229.75 | I82: =IF($B82="","",ROUND(F82*H82,2)) -> 33891.8 | J82: TUBO # 60 357 *0,24 TUBO # 80 149 * 0,30
A83: 5 | B83: CDHU | C83: 46.12.260 | D83: =IF($B83="","",VLOOKUP($C83,'CDHU 191'!$A$10:$AT$4489,3,0)) -> Tubo de concreto (PA-1), DN= 400mm | E83: =IF($B83="","",VLOOKUP($C83,'CDHU 191'!$A$10:$AT$4489,4,0)) -> M | F83: =(6*5)+(22*5) -> 140 | G83: =IF($B83="","",VLOOKUP($C83,'CDHU 191'!$A$10:$AT$4489,7,0)) -> 148.65 | H83: =IF(G83="","",ROUND(G83*(1+$I$2),2)) -> 185.81 | I83: =IF($B83="","",ROUND(F83*H83,2)) -> 26013.4 | J83: (6 * 5) + (22 * 5)
A84: 6 | B84: CDHU | C84: 46.12.150 | D84: =IF($B84="","",VLOOKUP($C84,'CDHU 191'!$A$10:$AT$4489,3,0)) -> Tubo de concreto (PA-2), DN= 600mm | E84: =IF($B84="","",VLOOKUP($C84,'CDHU 191'!$A$10:$AT$4489,4,0)) -> M | F84: =(15+45+45)+(40+40+40+44+32+31+25) -> 357 | G84: =IF($B84="","",VLOOKUP($C84,'CDHU 191'!$A$10:$AT$4489,7,0)) -> 227.67 | H84: =IF(G84="","",ROUND(G84*(1+$I$2),2)) -> 284.59 | I84: =IF($B84="","",ROUND(F84*H84,2)) -> 101598.63 | J84: (15 + 45 + 45 ) + (40 + 40 + 40+ 44+32+31+25 )
A85: 7 | B85: CDHU | C85: 46.12.160 | D85: =IF($B85="","",VLOOKUP($C85,'CDHU 191'!$A$10:$AT$4489,3,0)) -> Tubo de concreto (PA-2), DN= 800mm | E85: =IF($B85="","",VLOOKUP($C85,'CDHU 191'!$A$10:$AT$4489,4,0)) -> M | F85: =21+15+37+23+23+30 -> 149 | G85: =IF($B85="","",VLOOKUP($C85,'CDHU 191'!$A$10:$AT$4489,7,0)) -> 434.82 | H85: =IF(G85="","",ROUND(G85*(1+$I$2),2)) -> 543.53 | I85: =IF($B85="","",ROUND(F85*H85,2)) -> 80985.97 | J85: 21+15+37+23+23+30
A86: 8 | B86: CDHU | C86: 49.12.010 | D86: =IF($B86="","",VLOOKUP($C86,'CDHU 191'!$A$10:$AT$4489,3,0)) -> Boca de lobo simples tipo PMSP com tampa de concreto | E86: =IF($B86="","",VLOOKUP($C86,'CDHU 191'!$A$10:$AT$4489,4,0)) -> UN | F86: 28 | G86: =IF($B86="","",VLOOKUP($C86,'CDHU 191'!$A$10:$AT$4489,7,0)) -> 3275.26 | H86: =IF(G86="","",ROUND(G86*(1+$I$2),2)) -> 4094.08 | I86: =IF($B86="","",ROUND(F86*H86,2)) -> 114634.24 | J86: 28
A87: 9 | B87: CDHU | C87: 49.12.110 | D87: =IF($B87="","",VLOOKUP($C87,'CDHU 191'!$A$10:$AT$4489,3,0)) -> Poço de visita de 1,60 x 1,60 x 1,60 m - tipo PMSP | E87: =IF($B87="","",VLOOKUP($C87,'CDHU 191'!$A$10:$AT$4489,4,0)) -> UN | F87: 12 | G87: =IF($B87="","",VLOOKUP($C87,'CDHU 191'!$A$10:$AT$4489,7,0)) -> 6119.93 | H87: =IF(G87="","",ROUND(G87*(1+$I$2),2)) -> 7649.91 | I87: =IF($B87="","",ROUND(F87*H87,2)) -> 91798.92 | J87: 16
A88: 10 | B88: CDHU | C88: 49.12.120 | D88: =IF($B88="","",VLOOKUP($C88,'CDHU 191'!$A$10:$AT$4489,3,0)) -> Chaminé para poço de visita tipo PMSP em alvenaria, diâmetro interno 70 cm - pescoço | E88: =IF($B88="","",VLOOKUP($C88,'CDHU 191'!$A$10:$AT$4489,4,0)) -> M | F88: 12 | G88: =IF($B88="","",VLOOKUP($C88,'CDHU 191'!$A$10:$AT$4489,7,0)) -> 617.22 | H88: =IF(G88="","",ROUND(G88*(1+$I$2),2)) -> 771.53 | I88: =IF($B88="","",ROUND(F88*H88,2)) -> 9258.36 | J88: 16
A89: 11 | B89: CDHU | C89: 49.06.400 | D89: =IF($B89="","",VLOOKUP($C89,'CDHU 191'!$A$10:$AT$4489,3,0)) -> Tampão em ferro fundido, diâmetro de 600 mm, classe B 125 (ruptura > 125 kN) | E89: =IF($B89="","",VLOOKUP($C89,'CDHU 191'!$A$10:$AT$4489,4,0)) -> UN | F89: 12 | G89: =IF($B89="","",VLOOKUP($C89,'CDHU 191'!$A$10:$AT$4489,7,0)) -> 452.85 | H89: =IF(G89="","",ROUND(G89*(1+$I$2),2)) -> 566.06 | I89: =IF($B89="","",ROUND(F89*H89,2)) -> 6792.72 | J89: 16
A90: 12 | B90: CDHU | C90: COMP 03 | D90: Muro ALA, Base do Muro ALA ((1,38 m + 2,98 m) X 1,80 m comprimento), Altura chegada tubo (1,20 m) | E90: UN | F90: 1 | G90: 1391.03 | H90: =IF(G90="","",ROUND(G90*(1+$I$2),2)) -> 1738.79 | I90: =IF($B90="","",ROUND(F90*H90,2)) -> 1738.79
C92: 3.5 | D92: Elaboração de "As Built" | I92: =SUBTOTAL(9,I93:I93) -> 1011.27
A93: 1 | B93: CDHU | C93: 01.20.280 | D93: =IF($B93="","",VLOOKUP($C93,'CDHU 191'!$A$10:$AT$4489,3,0)) -> Levantamento planimétrico de área pavimentada para veículo e pedestre | E93: =IF($B93="","",VLOOKUP($C93,'CDHU 191'!$A$10:$AT$4489,4,0)) -> M2 | F93: =F70 -> 4815.55 | G93: =IF($B93="","",VLOOKUP($C93,'CDHU 191'!$A$10:$AT$4489,7,0)) -> 0.17 | H93: =IF(G93="","",ROUND(G93*(1+$I$2),2)) -> 0.21 | I93: =IF($B93="","",ROUND(F93*H93,2)) -> 1011.27 | J93: extraido do cad (fig 1) 4815,55
A96: TOTAL | I96: =SUBTOTAL(9,I7:I93) -> 4171061.3
A98: REPASSE CONVÊNIO NOSSA RUA | I98: 2000000
A100: CONTRA PARTIDA | I100: =I96-I98 -> 2171061.3
D103: Amparo, 19 de setembro de 2023
D107: Carlos Eduardo Mazzetto
D108: Eng. Civil SMDU
I113: 2186838.4
I114: =I113-I100 -> 15777.12
I115: =I114/I113 -> 0.0072145797

Sheet Cronograma
C2: CRONOGRAMA FÍSICO - DESEMBOLSO E APLICAÇÃO DOS RECURSOS
A3: GOVERNO DO ESTADO DE SÃO PAULO
A5: SECRETARIA DE DESENVOLVIMENTO REGIONAL | F5: MUNICÍPIO
A6: SUBSECRETARIA DE CONVÊNIOS COM MUNICÍPIOS E ENTIDADES NÃO GOVERNAMENTAIS | F6: Amparo
A8: OBRA: | F8: PRAZO PROPOSTO | J8: DATA BASE:
B9: Infraestrutura Urbana | F9: INÍCIO: 30 dias da data da assinatura do convênio | J9: AGOSTO DE 2022
F10: FINAL: 720 dias a partir da data da assinatura do convênio
A12: ITEM | B12: SERVIÇOS | C12: UNIDADE | D12: 1a. ETAPA | F12: 2a. ETAPA | H12: 3a. ETAPA
D13: PERÍODO: 360 dias | F13: PERÍODO: 360 dias | H13: PERÍODO: 360 dias | J13: TOTAL
D14: PRAZO DE LIBERAÇÃO: em até 30 dias após a emissão da Ordem de Serviço. | E14: PRAZO DE EXECUÇÃO: 210 dias | F14: PRAZO DE LIBERAÇÃO: em até 30 dias após a conclusão da etapa. | G14: PRAZO DE EXECUÇÃO: 210 dias | H14: PRAZO DE LIBERAÇÃO: em até 30 dias após a conclusão da etapa. | I14: PRAZO DE EXECUÇÃO: 210 dias
A15: 1 | B15: Avenida Nossa Senhora do Amparo, n°0 - Chácara Bocaina | C15: m | D15: =ROUND(K15*0.3,2) -> 0 | F15: =ROUND(K15*0.35,2) -> 0 | H15: =K15-D15-F15 -> 0 | J15: =SUM(D15:I15) -> 0
C16: R$ | D16: =ROUND(K16*0.3,2) -> 322306.5 | F16: =ROUND(K16*0.35,2) -> 376024.25 | H16: =K16-D16-F16 -> 376024.26 | J16: 1074355 | K16: 1074355
A17: 2 | B17: Rua Natal Pitarello - Jardim Serra das Estâncias | C17: m | J17: =SUM(D17:I17) -> 0
C18: R$ | D18: =ROUND(K18*0.3,2) -> 486252.08 | F18: =ROUND(K18*0.35,2) -> 567294.09 | H18: =K18-D18-F18 -> 567294.09 | J18: 1620840.3 | K18: 1620840.3
A19: 3 | B19: Rua André Brambilla Vaccari | C19: m | J19: =SUM(D19:I19) -> 0
C20: R$ | D20: =ROUND(K20*0.3,2) -> 447492.94 | F20: =ROUND(K20*0.35,2) -> 522075.1 | H20: =K20-D20-F20 -> 522075.09 | J20: 1491643.1 | K20: 1491643.1
A21: 4 | C21: m | J21: =SUM(D21:I21) -> 0
C22: R$ | J22: =SUM(D22:I22) -> 0
A23: 5 | C23: m | J23: =SUM(D23:I23) -> 0
C24: R$ | J24: =SUM(D24:I24) -> 0
A25: 6 | C25: m | J25: =SUM(D25:I25) -> 0
C26: R$ | J26: =SUM(D26:I26) -> 0
A27: 7 | C27: m | J27: =SUM(D27:I27) -> 0
C28: R$ | J28: =SUM(D28:I28) -> 0
A29: 8 | C29: m | J29: =SUM(D29:I29) -> 0
C30: R$ | J30: =SUM(D30:I30) -> 0
A31: 9 | C31: m | J31: =SUM(D31:I31) -> 0
C32: R$ | J32: =SUM(D32:I32) -> 0
A33: 10 | C33: m | J33: =SUM(D33:I33) -> 0
C34: R$ | J34: =SUM(D34:I34) -> 0
A35: 11 | C35: m | J35: =SUM(D35:I35) -> 0
C36: R$ | J36: =SUM(D36:I36) -> 0
A37: 12 | C37: m | J37: =SUM(D37:I37) -> 0
C38: R$ | J38: =SUM(D38:I38) -> 0
A39: 13 | C39: m | J39: =SUM(D39:I39) -> 0
C40: R$ | J40: =SUM(D40:I40) -> 0
A42: RECURSOS ESTADUAIS | D42: 600000 | F42: 700000 | H42: 700000 | J42: =SUM(D42:I42) -> 2000000
A43: RECURSOS PRÓPRIOS | D43: =D44-D42 -> 656051.52 | F43: =F44-F42 -> 765393.44 | H43: =H44-H42 -> 765393.44 | J43: =SUM(D43:I43) -> 2186838.4
A44: T O T A L | D44: =SUM(D20+D18+D16+D22+D24+D26+D28+D30+D32+D34+D36+D38+D40) -> 1256051.5 | F44: =SUM(F20+F18+F16+F22+F24+F26+F28+F30+F32+F34+F36+F38+F40) -> 1465393.4 | H44: =SUM(H20+H18+H16+H22+H24+H26+H28+H30+H32+H34+H36+H38+H40) -> 1465393.4 | J44: =SUM(J15:J26) -> 4186838.4
B49: Amparo, 18 de novembro de 2022
B52: Carlos Eduardo Mazzetto
B53: Eng. Civil SMDU

Sheet Cronograma FF
A7: CRONOGRAMA FÍSICO FINANCEIRO
A9: Obra: | B9: =Planilha_Orçamentária!A3 -> OBRA: Pavimentação das vias - Avenida Nossa Senhora do Amparo - Rua Natal Pitarello - Rua André Brambilla Vaccari
A11: BOLETIM REFERENCIAL DE CUSTOS - TABELA DE SERVIÇOS - CDHU 191 com desoneração | G11: BDI | H11: =BDI!C22 -> 0.25004486
A12: Vigência: a partir de 01/08/2023 L. S.: 94,77
A14: Item | B14: ETAPAS DA OBRA | C14: VALORES R$ | D14: PERC. | E14: MÊS 1 | G14: MÊS 2 | I14: MÊS 3 | K14: MÊS 4 | M14: MÊS 5 | O14: MÊS 6
A15: 1 | B15: =Planilha_Orçamentária!D7 -> Avenida Nossa Senhora do Amparo, n°0 - Chácara Bocaina | C15: =Planilha_Orçamentária!I7 -> 1071632.7 | D15: =C15/C$21 -> 0.25692088 | E15: =F15*C15 -> 107163.27 | F15: 0.1 | G15: =H15*C15 -> 321489.82 | H15: 0.3 | I15: =J15*C15 -> 214326.54 | J15: 0.2 | K15: =L15*C15 -> 214326.54 | L15: 0.2 | M15: =N15*C15 -> 107163.27 | N15: 0.1 | O15: =P15*C15 -> 107163.27 | P15: 0.1
A17: 2 | B17: =Planilha_Orçamentária!D35 -> Rua Natal Pitarello - Jardim Serra das Estâncias | C17: =Planilha_Orçamentária!I35 -> 1605724.6 | D17: =C17/C$21 -> 0.38496787 | E17: =F17*C17 -> 160572.46 | F17: 0.1 | G17: =H17*C17 -> 481717.38 | H17: 0.3 | I17: =J17*C17 -> 321144.92 | J17: 0.2 | K17: =L17*C17 -> 321144.92 | L17: 0.2 | M17: =N17*C17 -> 160572.46 | N17: 0.1 | O17: =P17*C17 -> 160572.46 | P17: 0.1
A19: 3 | B19: =Planilha_Orçamentária!D64 -> Rua André Brambilla Vaccari -Recanto HAYDEE | C19: =Planilha_Orçamentária!I64 -> 1493704 | D19: =C19/C$21 -> 0.35811125 | E19: =F19*C19 -> 149370.4 | F19: 0.1 | G19: =H19*C19 -> 448111.19 | H19: 0.3 | I19: =J19*C19 -> 298740.79 | J19: 0.2 | K19: =L19*C19 -> 298740.79 | L19: 0.2 | M19: =N19*C19 -> 149370.4 | N19: 0.1 | O19: =P19*C19 -> 149370.4 | P19: 0.1
B21: TOTAL | C21: =SUM(C15:C20) -> 4171061.3 | D21: =SUM(D15:D20) -> 1 | E21: =SUM(E15:E20) -> 417106.13 | F21: =E21/C21 -> 0.1 | G21: =SUM(G15:G20) -> 1251318.4 | H21: =G21/C21 -> 0.3 | I21: =SUM(I15:I20) -> 834212.26 | J21: =I21/$C21 -> 0.2 | K21: =SUM(K15:K20) -> 834212.26 | L21: =K21/$C21 -> 0.2 | M21: =SUM(M15:M20) -> 417106.13 | N21: =M21/$C21 -> 0.1 | O21: =SUM(O15:O20) -> 417106.13 | P21: =O21/$C21 -> 0.1
B22: TOTAL ACUMULADO | E22: =E21 -> 417106.13 | F22: =E22/$C$21 -> 0.1 | G22: =E22+G21 -> 1668424.5 | H22: =G22/$C$21 -> 0.4 | I22: =G22+I21 -> 2502636.8 | J22: =I22/$C$21 -> 0.6 | K22: =I22+K21 -> 3336849 | L22: =K22/$C$21 -> 0.8 | M22: =K22+M21 -> 3753955.2 | N22: =M22/$C$21 -> 0.9 | O22: =M22+O21 -> 4171061.3 | P22: =O22/$C$21 -> 1
B27: ________________________
B28: Carlos Eduardo Mazzetto
B29: Engenheiro Civil - SMDU
B30: CREA 5060363666
E35: =E21+G21 -> 1668424.5 | I35: =I21+K21 -> 1668424.5 | M35: =M21+O21 -> 834212.26
M37: =M35-O37 -> #REF! | O37: =M35*'[1]Planilha convenio 18452'!S142 -> #REF!

Sheet ATERRO
D1: PLANILHA ORÇAMENTÁRIA
E2: Com desoneração | G2: SIM | H2: BDI = | I2: =#N/A -> #N/A | J2: =#REF! -> #REF!
A3: OBRA: Pavimentação das vias - Avenida Nossa Senhora do Amparo - Rua Natal Pitarello - Rua André Brambilla Vaccari - Rua Armandino Seabra - Rua Antônio Miotta
A4: CDHU | C4: BOLETIM DE REFERENCIA DE CUSTOS - TABELA DE SERVIÇOS | E4: Versão 191 | H4: DATA BASE | I4: AGOSTO DE 2022
A5: INDICE | B5: FONTE | C5: CÓDIGO | D5: DESCRIÇÃO | E5: UNID. | F5: QUANT. | G5: VALOR UNIT. | I5: TOTAL
G6: S/ BDI | H6: C/ BDI
A7: 183 | B7: CDHU | C7: 46.12.160 | D7: Tubo de concreto (PA-2), DN= 800mm | E7: M | G7: 363.35 | H7: 458.33 | I7: 0 | J7: =3.14159*0.4^2 -> 0.5026544 | K7: =ROUND(J7*#REF!,2) -> #REF!
A8: 185 | B8: CDHU | C8: 49.12.010 | D8: Boca de lobo simples tipo PMSP com tampa de concreto | E8: UN | G8: 2867.54 | H8: 3617.11 | I8: 0
A9: 189 | B9: CDHU | C9: 49.06.400 | D9: Tampão em ferro fundido, diâmetro de 600 mm, classe B 125 (ruptura > 125 kN) | E9: UN | G9: 436.48 | H9: 550.58 | I9: 0
A10: 190 | B10: CDHU | C10: 07.02.020 | D10: Escavação mecanizada de valas ou cavas com profundidade de até 2 m | E10: M3 | G10: 9.62 | H10: 12.13 | I10: 0
A11: 191 | B11: CDHU | C11: COMP 03 | D11: Muro ALA, Base do Muro ALA ((1,38 m + 2,98 m) X 1,80 m comprimento), Altura chegada tubo (1,20 m) | E11: unid. | G11: 1223.53 | H11: 1543.36 | I11: 0
A12: 192 | B12: CDHU | C12: 08.10.060 | D12: Enrocamento com pedra assentada | E12: M3 | G12: 414.92 | H12: 523.38 | I12: 0
A13: 193 | B13: CDHU | C13: COMP 05 | D13: Lombada - altura 8 cm, conforme projeto | E13: m | G13: 135.65 | H13: 171.11 | I13: 0 | K13: =#REF! -> #REF!
A14: 37 | B14: CDHU | C14: 4612160 | D14: =#N/A -> #N/A | E14: =#N/A -> #N/A | F14: 0 | G14: =#N/A -> #N/A | H14: =IF(G14="","",ROUND(G14*(1+$I$2),2)) -> #N/A | I14: =IF($B14="","",ROUND(F14*H14,2)) -> #N/A | J14: =3.14159*0.4^2 -> 0.5026544 | K14: =ROUND(J14*#REF!,2) -> #REF!
A15: 38 | B15: CDHU | C15: 4912030 | D15: =#N/A -> #N/A | E15: =#N/A -> #N/A | F15: 0 | G15: =#N/A -> #N/A | H15: =IF(G15="","",ROUND(G15*(1+$I$2),2)) -> #N/A | I15: =IF($B15="","",ROUND(F15*H15,2)) -> #N/A | L15: Dois deles serão reforma
A16: 41 | B16: CDHU | C16: 5406160 | D16: =#N/A -> #N/A | E16: =#N/A -> #N/A | F16: 0 | G16: =#N/A -> #N/A | H16: =IF(G16="","",ROUND(G16*(1+$I$2),2)) -> #N/A | I16: =IF($B16="","",ROUND(F16*H16,2)) -> #N/A
A17: 41 | B17: CDHU | C17: 1002020 | D17: =#N/A -> #N/A | E17: =#N/A -> #N/A | F17: 0 | G17: =#N/A -> #N/A | H17: =IF(G17="","",ROUND(G17*(1+$I$2),2)) -> #N/A | I17: =IF($B17="","",ROUND(F17*H17,2)) -> #N/A
A18: 41 | B18: CDHU | C18: 0702020 | D18: =#N/A -> #N/A | E18: =#N/A -> #N/A | F18: 0 | G18: =#N/A -> #N/A | H18: =IF(G18="","",ROUND(G18*(1+$I$2),2)) -> #N/A | I18: =IF($B18="","",ROUND(F18*H18,2)) -> #N/A
A19: 41 | B19: CDHU | C19: 0810060 | D19: =#N/A -> #N/A | E19: =#N/A -> #N/A | F19: 0 | G19: =#N/A -> #N/A | H19: =IF(G19="","",ROUND(G19*(1+$I$2),2)) -> #N/A | I19: =IF($B19="","",ROUND(F19*H19,2)) -> #N/A
A20: 41 | B20: CDHU | C20: COMP 05 | D20: =#N/A -> #N/A | E20: =#N/A -> #N/A | F20: 0 | G20: =#N/A -> #N/A | H20: =IF(G20="","",ROUND(G20*(1+$I$2),2)) -> #N/A | I20: =IF($B20="","",ROUND(F20*H20,2)) -> #N/A
A21: 58 | B21: CDHU | C21: 4612160 | D21: =#N/A -> #N/A | E21: =#N/A -> #N/A | F21: 0 | G21: =#N/A -> #N/A | H21: =IF(G21="","",ROUND(G21*(1+$I$2),2)) -> #N/A | I21: =IF($B21="","",ROUND(F21*H21,2)) -> #N/A | J21: =3.14159*0.4^2 -> 0.5026544 | K21: =ROUND(J21*#REF!,2) -> #REF!
A22: 59 | B22: CDHU | C22: 4912030 | D22: =#N/A -> #N/A | E22: =#N/A -> #N/A | F22: 0 | G22: =#N/A -> #N/A | H22: =IF(G22="","",ROUND(G22*(1+$I$2),2)) -> #N/A | I22: =IF($B22="","",ROUND(F22*H22,2)) -> #N/A
A23: 65 | B23: CDHU | C23: 0702020 | D23: =#N/A -> #N/A | E23: =#N/A -> #N/A | F23: 0 | G23: =#N/A -> #N/A | H23: =IF(G23="","",ROUND(G23*(1+$I$2),2)) -> #N/A | I23: =IF($B23="","",ROUND(F23*H23,2)) -> #N/A
A24: 65 | B24: CDHU | C24: 0810060 | D24: =#N/A -> #N/A | E24: =#N/A -> #N/A | F24: 0 | G24: =#N/A -> #N/A | H24: =IF(G24="","",ROUND(G24*(1+$I$2),2)) -> #N/A | I24: =IF($B24="","",ROUND(F24*H24,2)) -> #N/A
A25: 65 | B25: CDHU | C25: COMP 05 | D25: =#N/A -> #N/A | E25: =#N/A -> #N/A | F25: 0 | G25: =#N/A -> #N/A | H25: =IF(G25="","",ROUND(G25*(1+$I$2),2)) -> #N/A | I25: =IF($B25="","",ROUND(F25*H25,2)) -> #N/A
A26: 91 | B26: CDHU | C26: 5406160 | D26: =#N/A -> #N/A | E26: =#N/A -> #N/A | F26: 0 | G26: =#N/A -> #N/A | H26: =IF(G26="","",ROUND(G26*(1+$I$2),2)) -> #N/A | I26: =IF($B26="","",ROUND(F26*H26,2)) -> #N/A
A27: 91 | B27: CDHU | C27: 1002020 | D27: =#N/A -> #N/A | E27: =#N/A -> #N/A | F27: 0 | G27: =#N/A -> #N/A | H27: =IF(G27="","",ROUND(G27*(1+$I$2),2)) -> #N/A | I27: =IF($B27="","",ROUND(F27*H27,2)) -> #N/A
A28: 115 | B28: CDHU | C28: 4612150 | D28: =#N/A -> #N/A | E28: =#N/A -> #N/A | F28: 0 | G28: =#N/A -> #N/A | H28: =IF(G28="","",ROUND(G28*(1+$I$2),2)) -> #N/A | I28: =IF($B28="","",ROUND(F28*H28,2)) -> #N/A | J28: =3.14159*0.3^2 -> 0.2827431 | K28: =ROUND(J28*#REF!,2) -> #REF!
A29: 115 | B29: CDHU | C29: 4612160 | D29: =#N/A -> #N/A | E29: =#N/A -> #N/A | F29: 0 | G29: =#N/A -> #N/A | H29: =IF(G29="","",ROUND(G29*(1+$I$2),2)) -> #N/A | I29: =IF($B29="","",ROUND(F29*H29,2)) -> #N/A | J29: =3.14159*0.4^2 -> 0.5026544 | K29: =ROUND(J29*F28,2) -> 0
A30: 116 | B30: CDHU | C30: 4912030 | D30: =#N/A -> #N/A | E30: =#N/A -> #N/A | F30: 0 | G30: =#N/A -> #N/A | H30: =IF(G30="","",ROUND(G30*(1+$I$2),2)) -> #N/A | I30: =IF($B30="","",ROUND(F30*H30,2)) -> #N/A
A31: 116 | B31: CDHU | C31: 4912110 | D31: =#N/A -> #N/A | E31: =#N/A -> #N/A | F31: 0 | G31: =#N/A -> #N/A | H31: =IF(G31="","",ROUND(G31*(1+$I$2),2)) -> #N/A | I31: =IF($B31="","",ROUND(F31*H31,2)) -> #N/A
A32: 116 | B32: CDHU | C32: 4912120 | D32: =#N/A -> #N/A | E32: =#N/A -> #N/A | F32: 0 | G32: =#N/A -> #N/A | H32: =IF(G32="","",ROUND(G32*(1+$I$2),2)) -> #N/A | I32: =IF($B32="","",ROUND(F32*H32,2)) -> #N/A
A33: 116 | B33: CDHU | C33: 4906400 | D33: =#N/A -> #N/A | E33: =#N/A -> #N/A | F33: 0 | G33: =#N/A -> #N/A | H33: =IF(G33="","",ROUND(G33*(1+$I$2),2)) -> #N/A | I33: =IF($B33="","",ROUND(F33*H33,2)) -> #N/A
A34: 116 | B34: CDHU | C34: 5406160 | D34: =#N/A -> #N/A | E34: =#N/A -> #N/A | F34: 0 | G34: =#N/A -> #N/A | H34: =IF(G34="","",ROUND(G34*(1+$I$2),2)) -> #N/A | I34: =IF($B34="","",ROUND(F34*H34,2)) -> #N/A
A35: 116 | B35: CDHU | C35: 1002020 | D35: =#N/A -> #N/A | E35: =#N/A -> #N/A | F35: 0 | G35: =#N/A -> #N/A | H35: =IF(G35="","",ROUND(G35*(1+$I$2),2)) -> #N/A | I35: =IF($B35="","",ROUND(F35*H35,2)) -> #N/A
A36: 116 | B36: CDHU | C36: 0702020 | D36: =#N/A -> #N/A | E36: =#N/A -> #N/A | F36: 0 | G36: =#N/A -> #N/A | H36: =IF(G36="","",ROUND(G36*(1+$I$2),2)) -> #N/A | I36: =IF($B36="","",ROUND(F36*H36,2)) -> #N/A
A37: 120 | B37: CDHU | C37: COMP 02 | D37: =#N/A -> #N/A | E37: =#N/A -> #N/A | F37: 0 | G37: =#N/A -> #N/A | H37: =IF(G37="","",ROUND(G37*(1+$I$2),2)) -> #N/A | I37: =IF($B37="","",ROUND(F37*H37,2)) -> #N/A
A38: 135 | B38: CDHU | C38: 4612160 | D38: =#N/A -> #N/A | E38: =#N/A -> #N/A | F38: 0 | G38: =#N/A -> #N/A | H38: =IF(G38="","",ROUND(G38*(1+$I$2),2)) -> #N/A | I38: =IF($B38="","",ROUND(F38*H38,2)) -> #N/A | J38: =3.14159*0.4^2 -> 0.5026544 | K38: =ROUND(J38*#REF!,2) -> #REF!
A39: 140 | B39: CDHU | C39: 5406160 | D39: =#N/A -> #N/A | E39: =#N/A -> #N/A | F39: 0 | G39: =#N/A -> #N/A | H39: =IF(G39="","",ROUND(G39*(1+$I$2),2)) -> #N/A | I39: =IF($B39="","",ROUND(F39*H39,2)) -> #N/A
A40: 140 | B40: CDHU | C40: 1002020 | D40: =#N/A -> #N/A | E40: =#N/A -> #N/A | F40: 0 | G40: =#N/A -> #N/A | H40: =IF(G40="","",ROUND(G40*(1+$I$2),2)) -> #N/A | I40: =IF($B40="","",ROUND(F40*H40,2)) -> #N/A
A41: 140 | B41: CDHU | C41: 0702020 | D41: =#N/A -> #N/A | E41: =#N/A -> #N/A | F41: 0 | G41: =#N/A -> #N/A | H41: =IF(G41="","",ROUND(G41*(1+$I$2),2)) -> #N/A | I41: =IF($B41="","",ROUND(F41*H41,2)) -> #N/A
A42: 144 | B42: CDHU | C42: COMP 02 | D42: =#N/A -> #N/A | E42: =#N/A -> #N/A | F42: 0 | G42: =#N/A -> #N/A | H42: =IF(G42="","",ROUND(G42*(1+$I$2),2)) -> #N/A | I42: =IF($B42="","",ROUND(F42*H42,2)) -> #N/A
A43: 158 | B43: CDHU | C43: 4612150 | D43: =#N/A -> #N/A | E43: =#N/A -> #N/A | F43: 0 | G43: =#N/A -> #N/A | H43: =IF(G43="","",ROUND(G43*(1+$I$2),2)) -> #N/A | I43: =IF($B43="","",ROUND(F43*H43,2)) -> #N/A | J43: =3.14159*0.3^2 -> 0.2827431 | K43: =ROUND(J43*#REF!,2) -> #REF!
A44: 158 | B44: CDHU | C44: 4612160 | D44: =#N/A -> #N/A | E44: =#N/A -> #N/A | F44: 0 | G44: =#N/A -> #N/A | H44: =IF(G44="","",ROUND(G44*(1+$I$2),2)) -> #N/A | I44: =IF($B44="","",ROUND(F44*H44,2)) -> #N/A | J44: =3.14159*0.4^2 -> 0.5026544 | K44: =ROUND(J44*F43,2) -> 0
A45: 159 | B45: CDHU | C45: 4912030 | D45: =#N/A -> #N/A | E45: =#N/A -> #N/A | F45: 0 | G45: =#N/A -> #N/A | H45: =IF(G45="","",ROUND(G45*(1+$I$2),2)) -> #N/A | I45: =IF($B45="","",ROUND(F45*H45,2)) -> #N/A
A46: 159 | B46: CDHU | C46: 4912110 | D46: =#N/A -> #N/A | E46: =#N/A -> #N/A | F46: 0 | G46: =#N/A -> #N/A | H46: =IF(G46="","",ROUND(G46*(1+$I$2),2)) -> #N/A | I46: =IF($B46="","",ROUND(F46*H46,2)) -> #N/A
A47: 159 | B47: CDHU | C47: 4912120 | D47: =#N/A -> #N/A | E47: =#N/A -> #N/A | F47: 0 | G47: =#N/A -> #N/A | H47: =IF(G47="","",ROUND(G47*(1+$I$2),2)) -> #N/A | I47: =IF($B47="","",ROUND(F47*H47,2)) -> #N/A
A48: 159 | B48: CDHU | C48: 4906400 | D48: =#N/A -> #N/A | E48: =#N/A -> #N/A | F48: 0 | G48: =#N/A -> #N/A | H48: =IF(G48="","",ROUND(G48*(1+$I$2),2)) -> #N/A | I48: =IF($B48="","",ROUND(F48*H48,2)) -> #N/A
A49: 166 | B49: CDHU | C49: COMP 02 | D49: =#N/A -> #N/A | E49: =#N/A -> #N/A | F49: 0 | G49: =#N/A -> #N/A | H49: =IF(G49="","",ROUND(G49*(1+$I$2),2)) -> #N/A | I49: =IF($B49="","",ROUND(F49*H49,2)) -> #N/A
C50: 1 | D50: Avenida Nossa Senhora do Amparo, n°0 - Chácara Bocaina | H50: =IF(G50="","",ROUND(G50*(1+$I$2),2)) | I50: =SUBTOTAL(9,I51:I71) -> #N/A
A51: 189 | B51: CDHU | C51: 5406160 | D51: =#N/A -> #N/A | E51: =#N/A -> #N/A | F51: 0 | G51: =#N/A -> #N/A | H51: =IF(G51="","",ROUND(G51*(1+$I$2),2)) -> #N/A | I51: =IF($B51="","",ROUND(F51*H51,2)) -> #N/A
A52: 189 | B52: CDHU | C52: 1002020 | D52: =#N/A -> #N/A | E52: =#N/A -> #N/A | F52: 0 | G52: =#N/A -> #N/A | H52: =IF(G52="","",ROUND(G52*(1+$I$2),2)) -> #N/A | I52: =IF($B52="","",ROUND(F52*H52,2)) -> #N/A
A53: 197 | B53: CDHU | C53: 0307050 | D53: Fresagem de pavimento asfáltico com espessura até 5 cm, inclusive carregamento, transporte até 1 quilômetro e descarregamento (Ligação CBUQ pavimento velho com novo) | E53: =#N/A -> #N/A | F53: 0 | G53: =#N/A -> #N/A | H53: =IF(G53="","",ROUND(G53*(1+$I$2),2)) -> #N/A | I53: =IF($B53="","",ROUND(F53*H53,2)) -> #N/A
A54: 204 | B54: CDHU | C54: COMP 02 | D54: =#N/A -> #N/A | E54: =#N/A -> #N/A | F54: 0 | G54: =#N/A -> #N/A | H54: =IF(G54="","",ROUND(G54*(1+$I$2),2)) -> #N/A | I54: =IF($B54="","",ROUND(F54*H54,2)) -> #N/A
A55: 206 | B55: CDHU | C55: 0307050 | D55: =#N/A -> #N/A | E55: =#N/A -> #N/A | F55: 0 | G55: =#N/A -> #N/A | H55: =IF(G55="","",ROUND(G55*(1+$I$2),2)) -> #N/A | I55: =IF($B55="","",ROUND(F55*H55,2)) -> #N/A
A56: 212 | B56: CDHU | C56: 0702020 | D56: =#N/A -> #N/A | E56: =#N/A -> #N/A | F56: =ROUND(SUM(F60*(0.4+1.2)*1.2,F61*(0.6+1.2)*1.6,F62*(0.8+1.2)*1.8),2) -> 0 | G56: =#N/A -> #N/A | H56: =IF(G56="","",ROUND(G56*(1+$I$2),2)) -> #N/A | I56: =IF($B56="","",ROUND(F56*H56,2)) -> #N/A
A57: 212 | B57: CDHU | C57: 0711020 | D57: =#N/A -> #N/A | E57: =#N/A -> #N/A | F57: =ROUND(F56-SUM(K61:K63),2) -> 0 | G57: =#N/A -> #N/A | H57: =IF(G57="","",ROUND(G57*(1+$I$2),2)) -> #N/A | I57: =IF($B57="","",ROUND(F57*H57,2)) -> #N/A
A58: 212 | B58: CDHU | C58: 0710020 | D58: =#N/A -> #N/A | E58: =#N/A -> #N/A | F58: =F56-F57 -> 0 | G58: =#N/A -> #N/A | H58: =IF(G58="","",ROUND(G58*(1+$I$2),2)) -> #N/A | I58: =IF($B58="","",ROUND(F58*H58,2)) -> #N/A
A59: 212 | B59: CDHU | C59: 1118040 | D59: =#N/A -> #N/A | E59: =#N/A -> #N/A | F59: =ROUND(F60*0.4*0.1+F61*0.6*0.1+F62*0.8*0.1,2) -> 0 | G59: =#N/A -> #N/A | H59: =IF(G59="","",ROUND(G59*(1+$I$2),2)) -> #N/A | I59: =IF($B59="","",ROUND(F59*H59,2)) -> #N/A
A60: 212 | B60: CDHU | C60: 4612260 | D60: =#N/A -> #N/A | E60: =#N/A -> #N/A | F60: 0 | G60: =#N/A -> #N/A | H60: =IF(G60="","",ROUND(G60*(1+$I$2),2)) -> #N/A | I60: =IF($B60="","",ROUND(F60*H60,2)) -> #N/A
A61: 212 | B61: CDHU | C61: 4612150 | D61: =#N/A -> #N/A | E61: =#N/A -> #N/A | F61: 0 | G61: =#N/A -> #N/A | H61: =IF(G61="","",ROUND(G61*(1+$I$2),2)) -> #N/A | I61: =IF($B61="","",ROUND(F61*H61,2)) -> #N/A | J61: =3.14159*0.3^2 -> 0.2827431 | K61: =ROUND(J61*F60,2) -> 0
A62: 212 | B62: CDHU | C62: 4612160 | D62: =#N/A -> #N/A | E62: =#N/A -> #N/A | F62: 0 | G62: =#N/A -> #N/A | H62: =IF(G62="","",ROUND(G62*(1+$I$2),2)) -> #N/A | I62: =IF($B62="","",ROUND(F62*H62,2)) -> #N/A | J62: =3.14159*0.4^2 -> 0.5026544 | K62: =ROUND(J62*F61,2) -> 0
A63: 212 | B63: CDHU | C63: 4912010 | D63: =#N/A -> #N/A | E63: =#N/A -> #N/A | F63: 0 | G63: =#N/A -> #N/A | H63: =IF(G63="","",ROUND(G63*(1+$I$2),2)) -> #N/A | I63: =IF($B63="","",ROUND(F63*H63,2)) -> #N/A | J63: =3.14159*0.5^2 -> 0.7853975 | K63: =ROUND(J63*F62,2) -> 0
A64: 212 | B64: CDHU | C64: 4912030 | D64: =#N/A -> #N/A | E64: =#N/A -> #N/A | F64: 0 | G64: =#N/A -> #N/A | H64: =IF(G64="","",ROUND(G64*(1+$I$2),2)) -> #N/A | I64: =IF($B64="","",ROUND(F64*H64,2)) -> #N/A
A65: 212 | B65: CDHU | C65: 4912110 | D65: =#N/A -> #N/A | E65: =#N/A -> #N/A | F65: 0 | G65: =#N/A -> #N/A | H65: =IF(G65="","",ROUND(G65*(1+$I$2),2)) -> #N/A | I65: =IF($B65="","",ROUND(F65*H65,2)) -> #N/A
A66: 212 | B66: CDHU | C66: 4912120 | D66: =#N/A -> #N/A | E66: =#N/A -> #N/A | F66: 0 | G66: =#N/A -> #N/A | H66: =IF(G66="","",ROUND(G66*(1+$I$2),2)) -> #N/A | I66: =IF($B66="","",ROUND(F66*H66,2)) -> #N/A
A67: 212 | B67: CDHU | C67: 4906400 | D67: =#N/A -> #N/A | E67: =#N/A -> #N/A | F67: 0 | G67: =#N/A -> #N/A | H67: =IF(G67="","",ROUND(G67*(1+$I$2),2)) -> #N/A | I67: =IF($B67="","",ROUND(F67*H67,2)) -> #N/A
A68: 214 | B68: CDHU | C68: 0702020 | D68: =#N/A -> #N/A | E68: =#N/A -> #N/A | F68: 0 | G68: =#N/A -> #N/A | H68: =IF(G68="","",ROUND(G68*(1+$I$2),2)) -> #N/A | I68: =IF($B68="","",ROUND(F68*H68,2)) -> #N/A
A69: 214 | B69: CDHU | C69: 0810060 | D69: =#N/A -> #N/A | E69: =#N/A -> #N/A | F69: 0 | G69: =#N/A -> #N/A | H69: =IF(G69="","",ROUND(G69*(1+$I$2),2)) -> #N/A | I69: =IF($B69="","",ROUND(F69*H69,2)) -> #N/A
A70: 214 | B70: CDHU | C70: COMP 05 | D70: =#N/A -> #N/A | E70: =#N/A -> #N/A | F70: 0 | G70: =#N/A -> #N/A | H70: =IF(G70="","",ROUND(G70*(1+$I$2),2)) -> #N/A | I70: =IF($B70="","",ROUND(F70*H70,2)) -> #N/A
A71: 215 | B71: CDHU | C71: COMP 02 | D71: =#N/A -> #N/A | E71: =#N/A -> #N/A | F71: 0 | G71: =#N/A -> #N/A | H71: =IF(G71="","",ROUND(G71*(1+$I$2),2)) -> #N/A | I71: =IF($B71="","",ROUND(F71*H71,2)) -> #N/A
A72: 226 | B72: CDHU | C72: 0702020 | D72: =#N/A -> #N/A | E72: =#N/A -> #N/A | F72: =ROUND(SUM(F76*(0.4+1.2)*1.2,F77*(0.6+1.2)*1.6,F78*(0.8+1.2)*1.8),2) -> 0 | G72: =#N/A -> #N/A | H72: =IF(G72="","",ROUND(G72*(1+$I$2),2)) -> #N/A | I72: =IF($B72="","",ROUND(F72*H72,2)) -> #N/A
A73: 226 | B73: CDHU | C73: 0711020 | D73: =#N/A -> #N/A | E73: =#N/A -> #N/A | F73: =ROUND(F72-SUM(K77:K78),2) -> 0 | G73: =#N/A -> #N/A | H73: =IF(G73="","",ROUND(G73*(1+$I$2),2)) -> #N/A | I73: =IF($B73="","",ROUND(F73*H73,2)) -> #N/A
A74: 226 | B74: CDHU | C74: 0710020 | D74: =#N/A -> #N/A | E74: =#N/A -> #N/A | F74: =F72-F73 -> 0 | G74: =#N/A -> #N/A | H74: =IF(G74="","",ROUND(G74*(1+$I$2),2)) -> #N/A | I74: =IF($B74="","",ROUND(F74*H74,2)) -> #N/A
A75: 226 | B75: CDHU | C75: 1118040 | D75: =#N/A -> #N/A | E75: =#N/A -> #N/A | F75: =ROUND(F76*0.4*0.1+F77*0.6*0.1+F78*0.8*0.1,2) -> 0 | G75: =#N/A -> #N/A | H75: =IF(G75="","",ROUND(G75*(1+$I$2),2)) -> #N/A | I75: =IF($B75="","",ROUND(F75*H75,2)) -> #N/A
A76: 226 | B76: CDHU | C76: 4612260 | D76: =#N/A -> #N/A | E76: =#N/A -> #N/A | F76: 0 | G76: =#N/A -> #N/A | H76: =IF(G76="","",ROUND(G76*(1+$I$2),2)) -> #N/A | I76: =IF($B76="","",ROUND(F76*H76,2)) -> #N/A
A77: 226 | B77: CDHU | C77: 4612150 | D77: =#N/A -> #N/A | E77: =#N/A -> #N/A | F77: 0 | G77: =#N/A -> #N/A | H77: =IF(G77="","",ROUND(G77*(1+$I$2),2)) -> #N/A | I77: =IF($B77="","",ROUND(F77*H77,2)) -> #N/A | J77: =3.14159*0.3^2 -> 0.2827431 | K77: =ROUND(J77*F76,2) -> 0
A78: 226 | B78: CDHU | C78: 4612160 | D78: =#N/A -> #N/A | E78: =#N/A -> #N/A | F78: 0 | G78: =#N/A -> #N/A | H78: =IF(G78="","",ROUND(G78*(1+$I$2),2)) -> #N/A | I78: =IF($B78="","",ROUND(F78*H78,2)) -> #N/A | J78: =3.14159*0.4^2 -> 0.5026544 | K78: =ROUND(J78*F77,2) -> 0
A79: 229 | B79: CDHU | C79: 4912110 | D79: =#N/A -> #N/A | E79: =#N/A -> #N/A | F79: 0 | G79: =#N/A -> #N/A | H79: =IF(G79="","",ROUND(G79*(1+$I$2),2)) -> #N/A | I79: =IF($B79="","",ROUND(F79*H79,2)) -> #N/A
A80: 229 | B80: CDHU | C80: 4912120 | D80: =#N/A -> #N/A | E80: =#N/A -> #N/A | F80: 0 | G80: =#N/A -> #N/A | H80: =IF(G80="","",ROUND(G80*(1+$I$2),2)) -> #N/A | I80: =IF($B80="","",ROUND(F80*H80,2)) -> #N/A
A81: 229 | B81: CDHU | C81: 4906400 | D81: =#N/A -> #N/A | E81: =#N/A -> #N/A | F81: 0 | G81: =#N/A -> #N/A | H81: =IF(G81="","",ROUND(G81*(1+$I$2),2)) -> #N/A | I81: =IF($B81="","",ROUND(F81*H81,2)) -> #N/A
A82: 229 | B82: CDHU | C82: 5406160 | D82: =#N/A -> #N/A | E82: =#N/A -> #N/A | F82: 0 | G82: =#N/A -> #N/A | H82: =IF(G82="","",ROUND(G82*(1+$I$2),2)) -> #N/A | I82: =IF($B82="","",ROUND(F82*H82,2)) -> #N/A
A83: 229 | B83: CDHU | C83: 1002020 | D83: =#N/A -> #N/A | E83: =#N/A -> #N/A | F83: 0 | G83: =#N/A -> #N/A | H83: =IF(G83="","",ROUND(G83*(1+$I$2),2)) -> #N/A | I83: =IF($B83="","",ROUND(F83*H83,2)) -> #N/A
A84: 229 | B84: CDHU | C84: 0702020 | D84: =#N/A -> #N/A | E84: =#N/A -> #N/A | F84: 0 | G84: =#N/A -> #N/A | H84: =IF(G84="","",ROUND(G84*(1+$I$2),2)) -> #N/A | I84: =IF($B84="","",ROUND(F84*H84,2)) -> #N/A
A85: 229 | B85: CDHU | C85: 0810060 | D85: =#N/A -> #N/A | E85: =#N/A -> #N/A | F85: 0 | G85: =#N/A -> #N/A | H85: =IF(G85="","",ROUND(G85*(1+$I$2),2)) -> #N/A | I85: =IF($B85="","",ROUND(F85*H85,2)) -> #N/A
A86: 231 | B86: CDHU | C86: COMP 02 | D86: =#N/A -> #N/A | E86: =#N/A -> #N/A | F86: 0 | G86: =#N/A -> #N/A | H86: =IF(G86="","",ROUND(G86*(1+$I$2),2)) -> #N/A | I86: =IF($B86="","",ROUND(F86*H86,2)) -> #N/A
A87: 252 | B87: CDHU | C87: 4912030 | D87: =#N/A -> #N/A | E87: =#N/A -> #N/A | F87: 0 | G87: =#N/A -> #N/A | H87: =IF(G87="","",ROUND(G87*(1+$I$2),2)) -> #N/A | I87: =IF($B87="","",ROUND(F87*H87,2)) -> #N/A
A88: 252 | B88: CDHU | C88: 4912050 | D88: =#N/A -> #N/A | E88: =#N/A -> #N/A | F88: 0 | G88: =#N/A -> #N/A | H88: =IF(G88="","",ROUND(G88*(1+$I$2),2)) -> #N/A | I88: =IF($B88="","",ROUND(F88*H88,2)) -> #N/A
A89: 255 | B89: CDHU | C89: 5406160 | D89: =#N/A -> #N/A | E89: =#N/A -> #N/A | F89: 0 | G89: =#N/A -> #N/A | H89: =IF(G89="","",ROUND(G89*(1+$I$2),2)) -> #N/A | I89: =IF($B89="","",ROUND(F89*H89,2)) -> #N/A
A90: 255 | B90: CDHU | C90: 1002020 | D90: =#N/A -> #N/A | E90: =#N/A -> #N/A | F90: 0 | G90: =#N/A -> #N/A | H90: =IF(G90="","",ROUND(G90*(1+$I$2),2)) -> #N/A | I90: =IF($B90="","",ROUND(F90*H90,2)) -> #N/A
A91: 267 | B91: CDHU | C91: 0307050 | D91: =#N/A -> #N/A | E91: =#N/A -> #N/A | F91: 0 | G91: =#N/A -> #N/A | H91: =IF(G91="","",ROUND(G91*(1+$I$2),2)) -> #N/A | I91: =IF($B91="","",ROUND(F91*H91,2)) -> #N/A
A92: 273 | B92: CDHU | C92: 0702020 | D92: =#N/A -> #N/A | E92: =#N/A -> #N/A | F92: =ROUND(SUM(F96*(0.4+1.2)*1.2,F97*(0.6+1.2)*1.6,F98*(1+1.2)*2),2) -> 0 | G92: =#N/A -> #N/A | H92: =IF(G92="","",ROUND(G92*(1+$I$2),2)) -> #N/A | I92: =IF($B92="","",ROUND(F92*H92,2)) -> #N/A
A93: 273 | B93: CDHU | C93: 0711020 | D93: =#N/A -> #N/A | E93: =#N/A -> #N/A | F93: =ROUND(F92-SUM(K97:K98),2) -> 0 | G93: =#N/A -> #N/A | H93: =IF(G93="","",ROUND(G93*(1+$I$2),2)) -> #N/A | I93: =IF($B93="","",ROUND(F93*H93,2)) -> #N/A
A94: 273 | B94: CDHU | C94: 0710020 | D94: =#N/A -> #N/A | E94: =#N/A -> #N/A | F94: =F92-F93 -> 0 | G94: =#N/A -> #N/A | H94: =IF(G94="","",ROUND(G94*(1+$I$2),2)) -> #N/A | I94: =IF($B94="","",ROUND(F94*H94,2)) -> #N/A
A95: 273 | B95: CDHU | C95: 1118040 | D95: =#N/A -> #N/A | E95: =#N/A -> #N/A | F95: =ROUND(F96*0.4*0.1+F97*0.6*0.1+F98*0.1*0.1,2) -> 0 | G95: =#N/A -> #N/A | H95: =IF(G95="","",ROUND(G95*(1+$I$2),2)) -> #N/A | I95: =IF($B95="","",ROUND(F95*H95,2)) -> #N/A
A96: 273 | B96: CDHU | C96: 4612260 | D96: =#N/A -> #N/A | E96: =#N/A -> #N/A | F96: 0 | G96: =#N/A -> #N/A | H96: =IF(G96="","",ROUND(G96*(1+$I$2),2)) -> #N/A | I96: =IF($B96="","",ROUND(F96*H96,2)) -> #N/A
A97: 273 | B97: CDHU | C97: 4612150 | D97: =#N/A -> #N/A | E97: =#N/A -> #N/A | F97: 0 | G97: =#N/A -> #N/A | H97: =IF(G97="","",ROUND(G97*(1+$I$2),2)) -> #N/A | I97: =IF($B97="","",ROUND(F97*H97,2)) -> #N/A | J97: =3.14159*0.3^2 -> 0.2827431 | K97: =ROUND(J97*F96,2) -> 0
A98: 273 | B98: CDHU | C98: 4612170 | D98: =#N/A -> #N/A | E98: =#N/A -> #N/A | F98: 0 | G98: =#N/A -> #N/A | H98: =IF(G98="","",ROUND(G98*(1+$I$2),2)) -> #N/A | I98: =IF($B98="","",ROUND(F98*H98,2)) -> #N/A | J98: =3.14159*0.4^2 -> 0.5026544 | K98: =ROUND(J98*F97,2) -> 0
A99: 274 | B99: CDHU | C99: 4912030 | D99: =#N/A -> #N/A | E99: =#N/A -> #N/A | F99: 0 | G99: =#N/A -> #N/A | H99: =IF(G99="","",ROUND(G99*(1+$I$2),2)) -> #N/A | I99: =IF($B99="","",ROUND(F99*H99,2)) -> #N/A
A100: 274 | B100: CDHU | C100: 4912050 | D100: =#N/A -> #N/A | E100: =#N/A -> #N/A | F100: 0 | G100: =#N/A -> #N/A | H100: =IF(G100="","",ROUND(G100*(1+$I$2),2)) -> #N/A | I100: =IF($B100="","",ROUND(F100*H100,2)) -> #N/A
...

Sheet BDI
A5: DEMONSTRATIVO DE COMPOSIÇÃO DO BDI (acórdão 2622/2013-TCU-Plenário)
A6: Objeto: Pavimenteção de Vias Pública
A7: Local: Rua Natal Pitarelo, Rua André Bambrila Vacari e Av. N. S. do Amparo
A9: COMPOSIÇÃO DO BDI (acórdão 2622/2013-TCU-Plenário)
A10: ITENS | B10: DESCRIÇÃO | C10: %
A11: AC | B11: Administraçao Central | C11: 0.0352
A12: S | B12: Seguros | C12: 0.0032
A13: R | B13: Riscos | C13: 0.0025
A14: G | B14: Garantias | C14: 0.0025
A15: DF | B15: Despesas Financeiras | C15: 0.0102
A16: L | B16: Lucro/Remuneração | C16: 0.03
A17: l | B17: Impostos/tributos | C17: =C18+C19+C20+C21 -> 0.1315
B18: PIS | C18: 0.0065
B19: COFINS | C19: 0.03
B20: ISS | C20: 0.05
B21: Contribuição Previdenciaria | C21: 0.045
A22: Taxa do BDI (%) | C22: =(((1+C11+C12+C13+C14)*(1+C15)*(1+C16))/(1-C17))-1 -> 0.25004486
A24: Declaramos sob pena da Lei que a alternativa adotada pela Prefeitura do Municipio de Amparo é COM Desoneração e que esta é a mais vantajosa para a Administração Pública.
A28: Assinatura do Responsável Técnico
A29: Carlos Eduardo Mazzetto
A30: eng. civil smdu
A31: crea 5060363666

Sheet Memorial de Calculo
D1: MEMORIAL DE CÁLCULO
G2: SIM | H2: BDI = | I2: 0.25
A3: OBRA: Pavimentação das vias - Avenida Nossa Senhora do Amparo - Rua Natal Pitarello - Rua André Brambilla Vaccari
A4: CDHU | C4: BOLETIM DE REFERENCIA DE CUSTOS - TABELA DE SERVIÇOS | E4: Versão 191 | H4: DATA BASE | I4: AGOSTO DE 2022
A5: INDICE | B5: FONTE | C5: CÓDIGO | D5: DESCRIÇÃO | E5: UNID. | F5: QUANT. | G5: VALOR UNIT. | I5: TOTAL | J5: OPERAÇÕES
G6: S/ BDI | H6: C/ BDI
C7: 1 | D7: Avenida Nossa Senhora do Amparo, n°0 - Chácara Bocaina | H7: =IF(G7="","",ROUND(G7*(1+$I$2),2)) | I7: =SUBTOTAL(9,I8:I34) -> 1074355
C8: 1.1 | D8: SERVIÇOS PRELIMINARES | H8: =IF(G8="","",ROUND(G8*(1+$I$2),2)) | I8: =SUBTOTAL(9,I9:I11) -> 12443.41
A9: 1 | B9: CDHU | C9: 02.08.040 | D9: Placa em lona com impressão digital e requadro em metalon | E9: M2 | F9: 6 | G9: 432.38 | H9: =IF(G9="","",ROUND(G9*(1+$I$2),2)) -> 540.48 | I9: =IF($B9="","",ROUND(F9*H9,2)) -> 3242.88 | J9: altura 2 m x compr. 3 m
A10: 2 | B10: CDHU | C10: 02.10.060 | D10: Locação de vias, calçadas, tanques e lagoas | E10: M2 | F10: =F13 -> 4088.32 | G10: 1.72 | H10: =IF(G10="","",ROUND(G10*(1+$I$2),2)) -> 2.15 | I10: =IF($B10="","",ROUND(F10*H10,2)) -> 8789.89
A11: 3 | B11: CDHU | C11: 02.10.040 | D11: Locação de rede de canalização | E11: M | F11: =F27 -> 236 | G11: 1.39 | H11: =IF(G11="","",ROUND(G11*(1+$I$2),2)) -> 1.74 | I11: =IF($B11="","",ROUND(F11*H11,2)) -> 410.64
C12: 1.2 | D12: Pavimentação | H12: =IF(G12="","",ROUND(G12*(1+$I$2),2)) | I12: =SUBTOTAL(9,I13:I17) -> 700690.66
A13: 1 | B13: CDHU | C13: 54.01.400 | D13: Abertura de caixa até 25 cm, inclui escavação, compactação, transporte e preparo do sub-leito | E13: M2 | F13: 4088.32 | G13: 24.81 | H13: =IF(G13="","",ROUND(G13*(1+$I$2),2)) -> 31.01 | I13: =IF($B13="","",ROUND(F13*H13,2)) -> 126778.8 | J13: extraido do cad (fig 2) 4088,32
A14: 2 | B14: CDHU | C14: 54.01.210 | D14: Base de brita graduada | E14: M3 | F14: =4088.32*0.2 -> 817.664 | G14: 224.1 | H14: =IF(G14="","",ROUND(G14*(1+$I$2),2)) -> 280.13 | I14: =IF($B14="","",ROUND(F14*H14,2)) -> 229052.22 | J14: 4088,32 x 0,20
A15: 3 | B15: CDHU | C15: 54.03.230 | D15: Imprimação betuminosa ligante | E15: M2 | F15: 3700.58 | G15: 7.78 | H15: =IF(G15="","",ROUND(G15*(1+$I$2),2)) -> 9.73 | I15: =IF($B15="","",ROUND(F15*H15,2)) -> 36006.64 | J15: extraido do cad (fig 3) 3700,58
A16: 4 | B16: CDHU | C16: 54.03.240 | D16: Imprimação betuminosa impermeabilizante | E16: M2 | F16: =F15 -> 3700.58 | G16: 15.7 | H16: =IF(G16="","",ROUND(G16*(1+$I$2),2)) -> 19.63 | I16: =IF($B16="","",ROUND(F16*H16,2)) -> 72642.39 | J16: extraido do cad (fig 3) 3700,58
A17: 5 | B17: CDHU | C17: 54.03.210 | D17: Camada de rolamento em concreto betuminoso usinado quente - CBUQ | E17: M3 | F17: =3700.58*0.03 -> 111.0174 | G17: 1702.15 | H17: =IF(G17="","",ROUND(G17*(1+$I$2),2)) -> 2127.69 | I17: =IF($B17="","",ROUND(F17*H17,2)) -> 236210.61 | J17: 3700,58 X 0,03
C18: 1.3 | D18: DRENAGEM SUPERFICIAL | I18: =SUBTOTAL(9,I19:I20) -> 100738.68
A19: 1 | B19: CDHU | C19: 54.06.040 | D19: Guia pré-moldada reta tipo PMSP 100 - fck 25 MPa | E19: M | F19: =442.01+435.69+46.45 -> 924.15 | G19: 53.44 | H19: =IF(G19="","",ROUND(G19*(1+$I$2),2)) -> 66.8 | I19: =IF($B19="","",ROUND(F19*H19,2)) -> 61733.22 | J19: (fig 1) 442,01 + 435, 69 + 46,45
A20: 2 | B20: CDHU | C20: 54.06.160 | D20: Sarjeta ou sarjetão moldado no local, tipo PMSP em concreto com fck 20 MPa | E20: M3 | F20: =F19*0.3*0.15 -> 41.58675 | G20: 750.34 | H20: =IF(G20="","",ROUND(G20*(1+$I$2),2)) -> 937.93 | I20: =IF($B20="","",ROUND(F20*H20,2)) -> 39005.46 | J20: 924,15 X 0,30 X 0,15
C21: 1.4 | D21: DRENAGEM | H21: =IF(G21="","",ROUND(G21*(1+$I$2),2)) | I21: =SUBTOTAL(9,I22:I32) -> 259541.95
A22: 1 | B22: CDHU | C22: 07.02.020 | D22: Escavação mecanizada de valas ou cavas com profundidade de até 2 m | E22: M3 | F22: =97*0.8+236*1.8 -> 502.4 | G22: 11.3 | H22: =IF(G22="","",ROUND(G22*(1+$I$2),2)) -> 14.13 | I22: =IF($B22="","",ROUND(F22*H22,2)) -> 7098.91 | J22: TUBO # 40 97 X 0,80 -- TUBO # 60 236 X 1,80
A23: 2 | B23: CDHU | C23: 07.11.020 | D23: Reaterro compactado mecanizado de vala ou cava com compactador | E23: M3 | F23: =97*0.2+236*0.43 -> 120.88 | G23: 6.3 | H23: =IF(G23="","",ROUND(G23*(1+$I$2),2)) -> 7.88 | I23: =IF($B23="","",ROUND(F23*H23,2)) -> 952.53 | J23: TUBO # 40 97 X 0,20 -- TUBO # 60 236 X 0,43
A24: 3 | B24: CDHU | C24: 07.10.020 | D24: Espalhamento de solo em bota-fora com compactação sem controle | E24: M3 | F24: =F22-F23 -> 381.52 | G24: 6.89 | H24: =IF(G24="","",ROUND(G24*(1+$I$2),2)) -> 8.61 | I24: =IF($B24="","",ROUND(F24*H24,2)) -> 3284.89 | J24: DIFERENÇA ENTRE ESCAVAÇÃO E REATERRO
A25: 4 | B25: CDHU | C25: 11.18.040 | D25: Lastro de pedra britada | E25: M3 | F25: =236*0.24 -> 56.64 | G25: 160.61 | H25: =IF(G25="","",ROUND(G25*(1+$I$2),2)) -> 200.76 | I25: =IF($B25="","",ROUND(F25*H25,2)) -> 11371.05 | J25: TUBO # 60 236 X 0,24
A26: 5 | B26: CDHU | C26: 46.12.260 | D26: Tubo de concreto (PA-1), DN= 400mm | E26: M | F26: =4*4+9+8+4*6+10+11+19 -> 97 | G26: 134.17 | H26: =IF(G26="","",ROUND(G26*(1+$I$2),2)) -> 167.71 | I26: =IF($B26="","",ROUND(F26*H26,2)) -> 16267.87 | J26: 4 X 4 + 9 + 8 + 4 X 6 + 10 + 11 +19
A27: 6 | B27: CDHU | C27: 46.12.150 | D27: Tubo de concreto (PA-2), DN= 600mm | E27: M | F27: =18+19+31+34+22+23+13+11+52+13 -> 236 | G27: 200.81 | H27: =IF(G27="","",ROUND(G27*(1+$I$2),2)) -> 251.01 | I27: =IF($B27="","",ROUND(F27*H27,2)) -> 59238.36 | J27: 18 + 19 + 31 + 34 + 22 + 23 + 13 + 11 + 52 + 13
A28: 7 | B28: CDHU | C28: 49.12.010 | D28: Boca de lobo simples tipo PMSP com tampa de concreto | E28: UN | F28: 17 | G28: 3220.76 | H28: =IF(G28="","",ROUND(G28*(1+$I$2),2)) -> 4025.95 | I28: =IF($B28="","",ROUND(F28*H28,2)) -> 68441.15 | J28: 17
A29: 8 | B29: CDHU | C29: 49.12.110 | D29: Poço de visita de 1,60 x 1,60 x 1,60 m - tipo PMSP | E29: UN | F29: 10 | G29: 5941.81 | H29: =IF(G29="","",ROUND(G29*(1+$I$2),2)) -> 7427.26 | I29: =IF($B29="","",ROUND(F29*H29,2)) -> 74272.6 | J29: 10
A30: 9 | B30: CDHU | C30: 49.12.120 | D30: Chaminé para poço de visita tipo PMSP em alvenaria, diâmetro interno 70 cm - pescoço | E30: M | F30: 10 | G30: 610.41 | H30: =IF(G30="","",ROUND(G30*(1+$I$2),2)) -> 763.01 | I30: =IF($B30="","",ROUND(F30*H30,2)) -> 7630.1 | J30: 10
A31: 10 | B31: CDHU | C31: 49.06.400 | D31: Tampão em ferro fundido, diâmetro de 600 mm, classe B 125 (ruptura > 125 kN) | E31: UN | F31: 10 | G31: 453.52 | H31: =IF(G31="","",ROUND(G31*(1+$I$2),2)) -> 566.9 | I31: =IF($B31="","",ROUND(F31*H31,2)) -> 5669 | J31: 10
A32: 11 | B32: CDHU | C32: COMP 03 | D32: Muro ALA, Base do Muro ALA ((1,38 m + 2,98 m) X 1,80 m comprimento), Altura chegada tubo (1,20 m) | E32: UN | F32: 3 | G32: 1417.46 | H32: =IF(G32="","",ROUND(G32*(1+$I$2),2)) -> 1771.83 | I32: =IF($B32="","",ROUND(F32*H32,2)) -> 5315.49 | J32: 3
C33: 1.5 | D33: Elaboração de "As Built" | I33: =SUBTOTAL(9,I34:I34) -> 940.31
A34: 1 | B34: CDHU | C34: 01.20.280 | D34: Levantamento planimétrico de área pavimentada para veículo e pedestre | E34: M2 | F34: 4088.32 | G34: 0.18 | H34: =IF(G34="","",ROUND(G34*(1+$I$2),2)) -> 0.23 | I34: =IF($B34="","",ROUND(F34*H34,2)) -> 940.31 | J34: extraido do cad (fig 2) 4088,32
C35: 2 | D35: Rua Natal Pitarello - Jardim Serra das Estâncias | H35: =IF(G35="","",ROUND(G35*(1+$I$2),2)) | I35: =SUBTOTAL(9,I36:I62) -> 1620840.3
C36: 2.1 | D36: SERVIÇOS PRELIMINARES | H36: =IF(G36="","",ROUND(G36*(1+$I$2),2)) | I36: =SUBTOTAL(9,I37:I39) -> 18509.06
A37: 1 | B37: CDHU | C37: 02.08.040 | D37: Placa em lona com impressão digital e requadro em metalon | E37: M2 | F37: 6 | G37: 432.38 | H37: =IF(G37="","",ROUND(G37*(1+$I$2),2)) -> 540.48 | I37: =IF($B37="","",ROUND(F37*H37,2)) -> 3242.88 | J37: altura 2 m x compr. 3 m
A38: 2 | B38: CDHU | C38: 02.10.060 | D38: Locação de vias, calçadas, tanques e lagoas | E38: M2 | F38: =F41 -> 6750.12 | G38: 1.72 | H38: =IF(G38="","",ROUND(G38*(1+$I$2),2)) -> 2.15 | I38: =IF($B38="","",ROUND(F38*H38,2)) -> 14512.76 | J38: extraidos do cad figs (3, 1 e 2) 2975,21 + 3488,94 + 285,97
A39: 3 | B39: CDHU | C39: 02.10.040 | D39: Locação de rede de canalização | E39: M | F39: =F55 -> 433 | G39: 1.39 | H39: =IF(G39="","",ROUND(G39*(1+$I$2),2)) -> 1.74 | I39: =IF($B39="","",ROUND(F39*H39,2)) -> 753.42
C40: 2.2 | D40: Pavimentação | H40: =IF(G40="","",ROUND(G40*(1+$I$2),2)) | I40: =SUBTOTAL(9,I41:I45) -> 1216551.9
A41: 3 | B41: CDHU | C41: 54.01.400 | D41: Abertura de caixa até 25 cm, inclui escavação, compactação, transporte e preparo do sub-leito | E41: M2 | F41: =2975.21+3488.94+285.97 -> 6750.12 | G41: 24.81 | H41: =IF(G41="","",ROUND(G41*(1+$I$2),2)) -> 31.01 | I41: =IF($B41="","",ROUND(F41*H41,2)) -> 209321.22 | J41: 2975,21 + 3488,94 + 285,97
A42: 4 | B42: CDHU | C42: 54.01.210 | D42: Base de brita graduada | E42: M3 | F42: =F41*0.2 -> 1350.024 | G42: 224.1 | H42: =IF(G42="","",ROUND(G42*(1+$I$2),2)) -> 280.13 | I42: =IF($B42="","",ROUND(F42*H42,2)) -> 378182.22 | J42: ( 2975,21 + 3488,94 + 285,97 ) * 0,20
A43: 5 | B43: CDHU | C43: 54.03.230 | D43: Imprimação betuminosa ligante | E43: M2 | F43: =F41 -> 6750.12 | G43: 7.78 | H43: =IF(G43="","",ROUND(G43*(1+$I$2),2)) -> 9.73 | I43: =IF($B43="","",ROUND(F43*H43,2)) -> 65678.67 | J43: ( 2975,21 + 3488,94 + 285,97 )
A44: 6 | B44: CDHU | C44: 54.03.240 | D44: Imprimação betuminosa impermeabilizante | E44: M2 | F44: =F43 -> 6750.12 | G44: 15.7 | H44: =IF(G44="","",ROUND(G44*(1+$I$2),2)) -> 19.63 | I44: =IF($B44="","",ROUND(F44*H44,2)) -> 132504.86 | J44: ( 2975,21 + 3488,94 + 285,97 )
A45: 7 | B45: CDHU | C45: 54.03.210 | D45: Camada de rolamento em concreto betuminoso usinado quente - CBUQ | E45: M3 | F45: =F44*0.03 -> 202.5036 | G45: 1702.15 | H45: =IF(G45="","",ROUND(G45*(1+$I$2),2)) -> 2127.69 | I45: =IF($B45="","",ROUND(F45*H45,2)) -> 430864.88 | J45: ( 2975,21 + 3488,94 + 285,97 ) * 0,03
C46: 2.3 | D46: DRENAGEM SUPERFICIAL | I46: =SUBTOTAL(9,I47:I48) -> 75221.27
A47: 1 | B47: CDHU | C47: 54.06.040 | D47: Guia pré-moldada reta tipo PMSP 100 - fck 25 MPa | E47: M | F47: =8.86+15.07+15.3+288.23+173.73+39.12+5.91+18.52+7.25+21.55+27.69+15.24+20.59+33 -> 690.06 | G47: 53.44 | H47: =IF(G47="","",ROUND(G47*(1+$I$2),2)) -> 66.8 | I47: =IF($B47="","",ROUND(F47*H47,2)) -> 46096.01 | J47: 8,86 + 15,07+15,30+288,23+173,73+39,12+5,91+18,52+7,25 + 21,55 + 27,69 +15,24 +20,59 +33
A48: 2 | B48: CDHU | C48: 54.06.160 | D48: Sarjeta ou sarjetão moldado no local, tipo PMSP em concreto com fck 20 MPa | E48: M3 | F48: =(8.86+15.07+15.3+288.23+173.73+39.12+5.91+18.52+7.25+21.55+27.69+15.24+20.59+33)*0.3*0.15 -> 31.0527 | G48: 750.34 | H48: =IF(G48="","",ROUND(G48*(1+$I$2),2)) -> 937.93 | I48: =IF($B48="","",ROUND(F48*H48,2)) -> 29125.26 | J48: (8,86 + 15,07+15,30+288,23+173,73+39,12+5,91+18,52+7,25 + 21,55 + 27,69 +15,24 +20,59 +33)* 0,30 * 0,15
C49: 2.4 | D49: DRENAGEM | H49: =IF(G49="","",ROUND(G49*(1+$I$2),2)) | I49: =SUBTOTAL(9,I50:I60) -> 309005.55
A50: 1 | B50: CDHU | C50: 07.02.020 | D50: Escavação mecanizada de valas ou cavas com profundidade de até 2 m | E50: M3 | F50: =87*0.8+433*1.8 -> 849 | G50: 11.3 | H50: =IF(G50="","",ROUND(G50*(1+$I$2),2)) -> 14.13 | I50: =IF($B50="","",ROUND(F50*H50,2)) -> 11996.37 | J50: TUBO #40 87*0,80 TUBO #60 433 *1,80
A51: 2 | B51: CDHU | C51: 07.11.020 | D51: Reaterro compactado mecanizado de vala ou cava com compactador | E51: M3 | F51: =87*0.2+433*0.43 -> 203.59 | G51: 6.3 | H51: =IF(G51="","",ROUND(G51*(1+$I$2),2)) -> 7.88 | I51: =IF($B51="","",ROUND(F51*H51,2)) -> 1604.29 | J51: TUBO #40 87*0,20 TUBO #60 433 * 0,43
A52: 3 | B52: CDHU | C52: 07.10.020 | D52: Espalhamento de solo em bota-fora com compactação sem controle | E52: M3 | F52: =F50-F51 -> 645.41 | G52: 6.89 | H52: =IF(G52="","",ROUND(G52*(1+$I$2),2)) -> 8.61 | I52: =IF($B52="","",ROUND(F52*H52,2)) -> 5556.98 | J52: DIFERENÇA ENTRE ESCAVAÇÃO E REATERRO
A53: 4 | B53: CDHU | C53: 11.18.040 | D53: Lastro de pedra britada | E53: M3 | F53: =433*0.24 -> 103.92 | G53: 160.61 | H53: =IF(G53="","",ROUND(G53*(1+$I$2),2)) -> 200.76 | I53: =IF($B53="","",ROUND(F53*H53,2)) -> 20862.98 | J53: TUBO # 60 433 *0,24
A54: 5 | B54: CDHU | C54: 46.12.260 | D54: Tubo de concreto (PA-1), DN= 400mm | E54: M | F54: =9+(6*7)+(6*6) -> 87 | G54: 134.17 | H54: =IF(G54="","",ROUND(G54*(1+$I$2),2)) -> 167.71 | I54: =IF($B54="","",ROUND(F54*H54,2)) -> 14590.77 | J54: 9 + (6 * 7) + ( 6 * 6 )
A55: 6 | B55: CDHU | C55: 46.12.150 | D55: Tubo de concreto (PA-2), DN= 600mm | E55: M | F55: =50+50+57+22+55+68+55+48+28 -> 433 | G55: 200.81 | H55: =IF(G55="","",ROUND(G55*(1+$I$2),2)) -> 251.01 | I55: =IF($B55="","",ROUND(F55*H55,2)) -> 108687.33 | J55: 50+50+57+22+55+68+55+48+28
A56: 7 | B56: CDHU | C56: 49.12.010 | D56: Boca de lobo simples tipo PMSP com tampa de concreto | E56: UN | F56: 14 | G56: 3220.76 | H56: =IF(G56="","",ROUND(G56*(1+$I$2),2)) -> 4025.95 | I56: =IF($B56="","",ROUND(F56*H56,2)) -> 56363.3 | J56: 14
A57: 8 | B57: CDHU | C57: 49.12.110 | D57: Poço de visita de 1,60 x 1,60 x 1,60 m - tipo PMSP | E57: UN | F57: 10 | G57: 5941.81 | H57: =IF(G57="","",ROUND(G57*(1+$I$2),2)) -> 7427.26 | I57: =IF($B57="","",ROUND(F57*H57,2)) -> 74272.6 | J57: 10
A58: 9 | B58: CDHU | C58: 49.12.120 | D58: Chaminé para poço de visita tipo PMSP em alvenaria, diâmetro interno 70 cm - pescoço | E58: M | F58: 10 | G58: 610.41 | H58: =IF(G58="","",ROUND(G58*(1+$I$2),2)) -> 763.01 | I58: =IF($B58="","",ROUND(F58*H58,2)) -> 7630.1 | J58: 4
A59: 10 | B59: CDHU | C59: 49.06.400 | D59: Tampão em ferro fundido, diâmetro de 600 mm, classe B 125 (ruptura > 125 kN) | E59: UN | F59: 10 | G59: 453.52 | H59: =IF(G59="","",ROUND(G59*(1+$I$2),2)) -> 566.9 | I59: =IF($B59="","",ROUND(F59*H59,2)) -> 5669 | J59: 4
A60: 11 | B60: CDHU | C60: COMP 03 | D60: Muro ALA, Base do Muro ALA ((1,38 m + 2,98 m) X 1,80 m comprimento), Altura chegada tubo (1,20 m) | E60: UN | F60: 1 | G60: 1417.46 | H60: =IF(G60="","",ROUND(G60*(1+$I$2),2)) -> 1771.83 | I60: =IF($B60="","",ROUND(F60*H60,2)) -> 1771.83 | J60: 1
C61: 2.5 | D61: Elaboração de "As Built" | I61: =SUBTOTAL(9,I62:I62) -> 1552.53
A62: 1 | B62: CDHU | C62: 01.20.280 | D62: Levantamento planimétrico de área pavimentada para veículo e pedestre | E62: M2 | F62: =F41 -> 6750.12 | G62: 0.18 | H62: =IF(G62="","",ROUND(G62*(1+$I$2),2)) -> 0.23 | I62: =IF($B62="","",ROUND(F62*H62,2)) -> 1552.53 | J62: extraidos do cad figs (3, 1 e 2) 2975,21 + 3488,94 + 285,97
C64: 3 | D64: Rua André Brambilla Vaccari | H64: =IF(G64="","",ROUND(G64*(1+$I$2),2)) | I64: =SUBTOTAL(9,I65:I94) -> 1491643.1
C65: 3.1 | D65: SERVIÇOS PRELIMINARES | H65: =IF(G65="","",ROUND(G65*(1+$I$2),2)) | I65: =SUBTOTAL(9,I66:I68) -> 14476.75
A66: 1 | B66: CDHU | C66: 02.08.040 | D66: Placa em lona com impressão digital e requadro em metalon | E66: M2 | F66: 6 | G66: 432.38 | H66: =IF(G66="","",ROUND(G66*(1+$I$2),2)) -> 540.48 | I66: =IF($B66="","",ROUND(F66*H66,2)) -> 3242.88 | J66: altura 2 m x compr. 3 m
A67: 2 | B67: CDHU | C67: 02.10.060 | D67: Locação de vias, calçadas, tanques e lagoas | E67: M2 | F67: 4815.55 | G67: 1.72 | H67: =IF(G67="","",ROUND(G67*(1+$I$2),2)) -> 2.15 | I67: =IF($B67="","",ROUND(F67*H67,2)) -> 10353.43 | J67: extraido do cad (fig 1) 4815,55
A68: 3 | B68: CDHU | C68: 02.10.040 | D68: Locação de rede de canalização | E68: M | F68: =F84+F85 -> 506 | G68: 1.39 | H68: =IF(G68="","",ROUND(G68*(1+$I$2),2)) -> 1.74 | I68: =IF($B68="","",ROUND(F68*H68,2)) -> 880.44
C69: 3.2 | D69: Pavimentação | H69: =IF(G69="","",ROUND(G69*(1+$I$2),2)) | I69: =SUBTOTAL(9,I70:I74) -> 902805.92
A70: 1 | B70: CDHU | C70: 54.01.400 | D70: Abertura de caixa até 25 cm, inclui escavação, compactação, transporte e preparo do sub-leito | E70: M2 | F70: 4815.55 | G70: 24.81 | H70: =IF(G70="","",ROUND(G70*(1+$I$2),2)) -> 31.01 | I70: =IF($B70="","",ROUND(F70*H70,2)) -> 149330.21 | J70: extraido do cad (fig 1) 4815,55
A71: 2 | B71: CDHU | C71: 54.01.210 | D71: Base de brita graduada | E71: M3 | F71: =4815.55*0.2 -> 963.11 | G71: 224.1 | H71: =IF(G71="","",ROUND(G71*(1+$I$2),2)) -> 280.13 | I71: =IF($B71="","",ROUND(F71*H71,2)) -> 269796 | J71: 4815,55 X 0,20
A72: 3 | B72: CDHU | C72: 54.03.230 | D72: Imprimação betuminosa impermeabilizante | E72: M2 | F72: 4490.57 | G72: 15.7 | H72: =IF(G73="","",ROUND(G73*(1+$I$2),2)) -> 19.63 | I72: =IF($B72="","",ROUND(F72*H72,2)) -> 88149.89 | J72: extraido do cad (fig 1) 4490,57
A73: 4 | B73: CDHU | C73: 54.03.240 | D73: Imprimação betuminosa impermeabilizante | E73: M2 | F73: =F72 -> 4490.57 | G73: 15.7 | H73: =IF(G73="","",ROUND(G73*(1+$I$2),2)) -> 19.63 | I73: =IF($B73="","",ROUND(F73*H73,2)) -> 88149.89 | J73: extraido do cad (fig 1) 4490,57
A74: 5 | B74: CDHU | C74: 54.03.210 | D74: Camada de rolamento em concreto betuminoso usinado quente - CBUQ | E74: M3 | F74: =F70*0.03 -> 144.4665 | G74: 1702.15 | H74: =IF(G74="","",ROUND(G74*(1+$I$2),2)) -> 2127.69 | I74: =IF($B74="","",ROUND(F74*H74,2)) -> 307379.93 | J74: 4490,57 X 0,03
C75: 3.3 | D75: DRENAGEM SUPERFICIAL | I75: =SUBTOTAL(9,I76:I77) -> 114640.32
A76: 1 | B76: CDHU | C76: 54.06.040 | D76: Guia pré-moldada reta tipo PMSP 100 - fck 25 MPa | E76: M | F76: =1084.75-(9.2+8.6+8.6+6.67) -> 1051.68 | G76: 53.44 | H76: =IF(G76="","",ROUND(G76*(1+$I$2),2)) -> 66.8 | I76: =IF($B76="","",ROUND(F76*H76,2)) -> 70252.22 | J76: perimetro (fig 1) 1084,75 - (9,20 + 8,60 + 8,60 + 6,67)
A77: 2 | B77: CDHU | C77: 54.06.160 | D77: Sarjeta ou sarjetão moldado no local, tipo PMSP em concreto com fck 20 MPa | E77: M3 | F77: =(1084.75-(9.2+8.6+8.6+6.67))*0.3*0.15 -> 47.3256 | G77: 750.34 | H77: =IF(G77="","",ROUND(G77*(1+$I$2),2)) -> 937.93 | I77: =IF($B77="","",ROUND(F77*H77,2)) -> 44388.1 | J77: (1084,75 - (9,20 + 8,60 + 8,60 + 6,67)) X 0,30 X 0,15
C78: 3.4 | D78: DRENAGEM | H78: =IF(G78="","",ROUND(G78*(1+$I$2),2)) | I78: =SUBTOTAL(9,I79:I90) -> 458612.56
A79: 1 | B79: CDHU | C79: 07.02.020 | D79: Escavação mecanizada de valas ou cavas com profundidade de até 2 m | E79: M3 | F79: =140*0.8+357*1.8+149*2.55 -> 1134.55 | G79: 11.3 | H79: =IF(G79="","",ROUND(G79*(1+$I$2),2)) -> 14.13 | I79: =IF($B79="","",ROUND(F79*H79,2)) -> 16031.19 | J79: TUBO # 40 140*0,80 TUBO # 60 357 *1,80 TUBO # 80 149 * 2,55
A80: 2 | B80: CDHU | C80: 07.11.020 | D80: Reaterro compactado mecanizado de vala ou cava com compactador | E80: M3 | F80: =140*0.2+357*0.43+149*0.7 -> 285.81 | G80: 6.3 | H80: =IF(G80="","",ROUND(G80*(1+$I$2),2)) -> 7.88 | I80: =IF($B80="","",ROUND(F80*H80,2)) -> 2252.18 | J80: TUBO # 40 140*0,20 TUBO # 60 357 *0,43 TUBO # 80 149 * 0,70
A81: 3 | B81: CDHU | C81: 07.10.020 | D81: Espalhamento de solo em bota-fora com compactação sem controle | E81: M3 | F81: =F79-F80 -> 848.74 | G81: 6.89 | H81: =IF(G81="","",ROUND(G81*(1+$I$2),2)) -> 8.61 | I81: =IF($B81="","",ROUND(F81*H81,2)) -> 7307.65 | J81: difernça entre escavação e reaterro
A82: 4 | B82: CDHU | C82: 11.18.040 | D82: Lastro de pedra britada | E82: M3 | F82: =357*1.2*0.24+149*0.3 -> 147.516 | G82: 160.61 | H82: =IF(G82="","",ROUND(G82*(1+$I$2),2)) -> 200.76 | I82: =IF($B82="","",ROUND(F82*H82,2)) -> 29615.31 | J82: TUBO # 60 357 *0,24 TUBO # 80 149 * 0,30
A83: 5 | B83: CDHU | C83: 46.12.260 | D83: Tubo de concreto (PA-1), DN= 400mm | E83: M | F83: =(6*5)+(22*5) -> 140 | G83: 134.17 | H83: =IF(G83="","",ROUND(G83*(1+$I$2),2)) -> 167.71 | I83: =IF($B83="","",ROUND(F83*H83,2)) -> 23479.4 | J83: (6 * 5) + (22 * 5)
A84: 6 | B84: CDHU | C84: 46.12.150 | D84: Tubo de concreto (PA-2), DN= 600mm | E84: M | F84: =(15+45+45)+(40+40+40+44+32+31+25) -> 357 | G84: 200.81 | H84: =IF(G84="","",ROUND(G84*(1+$I$2),2)) -> 251.01 | I84: =IF($B84="","",ROUND(F84*H84,2)) -> 89610.57 | J84: (15 + 45 + 45 ) + (40 + 40 + 40+ 44+32+31+25 )
A85: 7 | B85: CDHU | C85: 46.12.160 | D85: Tubo de concreto (PA-2), DN= 800mm | E85: M | F85: =21+15+37+23+23+30 -> 149 | G85: 379.77 | H85: =IF(G85="","",ROUND(G85*(1+$I$2),2)) -> 474.71 | I85: =IF($B85="","",ROUND(F85*H85,2)) -> 70731.79 | J85: 21+15+37+23+23+30
A86: 8 | B86: CDHU | C86: 49.12.010 | D86: Boca de lobo simples tipo PMSP com tampa de concreto | E86: UN | F86: 28 | G86: 3220.76 | H86: =IF(G86="","",ROUND(G86*(1+$I$2),2)) -> 4025.95 | I86: =IF($B86="","",ROUND(F86*H86,2)) -> 112726.6 | J86: 28
A87: 9 | B87: CDHU | C87: 49.12.110 | D87: Poço de visita de 1,60 x 1,60 x 1,60 m - tipo PMSP | E87: UN | F87: 12 | G87: 5941.81 | H87: =IF(G87="","",ROUND(G87*(1+$I$2),2)) -> 7427.26 | I87: =IF($B87="","",ROUND(F87*H87,2)) -> 89127.12 | J87: 16
A88: 10 | B88: CDHU | C88: 49.12.120 | D88: Chaminé para poço de visita tipo PMSP em alvenaria, diâmetro interno 70 cm - pescoço | E88: M | F88: 12 | G88: 610.41 | H88: =IF(G88="","",ROUND(G88*(1+$I$2),2)) -> 763.01 | I88: =IF($B88="","",ROUND(F88*H88,2)) -> 9156.12 | J88: 16
A89: 11 | B89: CDHU | C89: 49.06.400 | D89: Tampão em ferro fundido, diâmetro de 600 mm, classe B 125 (ruptura > 125 kN) | E89: UN | F89: 12 | G89: 453.52 | H89: =IF(G89="","",ROUND(G89*(1+$I$2),2)) -> 566.9 | I89: =IF($B89="","",ROUND(F89*H89,2)) -> 6802.8 | J89: 16
A90: 12 | B90: CDHU | C90: COMP 03 | D90: Muro ALA, Base do Muro ALA ((1,38 m + 2,98 m) X 1,80 m comprimento), Altura chegada tubo (1,20 m) | E90: UN | F90: 1 | G90: 1417.46 | H90: =IF(G90="","",ROUND(G90*(1+$I$2),2)) -> 1771.83 | I90: =IF($B90="","",ROUND(F90*H90,2)) -> 1771.83
C92: 3.5 | D92: Elaboração de "As Built" | I92: =SUBTOTAL(9,I93:I93) -> 1107.58
A93: 1 | B93: CDHU | C93: 01.20.280 | D93: Levantamento planimétrico de área pavimentada para veículo e pedestre | E93: M2 | F93: =F70 -> 4815.55 | G93: 0.18 | H93: =IF(G93="","",ROUND(G93*(1+$I$2),2)) -> 0.23 | I93: =IF($B93="","",ROUND(F93*H93,2)) -> 1107.58 | J93: extraido do cad (fig 1) 4815,55
A96: TOTAL | I96: =SUBTOTAL(9,I7:I93) -> 4186838.4
A98: REPASSE CONVÊNIO NOSSA RUA | I98: 2000000
A100: CONTRA PARTIDA | I100: =I96-I98 -> 2186838.4
D103: Amparo, 18 de novembro de 2022
D107: Carlos Eduardo Mazzetto
D108: Eng. Civil SMDU
I113: =I98-I100 -> -186838.4
D115: pav. | E115: m2 | F115: =F70+F13+F41 -> 15653.99
D117: drenagem | E117: m | F117: =(F83+F84+F85)+(F54+F55)+(F26+F27) -> 1499

Sheet Composição_de_Serviços
B3: OBRA: Pavimentação das vias - Avenida Nossa Senhora do Amparo - Rua Natal Pitarello - Rua André Brambilla Vaccari
C4: PLANILHA ORÇAMENTÁRIA - COMPOSIÇÃO | E4: Com desoneração | G4: NÃO
B5: CDHU | C5: Versão 191 | E5: 0 | G5: AGOSTO/22
B6: FONTE | C6: CÓDIGO | D6: DESCRIÇÃO | E6: UNID. | F6: QUANT. | G6: VALOR UNIT. | H6: TOTAL
C7: 1.0 | D7: SERVIÇOS PRELIMINARES | H7: =SUBTOTAL(9,H8:H12) -> #N/A
B8: CDHU | C8: 0208040 | D8: =#N/A -> #N/A | E8: =#N/A -> #N/A | F8: 6 | G8: =#N/A -> #N/A | H8: =IF($B8="","",ROUND(F8*G8,2)) -> #N/A
H9: =IF($B9="","",ROUND(F9*G9,2))
B10: COMPOSIÇÃO | C10: 2.0 | D10: PAVIMENTO NOVO | E10: m² | F10: 1 | H10: =SUBTOTAL(9,H11:H15) -> #N/A | I10: COMPOSIÇÃO
B11: CDHU | C11: 5401030 | D11: =#N/A -> #N/A | E11: =#N/A -> #N/A | F11: 1 | G11: =#N/A -> #N/A | H11: =IF($B11="","",ROUND(F11*G11,2)) -> #N/A | I11: PAVIMENTAÇÃO ASFÁLTICA: Compreendendo abertura de caixa até 40 cm, regularização e compactação do subleito 95%PN, base de brita graduada (BGS - es.= 20 cm), imprimações e camada de rolamento asfáltico usinado a quente.(CXBUQ, esp. = 3 cm - acabado)
B12: CDHU | C12: 5401210 | D12: =#N/A -> #N/A | E12: =#N/A -> #N/A | F12: 0.2 | G12: =#N/A -> #N/A | H12: =IF($B12="","",ROUND(F12*G12,2)) -> #N/A
B13: CDHU | C13: 5403230 | D13: =#N/A -> #N/A | E13: =#N/A -> #N/A | F13: 1 | G13: =#N/A -> #N/A | H13: =IF($B13="","",ROUND(F13*G13,2)) -> #N/A
B14: CDHU | C14: 5403240 | D14: =#N/A -> #N/A | E14: =#N/A -> #N/A | F14: 1 | G14: =#N/A -> #N/A | H14: =IF($B14="","",ROUND(F14*G14,2)) -> #N/A
B15: CDHU | C15: 5403210 | D15: =#N/A -> #N/A | E15: =#N/A -> #N/A | F15: 0.03 | G15: =#N/A -> #N/A | H15: =IF($B15="","",ROUND(F15*G15,2)) -> #N/A
H16: =IF($B16="","",ROUND(F16*G16,2))
B17: COMPOSIÇÃO | C17: 3.0 | D17: RECAPEAMENTO ASFÁLTICO, SOBRE ASFÁLTO (3 CM DE CAPA ASFÁLTICA) | E17: m² | F17: 1 | H17: =SUBTOTAL(9,H18:H20) -> #N/A | I17: COMPOSIÇÃO
B18: CDHU | C18: 5401410 | D18: =#N/A -> #N/A | E18: =#N/A -> #N/A | F18: 1 | G18: =#N/A -> #N/A | H18: =IF($B18="","",ROUND(F18*G18,2)) -> #N/A | I18: RECAPEAMENTO ASFÁTICO: Compreendendo limpeza, imprimação e 3 cm (acabado) de CBUQ - Camada de rolamento asfáltico usinado a quente.
B19: CDHU | C19: 5403230 | D19: =#N/A -> #N/A | E19: =#N/A -> #N/A | F19: 1 | G19: =#N/A -> #N/A | H19: =IF($B19="","",ROUND(F19*G19,2)) -> #N/A
B20: CDHU | C20: 5403210 | D20: =#N/A -> #N/A | E20: =#N/A -> #N/A | F20: 0.03 | G20: =#N/A -> #N/A | H20: =IF($B20="","",ROUND(F20*G20,2)) -> #N/A
H21: =IF($B21="","",ROUND(F21*G21,2))
B22: COMPOSIÇÃO | C22: 4.0 | D22: RECAPEAMENTO ASFÁLTICO COM REGULARIZAÇÃO, SOBRE ASFÁLTO (3 CM DE CAPA ASFÁLTICA) | E22: m² | F22: 1 | H22: =SUBTOTAL(9,H23:H26) -> #N/A | I22: COMPOSIÇÃO
B23: CDHU | C23: 5401410 | D23: =#N/A -> #N/A | E23: =#N/A -> #N/A | F23: 1 | G23: =#N/A -> #N/A | H23: =IF($B23="","",ROUND(F23*G23,2)) -> #N/A | I23: RECAPEAMENTO ASFÁTICO: Compreendendo limpeza e regularização do pavimento existente com bider, imprimação e 3 cm (acabado) de CBUQ - Camada de rolamento asfáltico usinado a quente.
B24: CDHU | C24: 5403230 | D24: =#N/A -> #N/A | E24: =#N/A -> #N/A | F24: 1.15 | G24: =#N/A -> #N/A | H24: =IF($B24="","",ROUND(F24*G24,2)) -> #N/A
B25: CDHU | C25: 5403200 | D25: =#N/A -> #N/A | E25: =#N/A -> #N/A | F25: =ROUND(0.15*0.03,3) -> 0.005 | G25: =#N/A -> #N/A | H25: =IF($B25="","",ROUND(F25*G25,2)) -> #N/A
B26: CDHU | C26: 5403210 | D26: =#N/A -> #N/A | E26: =#N/A -> #N/A | F26: 0.03 | G26: =#N/A -> #N/A | H26: =IF($B26="","",ROUND(F26*G26,2)) -> #N/A
H27: =IF($B27="","",ROUND(F27*G27,2))
B28: COMPOSIÇÃO | C28: 5.0 | D28: RECAPEAMENTO ASFÁLTICO COM REGULARIZAÇÃO, SOBRE ASFÁLTO (4 CM DE CAPA ASFÁLTICA) | E28: m² | F28: 1 | H28: =SUBTOTAL(9,H29:H32) -> #N/A | I28: COMPOSIÇÃO
B29: CDHU | C29: 5401410 | D29: =#N/A -> #N/A | E29: =#N/A -> #N/A | F29: 1 | G29: =#N/A -> #N/A | H29: =IF($B29="","",ROUND(F29*G29,2)) -> #N/A
B30: CDHU | C30: 5403230 | D30: =#N/A -> #N/A | E30: =#N/A -> #N/A | F30: 1.15 | G30: =#N/A -> #N/A | H30: =IF($B30="","",ROUND(F30*G30,2)) -> #N/A | I30: RECAPEAMENTO ASFÁTICO: Compreendendo limpeza e regularização do pavimento existente com bider, imprimação e 4 cm (acabado) de CBUQ - Camada de rolamento asfáltico usinado a quente.
B31: CDHU | C31: 5403200 | D31: =#N/A -> #N/A | E31: =#N/A -> #N/A | F31: =ROUND(0.15*0.03,3) -> 0.005 | G31: =#N/A -> #N/A | H31: =IF($B31="","",ROUND(F31*G31,2)) -> #N/A
B32: CDHU | C32: 5403210 | D32: =#N/A -> #N/A | E32: =#N/A -> #N/A | F32: 0.04 | G32: =#N/A -> #N/A | H32: =IF($B32="","",ROUND(F32*G32,2)) -> #N/A
H33: =IF($B33="","",ROUND(F33*G33,2))
B34: COMPOSIÇÃO | C34: COMP 01 | D34: Guia/ Sarjeta, extrudada - Modelo GS 450 - Base 450 mm, Altura 220 mm | E34: M | F34: 1 | H34: =SUBTOTAL(9,H35:H37) -> 219.1 | I34: COMPOSIÇÃO
B35: CDHU | C35: 49.12.010 | D35: =IF($B35="","",VLOOKUP($C35,'CDHU 191'!$A$10:$AT$4489,3,0)) -> Boca de lobo simples tipo PMSP com tampa de concreto | E35: =IF($B35="","",VLOOKUP($C35,'CDHU 191'!$A$10:$AT$4489,4,0)) -> UN | F35: 0.055 | G35: =IF($B35="","",VLOOKUP($C35,'CDHU 191'!$A$10:$AT$4489,7,0)) -> 3275.26 | H35: =IF($B35="","",ROUND(F35*G35,2)) -> 180.14
B36: CDHU | C36: 11.01.630 | D36: =IF($B36="","",VLOOKUP($C36,'CDHU 191'!$A$10:$AT$4489,3,0)) -> Concreto usinado, fck = 25 MPa - para perfil extrudado | E36: =IF($B36="","",VLOOKUP($C36,'CDHU 191'!$A$10:$AT$4489,4,0)) -> M3 | F36: 0.055 | G36: =IF($B36="","",VLOOKUP($C36,'CDHU 191'!$A$10:$AT$4489,7,0)) -> 557.94 | H36: =IF($B36="","",ROUND(F36*G36,2)) -> 30.69
B37: CDHU | C37: 11.18.040 | D37: =IF($B37="","",VLOOKUP($C37,'CDHU 191'!$A$10:$AT$4489,3,0)) -> Lastro de pedra britada | E37: =IF($B37="","",VLOOKUP($C37,'CDHU 191'!$A$10:$AT$4489,4,0)) -> M3 | F37: 0.045 | G37: =IF($B37="","",VLOOKUP($C37,'CDHU 191'!$A$10:$AT$4489,7,0)) -> 183.8 | H37: =IF($B37="","",ROUND(F37*G37,2)) -> 8.27
B39: COMPOSIÇÃO | C39: 6.0 | D39: Guia pré-moldada e Sarjeta moldada no local (L= 30 cm esp. = 10 cm) | E39: m | F39: 1 | H39: =SUBTOTAL(9,H40:H42) -> #N/A | I39: COMPOSIÇÃO
B40: CDHU | C40: 5406040 | D40: =#N/A -> #N/A | E40: =#N/A -> #N/A | F40: 1 | G40: =#N/A -> #N/A | H40: =IF($B40="","",ROUND(F40*G40,2)) -> #N/A
B41: CDHU | C41: 5406170 | D41: =#N/A -> #N/A | E41: =#N/A -> #N/A | F41: =ROUND(F40*0.3*0.1,2) -> 0.03 | G41: =#N/A -> #N/A | H41: =IF($B41="","",ROUND(F41*G41,2)) -> #N/A
B42: CDHU | C42: 1118040 | D42: =#N/A -> #N/A | E42: =#N/A -> #N/A | F42: 0.045 | G42: =#N/A -> #N/A | H42: =IF($B42="","",ROUND(F42*G42,2)) -> #N/A
L44: =L27 -> 0
B49: COMPOSIÇÃO | C49: COMP 02 | D49: Rampa de acessibilidade, armada (Tela Pop-Q138) ((1,8+1,2+1,8)X1,2X0,10) | E49: UN | F49: 1 | H49: =SUBTOTAL(9,H50:H54) -> 891.46 | I49: COMPOSIÇÃO
B50: CDHU | C50: 07.02.020 | D50: =IF($B50="","",VLOOKUP($C50,'CDHU 191'!$A$10:$AT$4489,3,0)) -> Escavação mecanizada de valas ou cavas com profundidade de até 2 m | E50: =IF($B50="","",VLOOKUP($C50,'CDHU 191'!$A$10:$AT$4489,4,0)) -> M3 | F50: =F51+F52 -> 1.16 | G50: =IF($B50="","",VLOOKUP($C50,'CDHU 191'!$A$10:$AT$4489,7,0)) -> 11.01 | H50: =IF($B50="","",ROUND(F50*G50,2)) -> 12.77
B51: CDHU | C51: 11.18.040 | D51: =IF($B51="","",VLOOKUP($C51,'CDHU 191'!$A$10:$AT$4489,3,0)) -> Lastro de pedra britada | E51: =IF($B51="","",VLOOKUP($C51,'CDHU 191'!$A$10:$AT$4489,4,0)) -> M3 | F51: =F52 -> 0.58 | G51: =IF($B51="","",VLOOKUP($C51,'CDHU 191'!$A$10:$AT$4489,7,0)) -> 183.8 | H51: =IF($B51="","",ROUND(F51*G51,2)) -> 106.6
B52: CDHU | C52: 17.05.020 | D52: =IF($B52="","",VLOOKUP($C52,'CDHU 191'!$A$10:$AT$4489,3,0)) -> Piso com requadro em concreto simples sem controle de fck | E52: =IF($B52="","",VLOOKUP($C52,'CDHU 191'!$A$10:$AT$4489,4,0)) -> M3 | F52: =ROUND((1.8+1.8+1.2)*1.2*0.1,2) -> 0.58 | G52: =IF($B52="","",VLOOKUP($C52,'CDHU 191'!$A$10:$AT$4489,7,0)) -> 817.9 | H52: =IF($B52="","",ROUND(F52*G52,2)) -> 474.38
B53: CDHU | C53: 10.02.020 | D53: =IF($B53="","",VLOOKUP($C53,'CDHU 191'!$A$10:$AT$4489,3,0)) -> Armadura em tela soldada de aço | E53: =IF($B53="","",VLOOKUP($C53,'CDHU 191'!$A$10:$AT$4489,4,0)) -> KG | F53: =ROUND((1.8+1.8+1.2)*1.2*2.2,2) -> 12.67 | G53: =IF($B53="","",VLOOKUP($C53,'CDHU 191'!$A$10:$AT$4489,7,0)) -> 12.87 | H53: =IF($B53="","",ROUND(F53*G53,2)) -> 163.06
B54: CDHU | C54: 30.04.100 | D54: =IF($B54="","",VLOOKUP($C54,'CDHU 191'!$A$10:$AT$4489,3,0)) -> Piso tátil de concreto intertravado alerta / direcional, espessura de 6 cm, com rejunte em areia | E54: =IF($B54="","",VLOOKUP($C54,'CDHU 191'!$A$10:$AT$4489,4,0)) -> M2 | F54: =ROUND(1.2*3*0.25,2) -> 0.9 | G54: =IF($B54="","",VLOOKUP($C54,'CDHU 191'!$A$10:$AT$4489,7,0)) -> 149.61 | H54: =IF($B54="","",ROUND(F54*G54,2)) -> 134.65
B56: COMPOSIÇÃO | C56: COMP 03 | D56: Muro ALA, Base do Muro ALA ((1,38 m + 2,98 m) X 1,80 m comprimento), Altura chegada tubo (1,20 m) | E56: UN | F56: 1 | H56: =SUBTOTAL(9,H57:K65) -> 1391.03 | I56: COMPOSIÇÃO
B57: CDHU | C57: 07.02.020 | D57: =IF($B57="","",VLOOKUP($C57,'CDHU 191'!$A$10:$AT$4489,3,0)) -> Escavação mecanizada de valas ou cavas com profundidade de até 2 m | E57: =IF($B57="","",VLOOKUP($C57,'CDHU 191'!$A$10:$AT$4489,4,0)) -> M3 | F57: =ROUND(((2.9+1.38)*1.8/2)*(2/3),2) -> 2.57 | G57: =IF($B57="","",VLOOKUP($C57,'CDHU 191'!$A$10:$AT$4489,7,0)) -> 11.01 | H57: =IF($B57="","",ROUND(F57*G57,2)) -> 28.3
B58: CDHU | C58: 07.10.020 | D58: =IF($B58="","",VLOOKUP($C58,'CDHU 191'!$A$10:$AT$4489,3,0)) -> Espalhamento de solo em bota-fora com compactação sem controle | E58: =IF($B58="","",VLOOKUP($C58,'CDHU 191'!$A$10:$AT$4489,4,0)) -> M3 | F58: =F57 -> 2.57 | G58: =IF($B58="","",VLOOKUP($C58,'CDHU 191'!$A$10:$AT$4489,7,0)) -> 6.85 | H58: =IF($B58="","",ROUND(F58*G58,2)) -> 17.6
B59: CDHU | C59: 11.18.040 | D59: =IF($B59="","",VLOOKUP($C59,'CDHU 191'!$A$10:$AT$4489,3,0)) -> Lastro de pedra britada | E59: =IF($B59="","",VLOOKUP($C59,'CDHU 191'!$A$10:$AT$4489,4,0)) -> M3 | F59: =ROUND(((2.9+1.38)*1.8/2)*(0.03),2) -> 0.12 | G59: =IF($B59="","",VLOOKUP($C59,'CDHU 191'!$A$10:$AT$4489,7,0)) -> 183.8 | H59: =IF($B59="","",ROUND(F59*G59,2)) -> 22.06
B60: CDHU | C60: 17.05.020 | D60: =IF($B60="","",VLOOKUP($C60,'CDHU 191'!$A$10:$AT$4489,3,0)) -> Piso com requadro em concreto simples sem controle de fck | E60: =IF($B60="","",VLOOKUP($C60,'CDHU 191'!$A$10:$AT$4489,4,0)) -> M3 | F60: =ROUND((((2.9+1.38)*1.8/2)*(0.1))+2.9*0.3*0.2,2) -> 0.56 | G60: =IF($B60="","",VLOOKUP($C60,'CDHU 191'!$A$10:$AT$4489,7,0)) -> 817.9 | H60: =IF($B60="","",ROUND(F60*G60,2)) -> 458.02
B61: CDHU | C61: 10.02.020 | D61: =IF($B61="","",VLOOKUP($C61,'CDHU 191'!$A$10:$AT$4489,3,0)) -> Armadura em tela soldada de aço | E61: =IF($B61="","",VLOOKUP($C61,'CDHU 191'!$A$10:$AT$4489,4,0)) -> KG | F61: =ROUND((((2.9+1.38)*1.8/2)*(2.2))+2.9*0.3*0.2*80,2) -> 22.39 | G61: =IF($B61="","",VLOOKUP($C61,'CDHU 191'!$A$10:$AT$4489,7,0)) -> 12.87 | H61: =IF($B61="","",ROUND(F61*G61,2)) -> 288.16
B62: CDHU | C62: 14.10.101 | D62: =IF($B62="","",VLOOKUP($C62,'CDHU 191'!$A$10:$AT$4489,3,0)) -> Alvenaria de bloco de concreto de vedação de 9 x 19 x 39 cm - classe C | E62: =IF($B62="","",VLOOKUP($C62,'CDHU 191'!$A$10:$AT$4489,4,0)) -> M2 | F62: =ROUND(1.38*1.1+1.53*0.65*2,2) -> 3.51 | G62: =IF($B62="","",VLOOKUP($C62,'CDHU 191'!$A$10:$AT$4489,7,0)) -> 68.42 | H62: =IF($B62="","",ROUND(F62*G62,2)) -> 240.15
B63: CDHU | C63: 17.02.020 | D63: =IF($B63="","",VLOOKUP($C63,'CDHU 191'!$A$10:$AT$4489,3,0)) -> Chapisco | E63: =IF($B63="","",VLOOKUP($C63,'CDHU 191'!$A$10:$AT$4489,4,0)) -> M2 | F63: =ROUND(F62*2,2) -> 7.02 | G63: =IF($B63="","",VLOOKUP($C63,'CDHU 191'!$A$10:$AT$4489,7,0)) -> 6.38 | H63: =IF($B63="","",ROUND(F63*G63,2)) -> 44.79
B64: CDHU | C64: 17.02.120 | D64: =IF($B64="","",VLOOKUP($C64,'CDHU 191'!$A$10:$AT$4489,3,0)) -> Emboço comum | E64: =IF($B64="","",VLOOKUP($C64,'CDHU 191'!$A$10:$AT$4489,4,0)) -> M2 | F64: =F63 -> 7.02 | G64: =IF($B64="","",VLOOKUP($C64,'CDHU 191'!$A$10:$AT$4489,7,0)) -> 20.92 | H64: =IF($B64="","",ROUND(F64*G64,2)) -> 146.86
B65: CDHU | C65: 11.05.040 | D65: =IF($B65="","",VLOOKUP($C65,'CDHU 191'!$A$10:$AT$4489,3,0)) -> Argamassa graute | E65: =IF($B65="","",VLOOKUP($C65,'CDHU 191'!$A$10:$AT$4489,4,0)) -> M3 | F65: =ROUND(1.3*0.14*2,2) -> 0.36 | G65: =IF($B65="","",VLOOKUP($C65,'CDHU 191'!$A$10:$AT$4489,7,0)) -> 403.04 | H65: =IF($B65="","",ROUND(F65*G65,2)) -> 145.09
H66: =IF($B66="","",ROUND(F66*G66,2))
H67: =IF($B67="","",ROUND(F67*G67,2))
B312: COMPOSIÇÃO | C312: COMP 04 | D312: Rampa de acessibilidade, armada (Tela Pop-Q138) (((2,2+1,2)X1,8)/2)X0,10) | E312: UN | F312: 1 | H312: =SUBTOTAL(9,H313:H317) -> 438.15 | I312: COMPOSIÇÃO
B313: CDHU | C313: 07.02.020 | D313: Escavação mecanizada de valas ou cavas com profundidade de até 2 m | E313: M3 | F313: =F314+F315 -> 0.62 | G313: 11.3 | H313: =IF($B313="","",ROUND(F313*G313,2)) -> 7.01
B314: CDHU | C314: 11.18.040 | D314: Lastro de pedra britada | E314: M3 | F314: =F315 -> 0.31 | G314: 160.61 | H314: =IF($B314="","",ROUND(F314*G314,2)) -> 49.79
B315: CDHU | C315: 17.05.020 | D315: Piso com requadro em concreto simples sem controle de fck | E315: M3 | F315: =ROUND(((2.2+1.2)*1.8/2)*0.1,2) -> 0.31 | G315: 801.37 | H315: =IF($B315="","",ROUND(F315*G315,2)) -> 248.42
B316: CDHU | C316: 10.02.020 | D316: Armadura em tela soldada de aço | E316: KG | F316: =ROUND((((2.2+1.2)*1.8)/2)*2.2,2) -> 6.73 | G316: 15.48 | H316: =IF($B316="","",ROUND(F316*G316,2)) -> 104.18
B317: CDHU | C317: 30.04.100 | D317: Piso tátil de concreto, alerta / direcional, intertravado, espessura de 6 cm, com rejunte em areia | E317: M2 | F317: =ROUND(1.2*0.25,2) -> 0.3 | G317: 95.82 | H317: =IF($B317="","",ROUND(F317*G317,2)) -> 28.75
B319: COMPOSIÇÃO | C319: COMP 05 | D319: Lombada - altura 8 cm, conforme projeto | E319: M | F319: 1 | H319: =SUBTOTAL(9,H320:H321) -> 147.84 | I319: COMPOSIÇÃO
B320: CDHU | C320: 54.03.230 | D320: Imprimação betuminosa ligante | E320: M2 | F320: 1.5 | G320: 7.78 | H320: =IF($B320="","",ROUND(F320*G320,2)) -> 11.67
B321: CDHU | C321: 54.03.210 | D321: Camada de rolamento em concreto betuminoso usinado quente - CBUQ | E321: M3 | F321: 0.08 | G321: 1702.15 | H321: =IF($B321="","",ROUND(F321*G321,2)) -> 136.17
